Workbook
Name grades: УПИТНИК!$O$13:$S$13

Sheet УПИТНИК
C3: Назив јавног предузећа | E3: ЈАВНО КОМУНАЛНО ПРЕДУЗЕЋЕ"7.ОКТОБАР"
C5: Датум | E5: 27.11.2023.
C7: Крајња оцена
C8: =($X$23*$I$13)+($X$39*$I$25)+($X$50*$I$42)+($X$63*$I$53)+($X$73*$I$65)+($X$89*$I$75)+($X$97*$I$91) -> 0.59959167
E10: (1) | G10: (2) | I10: (3) | K10: (4) | M10: (5)
E11: Главна оцена | G11: Међу-оцена | I11: Тежински фактор (пондер), % | K11: Појединачна оцена (у %) | M11: Коментари
T12: ○
I13: 0.15 | M13: Напомена: Уколико су одговори из одељка различити, појединачно их навести у поље "коментари". | O13: Не постоји пракса | P13: Пракса у формирању | Q13: У развијању | R13: Развијена пракса | S13: Најбоља пракса | T13: ◔ | U13: ◑ | V13: ◕ | W13: ●
B15: А.1. | C15: Оквир корпоративног управљања: 1.1) Оснивачким актом/ Статутом предузећа* успостављене су одговарајуће структуре и процеси корпоративног управљања; 1.2) Предузеће има усвојен етички кодекс (уколико има, у поље коментари написати ко га доноси и ко је задужен за примену истог); Етички кодекс дефинише скуп правила понашања која су прихватљива, односно неприхватљива; етички кодекс, посебно јасно забрањује поступања која могу довести предузеће у сферу недозвољених и незаконитих радњи; 1.3) Предузеће има усвојен кодекс корпоративног управљања (уколико има, у поље коментари написати ко га доноси и ко је задужен за примену истих); | E15: Пракса у формирању | G15: ◔ | I15: 25 | K15: =X15 -> 0.063 | M15: Коментари: | O15: =IF(E15=$O$13,0%,0) -> 0 | P15: =IF(E15=$P$13,6.3%,0) -> 0.063 | Q15: =IF(E15=$Q$13,31.3%,0) -> 0 | R15: =IF(E15=$R$13,56.3%,0) -> 0 | S15: =IF(E15=$S$13,81.3%,0) -> 0 | T15: =IF($G15=T$13,0%,0) -> 0 | U15: =IF($G15=U$13,6.3%,0) -> 0 | V15: =IF($G15=V$13,12.5%,0) -> 0 | W15: =IF($G15=W$13,18.8%,0) -> 0 | X15: =IF(E15=$O$13,0,(I15*(SUM(O15:S15)+SUM(T15:W15)))/I15) -> 0.063
B17: А.2. | C17: Функције корпоративног управљања: 2.1) Предузеће има формално уређене процедуре који регулишу сукобе интереса и уређен процес којим се обезбеђује примена ових процедура; 2.2) У предузећу постоји лице/одељење које се стара о раду, седницама, писању аката, организацији рада надзорног одбора/скупштине. | E17: У развијању | G17: ◑ | I17: 35 | K17: =X17 -> 0.376 | M17: Коментари: | O17: =IF(E17=$O$13,0%,0) -> 0 | P17: =IF(E17=$P$13,6.3%,0) -> 0 | Q17: =IF(E17=$Q$13,31.3%,0) -> 0.313 | R17: =IF(E17=$R$13,56.3%,0) -> 0 | S17: =IF(E17=$S$13,81.3%,0) -> 0 | T17: =IF($G17=T$13,0%,0) -> 0 | U17: =IF($G17=U$13,6.3%,0) -> 0.063 | V17: =IF($G17=V$13,12.5%,0) -> 0 | W17: =IF($G17=W$13,18.8%,0) -> 0 | X17: =IF(E17=$O$13,0,(I17*(SUM(O17:S17)+SUM(T17:W17)))/I17) -> 0.376
B19: А.3. | C19: Програм за унапређење корпоративног управљања: 3.1) Предузеће је усвојило/спроводи програм за унапређење принципа и процедура корпоративног управљања. 3.2) Програм обухвата анализу снаге и слабости корпоративног управљања у предузећу, укључујући примену мера, предложене временске рокове и јасну поделу одговорности. | E19: У развијању | G19: ◑ | I19: 20 | K19: =X19 -> 0.376 | M19: Коментари: | O19: =IF(E19=$O$13,0%,0) -> 0 | P19: =IF(E19=$P$13,6.3%,0) -> 0 | Q19: =IF(E19=$Q$13,31.3%,0) -> 0.313 | R19: =IF(E19=$R$13,56.3%,0) -> 0 | S19: =IF(E19=$S$13,81.3%,0) -> 0 | T19: =IF($G19=T$13,0%,0) -> 0 | U19: =IF($G19=U$13,6.3%,0) -> 0.063 | V19: =IF($G19=V$13,12.5%,0) -> 0 | W19: =IF($G19=W$13,18.8%,0) -> 0 | X19: =IF(E19=$O$13,0,(I19*(SUM(O19:S19)+SUM(T19:W19)))/I19) -> 0.376
B21: А.4. | C21: Обавештавање о питањима корпоративног управљања унутар предузећа и заинтересованих актера: 4.1) Предузеће обавештава интерне стране унутар предузећа и спољне заинтересоване стране о циљевима пословања,праксама и активностима које се односе на корпоративно управљање. 4.2) Предузеће има јасне процедуре путем којих запослени могу писменим или усменим путем да изнесу оправдану сумњу и доказ ако су уочили било какву незаконитост у пословању. | E21: Развијена пракса | G21: ◕ | I21: 20 | K21: =X21 -> 0.688 | M21: Коментари: | O21: =IF(E21=$O$13,0%,0) -> 0 | P21: =IF(E21=$P$13,6.3%,0) -> 0 | Q21: =IF(E21=$Q$13,31.3%,0) -> 0 | R21: =IF(E21=$R$13,56.3%,0) -> 0.563 | S21: =IF(E21=$S$13,81.3%,0) -> 0 | T21: =IF($G21=T$13,0%,0) -> 0 | U21: =IF($G21=U$13,6.3%,0) -> 0 | V21: =IF($G21=V$13,12.5%,0) -> 0.125 | W21: =IF($G21=W$13,18.8%,0) -> 0 | X21: =IF(E21=$O$13,0,(I21*(SUM(O21:S21)+SUM(T21:W21)))/I21) -> 0.688
C22: *У овом упитнику појам: "предузеће" се односи на све привредне субјекте на које се примењују Смернице за израду годишњег програма пословања за 2024. годину, односно трогодишњег програма пословања за период 2024 - 2026. године јавних предузећа и других облика организовања који обављају делатност од општег интереса.
I23: =SUM(I15:I21) -> 100 | K23: =X23 -> 0.37575 | X23: =AVERAGE(X15:X21) -> 0.37575
I25: 0.2 | O25: 1 | P25: 2 | Q25: 3 | R25: 4 | S25: 4
B27: Б.1 | C27: Састав: 1.1) Надзорни одбор (НО)/Скупштина друштва припрема и утврђује стратегију предузећа и надзире рад менаџмента тј. директора; 1.2) У предузећу су уређене интерне писане процедуре за чланове НО/Скупштине којим је утврђена обавеза да након ступања на функцију познају основне и стратешке акте, структуру организације и корпоративног управљања, одговорности и обавезе предузећа; 1.3) Лица у НО/Скупштини имају формално знање и искуство у области привредног сектора и корпоративног управљања; 1.4) Лица у НО/Скупштини имају континуирану додатну едукацију из области корпоративног управљања. | E27: Развијена пракса | G27: ◕ | I27: 20 | K27: =X27 -> 0.688 | M27: Коментари: | O27: =IF(E27=$O$13,0%,0) -> 0 | P27: =IF(E27=$P$13,6.3%,0) -> 0 | Q27: =IF(E27=$Q$13,31.3%,0) -> 0 | R27: =IF(E27=$R$13,56.3%,0) -> 0.563 | S27: =IF(E27=$S$13,81.3%,0) -> 0 | T27: =IF($G27=T$13,0%,0) -> 0 | U27: =IF($G27=U$13,6.3%,0) -> 0 | V27: =IF($G27=V$13,12.5%,0) -> 0.125 | W27: =IF($G27=W$13,18.8%,0) -> 0 | X27: =IF(E27=$O$13,0,(I27*(SUM(O27:S27)+SUM(T27:W27)))/I27) -> 0.688
B29: Б.2. | C29: Рад НО/Скупштине: 2.1) У предузећу постоји годишњи унапред дефинисани календар седница НО/Скупштине; 2.2) Дневни ред састанака и одговарајући пратећи материјал достављају се члановима НО/Скупштине довољно унапред како би могли да доносе одлуке; 2.3) Председник одбора је одговоран за ефикасност рада одбора и, кад је то потребно, у сарадњи с другим члановима одбора омогућава комуникацију са надлежним државним органом; | E29: Развијена пракса | G29: ◕ | I29: 20 | K29: =X29 -> 0.688 | M29: Коментари: | O29: =IF(E29=$O$13,0%,0) -> 0 | P29: =IF(E29=$P$13,6.3%,0) -> 0 | Q29: =IF(E29=$Q$13,31.3%,0) -> 0 | R29: =IF(E29=$R$13,56.3%,0) -> 0.563 | S29: =IF(E29=$S$13,81.3%,0) -> 0 | T29: =IF($G29=T$13,0%,0) -> 0 | U29: =IF($G29=U$13,6.3%,0) -> 0 | V29: =IF($G29=V$13,12.5%,0) -> 0.125 | W29: =IF($G29=W$13,18.8%,0) -> 0 | X29: =IF(E29=$O$13,0,(I29*(SUM(O29:S29)+SUM(T29:W29)))/I29) -> 0.688
B31: Б.3. | C31: Надлежности: 3.1) Сви чланови НО/Скупштине су активно укључени у сва важна питања, редовно информисани о значајним променама у пословању предузећа и спољном окружењу и поступају у најбољем интересу предузећа; 3.2) НО/Скупштина одобрава, прати и контролише стратегију у оквиру циљева предузећа и индикатора учинка; 3.3) НО/Скупштина идентификује кључне ризике и разрађује и надгледа делотворне политике и процедуре управљања финансијским и оперативним ризицима, али и ризицима који су везани за питања људских права, рада и животне средине; учествује у доношењу плана пословања од почетка процедуре. | E31: Развијена пракса | G31: ◕ | I31: 20 | K31: =X31 -> 0.688 | M31: Коментари: | O31: =IF(E31=$O$13,0%,0) -> 0 | P31: =IF(E31=$P$13,6.3%,0) -> 0 | Q31: =IF(E31=$Q$13,31.3%,0) -> 0 | R31: =IF(E31=$R$13,56.3%,0) -> 0.563 | S31: =IF(E31=$S$13,81.3%,0) -> 0 | T31: =IF($G31=T$13,0%,0) -> 0 | U31: =IF($G31=U$13,6.3%,0) -> 0 | V31: =IF($G31=V$13,12.5%,0) -> 0.125 | W31: =IF($G31=W$13,18.8%,0) -> 0 | X31: =IF(E31=$O$13,0,(I31*(SUM(O31:S31)+SUM(T31:W31)))/I31) -> 0.688
B33: Б.4. | C33: Комисија за ревизију НО**: 4.1) НО има Комисију за ревизију која је састављена је у складу са законом, а чланови комисије имају знања у области финансија и независни члан НО је председник Комисије; 4.2) Комисија за ревизију има пословник или одговарајући акт који јасно дефинише њене надлежности, делокруг рада и радне процедуре. | E33: Не постоји пракса | G33: ○ | I33: 20 | K33: =X33 -> 0 | M33: НО нема комисију за ревизију | O33: =IF(E33=$O$13,0%,0) -> 0 | P33: =IF(E33=$P$13,6.3%,0) -> 0 | Q33: =IF(E33=$Q$13,31.3%,0) -> 0 | R33: =IF(E33=$R$13,56.3%,0) -> 0 | S33: =IF(E33=$S$13,81.3%,0) -> 0 | T33: =IF($G33=T$13,0%,0) -> 0 | U33: =IF($G33=U$13,6.3%,0) -> 0 | V33: =IF($G33=V$13,12.5%,0) -> 0 | W33: =IF($G33=W$13,18.8%,0) -> 0 | X33: =IF(E33=$O$13,0,(I33*(SUM(O33:S33)+SUM(T33:W33)))/I33) -> 0
B35: Б.5 | C35: Управљање накнадама/зарадама: 5.1) НО/Скупштина управља процесом утврђивања висине накнада; 5.2) Надзорни одбор је надлежан за примену система тј. плана зарада у целом предузећу, активно надгледа концепт и делотворност система зарада, прати и контролише његову примену. | E35: Развијена пракса | G35: ◕ | I35: 10 | K35: =X35 -> 0.688 | M35: Коментари: | O35: =IF(E35=$O$13,0%,0) -> 0 | P35: =IF(E35=$P$13,6.3%,0) -> 0 | Q35: =IF(E35=$Q$13,31.3%,0) -> 0 | R35: =IF(E35=$R$13,56.3%,0) -> 0.563 | S35: =IF(E35=$S$13,81.3%,0) -> 0 | T35: =IF($G35=T$13,0%,0) -> 0 | U35: =IF($G35=U$13,6.3%,0) -> 0 | V35: =IF($G35=V$13,12.5%,0) -> 0.125 | W35: =IF($G35=W$13,18.8%,0) -> 0 | X35: =IF(E35=$O$13,0,(I35*(SUM(O35:S35)+SUM(T35:W35)))/I35) -> 0.688
B37: Б.6. | C37: Оцена рада и обука: 6.1) НО/Скупштина врши оцењивање свог укупног учинка. Резултати оцењивања су основа за конкретне предлоге за побољшање њиховог рада, као и за дефинисање области у којима би требало да добије даљу обуку; 6.2) Уводна обука организује се за корпоративно управљање за нове чланове, док се текућа обука организује према потреби, укључујући обуку о управљању и развоју. | E37: Не постоји пракса | G37: ○ | I37: 10 | K37: =X37 -> 0 | M37: Не постоји скупштина друштва капитала | O37: =IF(E37=$O$13,0%,0) -> 0 | P37: =IF(E37=$P$13,6.3%,0) -> 0 | Q37: =IF(E37=$Q$13,31.3%,0) -> 0 | R37: =IF(E37=$R$13,56.3%,0) -> 0 | S37: =IF(E37=$S$13,81.3%,0) -> 0 | T37: =IF($G37=T$13,0%,0) -> 0 | U37: =IF($G37=U$13,6.3%,0) -> 0 | V37: =IF($G37=V$13,12.5%,0) -> 0 | W37: =IF($G37=W$13,18.8%,0) -> 0 | X37: =IF(E37=$O$13,0,(I37*(SUM(O37:S37)+SUM(T37:W37)))/I37) -> 0
C38: * Овај одељак се односи на рад Надзорног одбора јавног предузећа и Скупштине друштва капитала, односно Надзорног одбора друштва капитала у дводомном систему управљања. **Питање се односи на Комисију за ревизију НО јавних предузећа и друштава капитала сходно Закону о привредним друштвима.
I39: =SUM(I27:I37) -> 100 | K39: =X39 -> 0.45866667 | X39: =AVERAGE(X27:X37) -> 0.45866667
I42: 0.15
B44: В.1. | C44: Састав и надлежности: 1.1) Структура и рад пословодства предузећа (директор и извршни директори/одбор директора) обезбеђује да се активности предузећа спроводе у складу с пословном стратегијом; 1.2) Пословодство благовремено делегира задужења запосленима и одређује руководећу структуру задужену за промовисање одговорности и транспарентности рада. | E44: Развијена пракса | G44: ◕ | I44: 35 | K44: =X44 -> 0.688 | M44: Коментари: | O44: =IF(E44=$O$13,0%,0) -> 0 | P44: =IF(E44=$P$13,6.3%,0) -> 0 | Q44: =IF(E44=$Q$13,31.3%,0) -> 0 | R44: =IF(E44=$R$13,56.3%,0) -> 0.563 | S44: =IF(E44=$S$13,81.3%,0) -> 0 | T44: =IF($G44=T$13,0%,0) -> 0 | U44: =IF($G44=U$13,6.3%,0) -> 0 | V44: =IF($G44=V$13,12.5%,0) -> 0.125 | W44: =IF($G44=W$13,18.8%,0) -> 0 | X44: =IF(E44=$O$13,0,(I44*(SUM(O44:S44)+SUM(T44:W44)))/I44) -> 0.688
B46: В.2. | C46: Организација: 2.1) Пословодство утврђује и усмерава укупну организациону структуру предузећа и њен развој; 2.2) Пословодство се стара да структура (и целине које чине ту структуру) буде адекватна, односно да не буде непотребно или непримерено сложена. | E46: Развијена пракса | G46: ◕ | I46: 35 | K46: =X46 -> 0.688 | M46: Коментари: | O46: =IF(E46=$O$13,0%,0) -> 0 | P46: =IF(E46=$P$13,6.3%,0) -> 0 | Q46: =IF(E46=$Q$13,31.3%,0) -> 0 | R46: =IF(E46=$R$13,56.3%,0) -> 0.563 | S46: =IF(E46=$S$13,81.3%,0) -> 0 | T46: =IF($G46=T$13,0%,0) -> 0 | U46: =IF($G46=U$13,6.3%,0) -> 0 | V46: =IF($G46=V$13,12.5%,0) -> 0.125 | W46: =IF($G46=W$13,18.8%,0) -> 0 | X46: =IF(E46=$O$13,0,(I46*(SUM(O46:S46)+SUM(T46:W46)))/I46) -> 0.688
B48: В.3. | C48: Однос са НО/Скупштином и Оснивачем: 3.1) Комуникација пословодства са НО/Скупштином се обавља на професионалан и конструктиван начин; 3.2) Пословодство даје НО/Скупштини информације потребне за рад; 3.3) Пословодство обезбеђује неопходне информације Оснивачу како би они били адекватно информисани о предузећу, његовим стратешким циљевима и плановима. | E48: Најбоља пракса | G48: ● | I48: 30 | K48: =X48 -> 1.001 | M48: Коментари: | O48: =IF(E48=$O$13,0%,0) -> 0 | P48: =IF(E48=$P$13,6.3%,0) -> 0 | Q48: =IF(E48=$Q$13,31.3%,0) -> 0 | R48: =IF(E48=$R$13,56.3%,0) -> 0 | S48: =IF(E48=$S$13,81.3%,0) -> 0.813 | T48: =IF($G48=T$13,0%,0) -> 0 | U48: =IF($G48=U$13,6.3%,0) -> 0 | V48: =IF($G48=V$13,12.5%,0) -> 0 | W48: =IF($G48=W$13,18.8%,0) -> 0.188 | X48: =IF(E48=$O$13,0,(I48*(SUM(O48:S48)+SUM(T48:W48)))/I48) -> 1.001
I50: =SUM(I44:I48) -> 100 | K50: =X50 -> 0.79233333 | X50: =AVERAGE(X43:X48) -> 0.79233333
I53: 0.15 | O53: 1 | P53: 2 | Q53: 3 | R53: 4 | S53: 4
B55: Г.1. | C55: Комерцијални и друштвени циљеви предузећа: 1.1) Циљ предузећа је јасно идентификован као 1) друштвени (нпр. обављање делатности од општег интереса) 2) комерцијални (уколико постоје) или 3) мешовити (комерцијално-друштвени). Ови циљеви су доступни и јавни; 1.2) Постоје јасни и разумљиви процеси у вези са дефинисањем комерцијалних циљева, укључујући анализу сектора у коме предузеће послује и друге економске анализе општег карактера. | E55: Развијена пракса | G55: ◕ | I55: 35 | K55: =X55 -> 0.688 | M55: Коментари: | O55: =IF(E55=$O$13,0%,0) -> 0 | P55: =IF(E55=$P$13,6.3%,0) -> 0 | Q55: =IF(E55=$Q$13,31.3%,0) -> 0 | R55: =IF(E55=$R$13,56.3%,0) -> 0.563 | S55: =IF(E55=$S$13,81.3%,0) -> 0 | T55: =IF($G55=T$13,0%,0) -> 0 | U55: =IF($G55=U$13,6.3%,0) -> 0 | V55: =IF($G55=V$13,12.5%,0) -> 0.125 | W55: =IF($G55=W$13,18.8%,0) -> 0 | X55: =IF(E55=$O$13,0,(I55*(SUM(O55:S55)+SUM(T55:W55)))/I55) -> 0.688
B57: Г.2. | C57: Процедуре: 2.1) Предузеће има јасно идентификоване процедуре за финансирање својих комерцијалних и друштвених циљева. Комерцијални циљеви се финансирају из средстава, односно капитала предузећа; 2.2) Предузеће у финансијским извештајима на адекватан начин вреднује и информише о трошковима друштвених активности тј. циљева. Трошкови испуњавања друштвених циљева предузећа вреднују се на основу међународно прихваћених књиговодствених, финансијских и економских техника и одвојено се приказују у финансијским извештајима. | E57: Развијена пракса | G57: ◕ | I57: 30 | K57: =X57 -> 0.688 | M57: Коментари: | O57: =IF(E57=$O$13,0%,0) -> 0 | P57: =IF(E57=$P$13,6.3%,0) -> 0 | Q57: =IF(E57=$Q$13,31.3%,0) -> 0 | R57: =IF(E57=$R$13,56.3%,0) -> 0.563 | S57: =IF(E57=$S$13,81.3%,0) -> 0 | T57: =IF($G57=T$13,0%,0) -> 0 | U57: =IF($G57=U$13,6.3%,0) -> 0 | V57: =IF($G57=V$13,12.5%,0) -> 0.125 | W57: =IF($G57=W$13,18.8%,0) -> 0 | X57: =IF(E57=$O$13,0,(I57*(SUM(O57:S57)+SUM(T57:W57)))/I57) -> 0.688
B59: Г.3. | C59: Финансирање: 3.1) У финансијским извештајима предузећа одвојено се извештава о ефектима који се остварују кроз давања Оснивача као што је финансирање тј. субвенционисање, давање обезбеђења (укључујући гаранције, јемства, авале) за комерцијалне активности предузећа. 3.2) Предузећа се суочавају с условима који владају на тржишту када је реч о приступу финансирању дуга и капитала. Односи предузећа са финансијским институцијама, као и са нефинансијским државним предузећима, засновани су на чисто комерцијалним односима, а предузећа не добијају никакву индиректну финансијску подршку или предност у односу на приватна предузећа, као што је на пример преференцијално финансирање, одложено плаћање пореза или преференцијални трговински кредити од других државних предузећа. | E59: Најбоља пракса | G59: ● | I59: 20 | K59: =X59 -> 1.001 | M59: Коментари: | O59: =IF(E59=$O$13,0%,0) -> 0 | P59: =IF(E59=$P$13,6.3%,0) -> 0 | Q59: =IF(E59=$Q$13,31.3%,0) -> 0 | R59: =IF(E59=$R$13,56.3%,0) -> 0 | S59: =IF(E59=$S$13,81.3%,0) -> 0.813 | T59: =IF($G59=T$13,0%,0) -> 0 | U59: =IF($G59=U$13,6.3%,0) -> 0 | V59: =IF($G59=V$13,12.5%,0) -> 0 | W59: =IF($G59=W$13,18.8%,0) -> 0.188 | X59: =IF(E59=$O$13,0,(I59*(SUM(O59:S59)+SUM(T59:W59)))/I59) -> 1.001
B61: Г.4. | C61: Професионалан избор финансијског директора: 4.1) Предузеће има јасну процедуру (у оквиру сектора људских ресурса) о успостављању комисије која именује/бира финансијског директора; 4.2) Предузеће има јасну политику која обезбеђује да се у процесу избора финансијског директора оцењује интегритет, стратешко размишљање и знање из области финансија свих потенцијалних кандидата. | E61: Не постоји пракса | G61: ○ | I61: 15 | K61: =X61 -> 0 | M61: Немамо праксу за избор финансијског директора | O61: =IF(E61=$O$13,0%,0) -> 0 | P61: =IF(E61=$P$13,6.3%,0) -> 0 | Q61: =IF(E61=$Q$13,31.3%,0) -> 0 | R61: =IF(E61=$R$13,56.3%,0) -> 0 | S61: =IF(E61=$S$13,81.3%,0) -> 0 | T61: =IF($G61=T$13,0%,0) -> 0 | U61: =IF($G61=U$13,6.3%,0) -> 0 | V61: =IF($G61=V$13,12.5%,0) -> 0 | W61: =IF($G61=W$13,18.8%,0) -> 0 | X61: =IF(E61=$O$13,0,(I61*(SUM(O61:S61)+SUM(T61:W61)))/I61) -> 0
I63: =SUM(I55:I62) -> 100 | K63: =X63 -> 0.59425 | X63: =AVERAGE(X55:X62) -> 0.59425
I65: 0.1 | O65: 1 | P65: 2 | Q65: 3 | R65: 4 | S65: 4
B67: Д.1. | C67: Јавност у раду: 1.1) предузеће објављује и редовно ажурира информације на својој интернет страници у складу са законом: 1) радне биографије чланова надзорног одбора, директора и извршних директора; 2) организациону структуру; 3) годишњи, односно трогодишњи програм пословања, као и све његове измене и допуне, односно извод из тог програма ако јавно предузеће има конкуренцију на тржишту; 4) тромесечне извештаје о реализацији годишњег, односно трогодишњег програма пословања; 5) годишњи финансијски извештај са мишљењем овлашћеног ревизора; 6) друге информације од значаја за јавност (уколико их има, описати укратко у поље: коментари). | E67: Развијена пракса | G67: ◕ | I67: 35 | K67: =X67 -> 0.688 | M67: информације о привремни прекидима снабдевања, обавештења о променама цена услуга, план јавних набавки, лицитација код продаје опреме, закупа пијачног простора ... | O67: =IF(E67=$O$13,0%,0) -> 0 | P67: =IF(E67=$P$13,6.3%,0) -> 0 | Q67: =IF(E67=$Q$13,31.3%,0) -> 0 | R67: =IF(E67=$R$13,56.3%,0) -> 0.563 | S67: =IF(E67=$S$13,81.3%,0) -> 0 | T67: =IF($G67=T$13,0%,0) -> 0 | U67: =IF($G67=U$13,6.3%,0) -> 0 | V67: =IF($G67=V$13,12.5%,0) -> 0.125 | W67: =IF($G67=W$13,18.8%,0) -> 0 | X67: =IF(E67=$O$13,0,(I67*(SUM(O67:S67)+SUM(T67:W67)))/I67) -> 0.688
B69: Д.2. | C69: Транспаретност за остале заинтересоване стране: 2.1) Садржај на интернет страници предузећа је разумљив и до информација се може једноставно приступити; 2.2) Предузеће обелодањује информације о финансијским и оперативним ризицима, а када је то релевантно и информације које су од материјалног значаја за предузеће. | E69: Најбоља пракса | G69: ● | I69: 35 | K69: =X69 -> 1.001 | M69: Коментари: | O69: =IF(E69=$O$13,0%,0) -> 0 | P69: =IF(E69=$P$13,6.3%,0) -> 0 | Q69: =IF(E69=$Q$13,31.3%,0) -> 0 | R69: =IF(E69=$R$13,56.3%,0) -> 0 | S69: =IF(E69=$S$13,81.3%,0) -> 0.813 | T69: =IF($G69=T$13,0%,0) -> 0 | U69: =IF($G69=U$13,6.3%,0) -> 0 | V69: =IF($G69=V$13,12.5%,0) -> 0 | W69: =IF($G69=W$13,18.8%,0) -> 0.188 | X69: =IF(E69=$O$13,0,(I69*(SUM(O69:S69)+SUM(T69:W69)))/I69) -> 1.001
B71: Д.3. | C71: Информатор о раду: 3.1) предузеће има информатор о раду који се редовно ажурира (уколико се објављује, уписати у колону: коментари). | E71: У развијању | G71: ◔ | I71: 30 | K71: =X71 -> 0.313 | M71: Коментари: | O71: =IF(E71=$O$13,0%,0) -> 0 | P71: =IF(E71=$P$13,6.3%,0) -> 0 | Q71: =IF(E71=$Q$13,31.3%,0) -> 0.313 | R71: =IF(E71=$R$13,56.3%,0) -> 0 | S71: =IF(E71=$S$13,81.3%,0) -> 0 | T71: =IF($G71=T$13,0%,0) -> 0 | U71: =IF($G71=U$13,6.3%,0) -> 0 | V71: =IF($G71=V$13,12.5%,0) -> 0 | W71: =IF($G71=W$13,18.8%,0) -> 0 | X71: =IF(E71=$O$13,0,(I71*(SUM(O71:S71)+SUM(T71:W71)))/I71) -> 0.313
I73: =SUM(I67:I71) -> 100 | K73: =X73 -> 0.66733333 | X73: =AVERAGE(X66:X71) -> 0.66733333
I75: 0.15 | O75: 1 | P75: 2 | Q75: 3 | R75: 4 | S75: 4
B77: Ђ.1. | C77: Структура система контроле и надзора: 1.1) НО/Скупштина обезбеђује правилно успоспостављање система контрола у предузећу; 1.2) Предузеће има успостављен систем интерних контрола и функцију интерног ревизора који има довољан ауторитет, углед, независност, ресурсе и могућност приступа тј. директне комуникације са НО/Скупштином; 1.3) Интерни ревизор се ангажује уз сагласност Комисије за ревизију (уколико постоји) и има директан приступ Комисији за ревизију. | E77: Развијена пракса | G77: ◑ | I77: 20 | K77: =X77 -> 0.626 | M77: Инерна ревизија организована на ниоу локалне самуправе | O77: =IF(E77=$O$13,0%,0) -> 0 | P77: =IF(E77=$P$13,6.3%,0) -> 0 | Q77: =IF(E77=$Q$13,31.3%,0) -> 0 | R77: =IF(E77=$R$13,56.3%,0) -> 0.563 | S77: =IF(E77=$S$13,81.3%,0) -> 0 | T77: =IF($G77=T$13,0%,0) -> 0 | U77: =IF($G77=U$13,6.3%,0) -> 0.063 | V77: =IF($G77=V$13,12.5%,0) -> 0 | W77: =IF($G77=W$13,18.8%,0) -> 0 | X77: =IF(E77=$O$13,0,(I77*(SUM(O77:S77)+SUM(T77:W77)))/I77) -> 0.626
B79: Ђ.2 | C79: Интерне контроле: 2.1) Предузеће има целовит систем интерних контрола; 2.2) Систем интерних контрола је конципиран у складу са међународно признатим оквирима (као што је COSO оквир и сл.); 2.3) Предузеће има успостављен систем интерних контрола, који је делотворан у концептуалном и функционалном смислу, који обезбеђује да за сваки значајан ризик постоји контролна мера; 2.4) Предузеће није имало никакве значајне проблеме или потешкоће у вези с интерним контролама или услед интерних контрола у последње три године. | E79: У развијању | G79: ◕ | I79: 15 | K79: =X79 -> 0.438 | M79: Коментари: | O79: =IF(E79=$O$13,0%,0) -> 0 | P79: =IF(E79=$P$13,6.3%,0) -> 0 | Q79: =IF(E79=$Q$13,31.3%,0) -> 0.313 | R79: =IF(E79=$R$13,56.3%,0) -> 0 | S79: =IF(E79=$S$13,81.3%,0) -> 0 | T79: =IF($G79=T$13,0%,0) -> 0 | U79: =IF($G79=U$13,6.3%,0) -> 0 | V79: =IF($G79=V$13,12.5%,0) -> 0.125 | W79: =IF($G79=W$13,18.8%,0) -> 0 | X79: =IF(E79=$O$13,0,(I79*(SUM(O79:S79)+SUM(T79:W79)))/I79) -> 0.438
B81: Ђ.3. | C81: Управљање ризиком: 3.1) Предузеће има успостављену функцију за управљање ризицима која обухвата идентификацију, мерење, контролу, ублажавање и извештавање о изложености свим ризицима; 3.2) Постоји интерни акт о дефинисању мапе кључних ризика пословања предузећа и регистра ризика; 3.3) Предузеће управља ризицима у вези са заштитом животне средине и пословним ризицима - тј. могућности наступања одређених последица у вези са физичким, природним, или културним окружењем или у вези са активностима предузећа које се рефлектују на окружење и запослене. | E81: У развијању | G81: ◑ | I81: 15 | K81: =X81 -> 0.376 | M81: Коментари: | O81: =IF(E81=$O$13,0%,0) -> 0 | P81: =IF(E81=$P$13,6.3%,0) -> 0 | Q81: =IF(E81=$Q$13,31.3%,0) -> 0.313 | R81: =IF(E81=$R$13,56.3%,0) -> 0 | S81: =IF(E81=$S$13,81.3%,0) -> 0 | T81: =IF($G81=T$13,0%,0) -> 0 | U81: =IF($G81=U$13,6.3%,0) -> 0.063 | V81: =IF($G81=V$13,12.5%,0) -> 0 | W81: =IF($G81=W$13,18.8%,0) -> 0 | X81: =IF(E81=$O$13,0,(I81*(SUM(O81:S81)+SUM(T81:W81)))/I81) -> 0.376
B83: Ђ.4. | C83: Усклађеност пословања: 4.1) Предузеће има одговарајућу функцију која се стара за етику и усклађеност са прописима (Compliance), прати регулаторни оквир и процењује ризике неусклађености пословања; 4.2) Предузеће је извршило усклађеност са прописима и дефинисало ризике, имајући у виду ризик од правних или регулаторних санкција, материјалног и финансијског губитка или губитка репутације и штету коју предузеће може да има у случају непоштовања прописа; 4.3) НО/Скупштина надгледа управљање ризицима, одобрава етички кодекс и план интегритета, укључујући и акт који установљава функцију задужену за етику и усклађеност; 4.4) Функција која се стара за етику и усклађеност са прописима подноси извештај о новим прописима, роковима, као и ефектима који они могу имати на пословање друштва. | E83: Развијена пракса | G83: ◑ | I83: 20 | K83: =X83 -> 0.626 | M83: Коментари: | O83: =IF(E83=$O$13,0%,0) -> 0 | P83: =IF(E83=$P$13,6.3%,0) -> 0 | Q83: =IF(E83=$Q$13,31.3%,0) -> 0 | R83: =IF(E83=$R$13,56.3%,0) -> 0.563 | S83: =IF(E83=$S$13,81.3%,0) -> 0 | T83: =IF($G83=T$13,0%,0) -> 0 | U83: =IF($G83=U$13,6.3%,0) -> 0.063 | V83: =IF($G83=V$13,12.5%,0) -> 0 | W83: =IF($G83=W$13,18.8%,0) -> 0 | X83: =IF(E83=$O$13,0,(I83*(SUM(O83:S83)+SUM(T83:W83)))/I83) -> 0.626
B85: Ђ.5. | C85: Интерна ревизија: 5.1) Предузеће има успостављену функцију интерне ревизије у складу са стандардима професије и захтевима индустрије; 5.2) Функција интерне ревизије пружа уверавања путем проверавања, давања мишљења и препорука за унапређење система интерних контрола; врши процену ризика и даје мишљење о системима за управљање ризиком. Интерна ревизија располаже са довољно ресурса и буџета и има објективне и компетентне запослене; 5.3) НО/Скупштина и пословодство унапређује способности функције интерне ревизије да идентификује проблеме везане за управљање предузећем, управљање ризиком и интерну контролу. | E85: Не постоји пракса | G85: ○ | I85: 15 | K85: =X85 -> 0 | M85: Инерна ревизија организована на ниоу локалне самуправе | O85: =IF(E85=$O$13,0%,0) -> 0 | P85: =IF(E85=$P$13,6.3%,0) -> 0 | Q85: =IF(E85=$Q$13,31.3%,0) -> 0 | R85: =IF(E85=$R$13,56.3%,0) -> 0 | S85: =IF(E85=$S$13,81.3%,0) -> 0 | T85: =IF($G85=T$13,0%,0) -> 0 | U85: =IF($G85=U$13,6.3%,0) -> 0 | V85: =IF($G85=V$13,12.5%,0) -> 0 | W85: =IF($G85=W$13,18.8%,0) -> 0 | X85: =IF(E85=$O$13,0,(I85*(SUM(O85:S85)+SUM(T85:W85)))/I85) -> 0
B87: Ђ.6. | C87: Екстерна ревизија: 6.1) Предузеће има независног екстерног ревизора који има одговарајући углед у својој области; 6.2) Годишњи финансијски извештаји предузећа подлежу екстерној ревизији заснованој на стандардима високог квалитета, што даје разумно уверавање да финансијски извештаји у свим материјалним аспектима тачно и искрено приказују финансијску позицију предузећа и резултате његовог пословања и повезаних токова новца; 6.3) Комисија за ревизију обезбеђује независност екстерног ревизора. Комисија за ревизију редовно извештава НО и оснивача о предузетим мерама у циљу обезбеђивања независности ревизора; Комисија за ревизију разматра нацрт ревизорског извештаја с ревизорима и након усаглашавања извештаја, комисија представља извештај НО и Оснивачу предузећа; 6.4) Уколико се у извештају екстерног ревизора искажу недостаци у финансијским извештајима предузећа, систему интерних контрола или у системима за управљање ризиком, Комисија за ревизију, НО и пословодство разматрају мере унапређења и отклањања недостатака. | E87: Најбоља пракса | G87: ● | I87: 15 | K87: =X87 -> 1.001 | M87: Коментари: | O87: =IF(E87=$O$13,0%,0) -> 0 | P87: =IF(E87=$P$13,6.3%,0) -> 0 | Q87: =IF(E87=$Q$13,31.3%,0) -> 0 | R87: =IF(E87=$R$13,56.3%,0) -> 0 | S87: =IF(E87=$S$13,81.3%,0) -> 0.813 | T87: =IF($G87=T$13,0%,0) -> 0 | U87: =IF($G87=U$13,6.3%,0) -> 0 | V87: =IF($G87=V$13,12.5%,0) -> 0 | W87: =IF($G87=W$13,18.8%,0) -> 0.188 | X87: =IF(E87=$O$13,0,(I87*(SUM(O87:S87)+SUM(T87:W87)))/I87) -> 1.001
I89: =SUM(I77:I87) -> 100 | K89: =X89 -> 0.51116667 | O89: =IF(E89=1,0%,0) -> 0 | P89: =IF(E89=2,10%,0) -> 0 | Q89: =IF(E89=3,20%,0) -> 0 | R89: =IF(D89=4,30%,0) -> 0 | S89: =IF(E89=4,30%,0) -> 0 | X89: =AVERAGE(X77:X88) -> 0.51116667
I91: 0.1 | O91: 1 | P91: 2 | Q91: 3 | R91: 4 | S91: 4
B93: Е.1. | C93: Обавештавање оснивача: 1.1) Оснивачу се редовно и у роковима достављају годишњи програми пословања и извештаји о степену реализације програма пословања; 1.2) Комуникација са оснивачем је редовна и обухвата и консултације као и давање инструкција; 1.3) Оснивач се у разумном року обавештава о свим проблемима и новонасталим потешкоћама у раду предузећа. | E93: Најбоља пракса | G93: ● | I93: 50 | K93: =X93 -> 1.001 | M93: Коментари: | O93: =IF(E93=$O$13,0%,0) -> 0 | P93: =IF(E93=$P$13,6.3%,0) -> 0 | Q93: =IF(E93=$Q$13,31.3%,0) -> 0 | R93: =IF(E93=$R$13,56.3%,0) -> 0 | S93: =IF(E93=$S$13,81.3%,0) -> 0.813 | T93: =IF($G93=T$13,0%,0) -> 0 | U93: =IF($G93=U$13,6.3%,0) -> 0 | V93: =IF($G93=V$13,12.5%,0) -> 0 | W93: =IF($G93=W$13,18.8%,0) -> 0.188 | X93: =IF(E93=$O$13,0,(I93*(SUM(O93:S93)+SUM(T93:W93)))/I93) -> 1.001
B95: Е.2. | C95: Обавештавање заинтересованих страна: 2.1) Постоји процедура за одговоре на притужбе спољних заинтересованих страна, као што су локалне заједнице; 2.2) Постоји интезиван контакт са заинтересованим странама тј. носиоцима интереса (stakeholders), укључујући кредиторе (банке), купце (дужнике) и локалну заједницу. | E95: Најбоља пракса | G95: ● | I95: 50 | K95: =X95 -> 1.001 | M95: Коментари: | O95: =IF(E95=$O$13,0%,0) -> 0 | P95: =IF(E95=$P$13,6.3%,0) -> 0 | Q95: =IF(E95=$Q$13,31.3%,0) -> 0 | R95: =IF(E95=$R$13,56.3%,0) -> 0 | S95: =IF(E95=$S$13,81.3%,0) -> 0.813 | T95: =IF($G95=T$13,0%,0) -> 0 | U95: =IF($G95=U$13,6.3%,0) -> 0 | V95: =IF($G95=V$13,12.5%,0) -> 0 | W95: =IF($G95=W$13,18.8%,0) -> 0.188 | X95: =IF(E95=$O$13,0,(I95*(SUM(O95:S95)+SUM(T95:W95)))/I95) -> 1.001
I97: =SUM(I93:I96) -> 100 | K97: =X97 -> 1.001 | O97: =IF(E97=1,0%,0) -> 0 | P97: =IF(E97=2,10%,0) -> 0 | Q97: =IF(E97=3,20%,0) -> 0 | R97: =IF(D97=4,30%,0) -> 0 | S97: =IF(E97=4,30%,0) -> 0 | X97: =AVERAGE(X93:X96) -> 1.001

Sheet ГРАФИКОН
B4: Назив јавног предузећа: | C4: =IF(УПИТНИК!E3>0,УПИТНИК!E3,"") -> ЈАВНО КОМУНАЛНО ПРЕДУЗЕЋЕ"7.ОКТОБАР"
B6: Датум: | C6: =IF(УПИТНИК!E5>0,УПИТНИК!E5,"") -> 27.11.2023.
B7: Преглед резултата и коначна оцена
G8: 1
B9: =УПИТНИК!$C$8 -> 0.59959167 | G9: 0
N14: Коначна оцена предузећа | O14: =M22 -> 0.59959167
K15: A. Посвећеност принципима кор.управљања | L15: =УПИТНИК!$I$13 -> 0.15 | M15: =УПИТНИК!$X$23 -> 0.37575 | N15: Е. Права оснивача и заинтересованих страна | O15: =M21 -> 1.001
K16: Б. Надзорни одбор | L16: =УПИТНИК!$I$25 -> 0.2 | M16: =УПИТНИК!$X$39 -> 0.45866667 | N16: Ђ. Контролно окружење и процеси | O16: =M20 -> 0.51116667
K17: В. Извршни органи | L17: =УПИТНИК!$I$42 -> 0.15 | M17: =УПИТНИК!X50 -> 0.79233333 | N17: Д. Транспарентност и јавност пословања | O17: =M19 -> 0.66733333
K18: Г. Финансијска дисциплина | L18: =УПИТНИК!$I$53 -> 0.15 | M18: =УПИТНИК!$X$63 -> 0.59425 | N18: Г. Финансијска дисциплина | O18: =M18 -> 0.59425
K19: Д. Транспарентност и јавност пословања | L19: =УПИТНИК!$I$65 -> 0.1 | M19: =УПИТНИК!$X$73 -> 0.66733333 | N19: В. Извршни органи | O19: =M17 -> 0.79233333
K20: Ђ. Контролно окружење и процеси | L20: =УПИТНИК!$I$91 -> 0.1 | M20: =УПИТНИК!$X$89 -> 0.51116667 | N20: Б. Надзорни одбор | O20: =M16 -> 0.45866667
K21: Е. Права оснивача и заинтересованих страна | L21: =УПИТНИК!$I$91 -> 0.1 | M21: =УПИТНИК!$X$97 -> 1.001 | N21: A. Посвећеност принципима кор.управљања | O21: =M15 -> 0.37575
K22: Коначна оцена предузећа | M22: =УПИТНИК!$C$8 -> 0.59959167 | N22: Коначна оцена предузећа | O22: =100%-O14 -> 0.40040833

Sheet Sheet1
A1: ПЛАН ПРИХОДА ЗА 2024
A2: Редни | C2: Опис | D2: Реализација | E2: План | F2: Реализација | G2: Процена | H2: План | I2: Индекс | J2: Индекс
A3: број | B3: рачун | D3: 2022 | E3: 2023 | F3: јан-септ | G3: 2023 | H3: 2024
A4: 1 | C4: 2 | D4: 3 | E4: 5 | F4: 6 | G4: 7 | H4: 8 | I4: 9(7/5) | J4: 10(8/7)
A5: 1 | B5: 604 | C5: Јавно снабдевање природим гасом | D5: 64753066 | E5: 66144748 | F5: 45502926 | G5: 68911390 | H5: 89504810 | I5: =G5/E5*100 -> 104.18271 | J5: =H5/G5*100 -> 129.88391
A6: 2 | B6: 604 | C6: Приходи од продаје секундарних сировина
A7: 3 | B7: 614 | C7: Водоинсталатерске услуге | D7: 2463916.9 | E7: 3900000 | F7: 1889663.6 | G7: 2500000 | H7: 4099130 | I7: =G7/E7*100 -> 64.102564 | J7: =H7/G7*100 -> 163.9652
A8: 4 | C8: Приход од фиксне накнаде за водомере | D8: 4464029.7 | E8: 6158000 | F8: 3928217.3 | G8: 5250000 | H8: 6516566 | I8: =G8/E8*100 -> 85.254953 | J8: =H8/G8*100 -> 124.12507
A9: 5 | B9: 614 | C9: Дистрибуција воде | D9: 30023350 | E9: 36813000 | F9: 22336592 | G9: 30100000 | H9: 37838126 | I9: =G9/E9*100 -> 81.764594 | J9: =H9/G9*100 -> 125.70806
A10: 6 | B10: 614 | C10: Приход дистрибуције гаса | D10: 4465969.3 | E10: 5500000 | F10: 3258692 | G10: 5021680 | H10: 6127254 | I10: =G10/E10*100 -> 91.303273 | J10: =H10/G10*100 -> 122.01602
A11: 7 | B11: 614 | C11: Изношење,одвођење отпадних вода | D11: 8809328.1 | E11: 9966858 | F11: 7025656.7 | G11: 9244000 | H11: 10405484 | I11: =G11/E11*100 -> 92.747383 | J11: =H11/G11*100 -> 112.56473
A12: 8 | B12: 614 | C12: Изношење отпада | D12: 19811755 | E12: 25313570 | F12: 16265596 | G12: 22000000 | H12: 26591795 | I12: =G12/E12*100 -> 86.909906 | J12: =H12/G12*100 -> 120.8718
A13: 9 | B13: 614 | C13: Одржавање зеленила и чистоће | D13: 18988524 | E13: 18772720 | F13: 14111035 | G13: 19800000 | H13: 20916075 | I13: =G13/E13*100 -> 105.4722 | J13: =H13/G13*100 -> 105.63674
A14: 10 | B14: 614 | C14: Одржавање степ.и освет. | D14: 939228.48 | E14: 1009728 | F14: 694807.08 | G14: 918000 | H14: 157659 | I14: =G14/E14*100 -> 90.915573 | J14: =H14/G14*100 -> 17.174183
A15: 11 | B15: 614 | C15: Пијачарина | D15: 704499.66 | E15: 757296 | F15: 459030.24 | G15: 660000 | H15: 840847 | I15: =G15/E15*100 -> 87.152184 | J15: =H15/G15*100 -> 127.40106
A16: 12 | B16: 614 | C16: Приход од грађевинских радова | D16: 3552940 | E16: 3155000 | F16: 1574477.9 | G16: 4600000 | H16: 5255295 | I16: =G16/E16*100 -> 145.80032 | J16: =H16/G16*100 -> 114.24554
C17: Приход од осталих услзга | D17: 16320 | G17: 130290 | J17: =H17/G17*100 -> 0
A18: 13 | B18: 614 | C18: Приход од погребних услуга | D18: 1194587.3 | E18: 1600000 | F18: 718166.85 | G18: 950000 | H18: 1500000 | I18: =G18/E18*100 -> 59.375 | J18: =H18/G18*100 -> 157.89474
A19: 14 | B19: 621 | C19: Приходи од активирања учинака | D19: 1095142 | E19: 837600 | G19: 1100000 | H19: 1100000 | I19: =G19/E19*100 -> 131.3276 | J19: =H19/G19*100 -> 100
A20: 15 | B20: 640 | C20: Приходи од субвенција
A21: 16 | B21: 640 | C21: Приходи од дотација-Национална служ. | D21: 1835541.1 | F21: 1729385 | G21: 1956369.8
A22: 17 | B22: 640 | C22: Приходи од донација
A23: 18 | B23: 650 | C23: Приходи од закупнина | D23: 896554.43 | E23: 1151700 | F23: 677021.55 | G23: 890000 | H23: 1100000 | I23: =G23/E23*100 -> 77.277069 | J23: =H23/G23*100 -> 123.59551
A24: 19 | B24: 659 | C24: Остали пословни приходи
A25: 20 | B25: 662 | C25: Приходи од камата | D25: 882306.03 | E25: 1047000 | F25: 769863.1 | G25: 1000000 | H25: 1420000 | I25: =G25/E25*100 -> 95.510984 | J25: =H25/G25*100 -> 142
A26: 21 | B26: 670 | C26: Добици по основу продаје опреме | D26: 162782.58 | F26: 250000 | G26: 250000
A27: 22 | B27: 675 | C27: Наплаћена отписана потр. | D27: 63958.18 | E27: 104700 | F27: 22796.66 | G27: 104700 | H27: 105000 | I27: =G27/E27*100 -> 100 | J27: =H27/G27*100 -> 100.28653
A28: 23 | B28: 677 | C28: Приходи од смањења обавеза | D28: 714.07
A29: 24 | B29: 678 | C29: Приходи од укидања резервис.за отпремнине | D29: 134199.76
A30: 25 | B30: 679 | C30: Приходи од накнаде штете | D30: 272950 | E30: 314100 | F30: 26189 | G30: 100000 | H30: 250000 | I30: =G30/E30*100 -> 31.836995 | J30: =H30/G30*100 -> 250
A31: 26 | B31: 679 | C31: Остали приходи | D31: 97890.85 | E31: 104700 | F31: 65517.68 | G31: 104700 | H31: 100000 | I31: =G31/E31*100 -> 100 | J31: =H31/G31*100 -> 95.510984
A32: 27 | B32: 685 | C32: Приходи од ускл.вредн.потраживања | D32: 1422363.2 | E32: 209400 | F32: 37452.22 | G32: 1200000 | H32: 1400000 | I32: =G32/E32*100 -> 573.0659 | J32: =H32/G32*100 -> 116.66667
C33: УКУПНО: | D33: =SUM(D5:D32) -> 1.6705192e+08 | E33: =SUM(E5:E32) -> 182860120 | F33: =SUM(F5:F32) -> 1.2134309e+08 | G33: =SUM(G5:G32) -> 1.7679113e+08 | H33: =SUM(H5:H32) -> 215228041 | I33: =G33/E33*100 -> 96.681075 | J33: =H33/G33*100 -> 121.74143

Sheet Sheet2
A1: ПЛАН ТРОШКОВА И РАСХОДА ЗА 2024
A2: Ред | C2: Опис | D2: Реализација | E2: План | F2: Реализација | G2: Процена 2023 | H2: План 2024 | I2: ИНДЕКС | J2: ИНДЕКС | K2: ИНДЕКС
A3: број | B3: рачун | D3: 2022 | E3: 2023 | F3: 2023(I-IX)
A4: 1 | C4: 2 | D4: 5 | E4: 6 | F4: 7 | G4: 8 | H4: 9 | I4: 10(7/6) | J4: 11(8/6) | K4: 12(9/8)
A5: 1 | C5: Набавна вредост природног гаса | D5: 56467101 | E5: 54035627 | F5: 40876353 | G5: 62747012 | H5: 83358762 | I5: =F5/E5*100 -> 75.647042 | J5: =G5/E5*100 -> 116.12156 | K5: =H5/G5*100 -> 132.84897
A6: 2 | C6: Утрош. матер. рез. делови, алат
A7: 2.1 | B7: 5120 | C7: Трошкови основног материјала за израду | D7: 5979787.9 | E7: 7300000 | F7: 3615259.4 | G7: 6600000 | H7: 9350000 | I7: =F7/E7*100 -> 49.524102 | J7: =G7/E7*100 -> 90.410959 | K7: =H7/G7*100 -> 141.66667
A8: 2.2 | B8: 5140 | C8: Трошкови резервних делова | D8: 2495066.2 | E8: 2900000 | F8: 2430528.3 | G8: 2900000 | H8: 2800000 | I8: =F8/E8*100 -> 83.811322 | J8: =G8/E8*100 -> 100 | K8: =H8/G8*100 -> 96.551724
A9: 2.3 | B9: 5150 | C9: Трошкови једнократног отписа ал.и инв. | D9: 858080.12 | E9: 1300000 | F9: 707981.85 | G9: 1300000 | H9: 1300000 | I9: =F9/E9*100 -> 54.460142 | J9: =G9/E9*100 -> 100 | K9: =H9/G9*100 -> 100
A10: 3 | B10: 5123 | C10: Трошкови канцеларијског материјала | D10: 107032.36 | E10: 200000 | F10: 446570.3 | G10: 590000 | H10: 500000 | I10: =F10/E10*100 -> 223.28515 | J10: =G10/E10*100 -> 295 | K10: =H10/G10*100 -> 84.745763
A11: 4 | B11: 5124 | C11: Трошкови заштитне опреме (рукавице) | F11: 4966.67
A12: 5 | B12: 5125 | C12: Трошкови матер.за одржавање хигијене | D12: 134384.93 | E12: 170000 | F12: 106960.3 | G12: 120000 | H12: 140000 | I12: =F12/E12*100 -> 62.917824 | J12: =G12/E12*100 -> 70.588235 | K12: =H12/G12*100 -> 116.66667
A13: 6 | C13: Трошкови горива и мазива
A14: 6.1 | B14: 5130 | C14: Трошкови горива и мазива за возила | D14: 6627468.3 | E14: 7550000 | F14: 4925029.6 | G14: 6700000 | H14: 6700000 | I14: =F14/E14*100 -> 65.232181 | J14: =G14/E14*100 -> 88.741722 | K14: =H14/G14*100 -> 100
A15: 6.2 | B15: 5132 | C15: Трошкови ТНГ аутогаса | D15: 1666 | F15: 1666.5 | G15: 2000
A16: 7 | B16: 5133 | C16: Трошкови електричне енергије | D16: 7087811.6 | E16: 9000000 | F16: 5894040.8 | G16: 8000000 | H16: 8200000 | I16: =F16/E16*100 -> 65.489342 | J16: =G16/E16*100 -> 88.888889 | K16: =H16/G16*100 -> 102.5
A17: 8 | B17: 5200 | C17: Трошкови бруто зарада | D17: 50242194 | E17: 56259123 | F17: 39793668 | G17: 54061235 | H17: 61896254 | I17: =F17/E17*100 -> 70.732827 | J17: =G17/E17*100 -> 96.093277 | K17: =H17/G17*100 -> 114.49286
A18: 9 | C18: Трошкови доприноса на терет посл.
A19: 9.1 | B19: 5210 | C19: Трошкови доприноса ПИО на терет посл. | D19: 5485082.1 | E19: 5625912 | F19: 3979366.6 | G19: =G17*10/100 -> 5406123.5 | H19: =H17*10/100 -> 6189625.4 | I19: =F19/E19*100 -> 70.732826 | J19: =G19/E19*100 -> 96.093282 | K19: =H19/G19*100 -> 114.49286
A20: 9.2 | B20: 5212 | C20: Трошкови доприноса за ЗДРАВ. на терет посл. | D20: 2587473 | E20: 2897345 | F20: 2049373.9 | G20: =G17*5.15/100 -> 2784153.6 | H20: =H17*5.15/100 -> 3187657.1 | I20: =F20/E20*100 -> 70.732822 | J20: =G20/E20*100 -> 96.093272 | K20: =H20/G20*100 -> 114.49286
A21: 9.3 | B21: 5213 | C21: Трошкови доп.за незапосл.на терет посл.
A22: 10 | C22: Накнаде по основу уговора
A23: 10.1 | B23: 5220 | C23: Трошкови накнада по уговора о делу
A24: 10.2 | B24: 5240 | C24: Трошкови накнад.привр.и повр.послови | D24: 2468747.9 | E24: 3484676 | F24: 1802314.5 | G24: 2430000 | H24: 2781922 | I24: =F24/E24*100 -> 51.721151 | J24: =G24/E24*100 -> 69.733886 | K24: =H24/G24*100 -> 114.48239
B25: 5252 | C25: Трошкови накнада физ.лицима по основу ост.уговора | D25: 1815681.2 | F25: 1729385 | G25: 1956369.8 | K25: =H25/G25*100 -> 0
A26: 11 | B26: 5260 | C26: Трошкови накнада чланова НО | D26: 182812.5 | E26: 224840 | F26: 128086.32 | G26: 168210 | H26: 240741 | I26: =F26/E26*100 -> 56.967764 | J26: =G26/E26*100 -> 74.8132 | K26: =H26/G26*100 -> 143.11932
A27: 12 | B27: 52901 | C27: Отпремнинe | D27: 288705.2 | E27: 400000 | F27: 71291.85 | G27: 110000 | H27: 200000 | I27: =F27/E27*100 -> 17.822962 | J27: =G27/E27*100 -> 27.5 | K27: =H27/G27*100 -> 181.81818
A28: 13 | B28: 52903 | C28: Јубиларна награда | D28: 440452.79 | E28: 140000 | F28: 126638.88 | G28: 126638.88 | I28: =F28/E28*100 -> 90.456343 | J28: =G28/E28*100 -> 90.456343 | K28: =H28/G28*100 -> 0
A29: 14 | B29: 52904-52905 | C29: Солидарна пмоћ | D29: 965356 | E29: 500000 | F29: 272244 | G29: 272244 | H29: 280000 | I29: =F29/E29*100 -> 54.4488 | J29: =G29/E29*100 -> 54.4488 | K29: =H29/G29*100 -> 102.84891
A30: 15 | B30: 52910 | C30: Накнада трошк.превоза на рад и са рада | D30: 1017295 | E30: 1884840 | F30: 1774213 | G30: 2440000 | H30: 4060000 | I30: =F30/E30*100 -> 94.130695 | J30: =G30/E30*100 -> 129.45396 | K30: =H30/G30*100 -> 166.39344
A31: 16 | B31: 52911 | C31: Накнада за смештај и исхр.сл.путу | D31: 12053 | E31: 40000 | F31: 20566 | G31: 30000 | H31: 40000 | I31: =F31/E31*100 -> 51.415 | J31: =G31/E31*100 -> 75 | K31: =H31/G31*100 -> 133.33333
A32: 17 | B32: 5294 | C32: Награде, солидар.пoмоћ и остaло лицимa која нису зап. | D32: 7962.46
A33: 18 | B33: 52920 | C33: Осталих прим. Запослених (покл. деци) | D33: 60000 | E33: 60000 | G33: 60000 | H33: 60000 | I33: =F33/E33*100 -> 0 | J33: =G33/E33*100 -> 100 | K33: =H33/G33*100 -> 100
A34: 19 | B34: 5300 | C34: Трошкови производних услуга на изради учинака | D34: 1146490 | E34: 600000 | F34: 12000 | G34: 100000 | H34: 500000 | I34: =F34/E34*100 -> 2 | J34: =G34/E34*100 -> 16.666667 | K34: =H34/G34*100 -> 500
A35: 20 | C35: Трошкови птт услуга и телефона
A36: 20.1 | B36: 5310 | C36: Трошкови ПТТ услуга | D36: 117281 | E36: 140000 | F36: 73090 | G36: 120000 | H36: 120000 | I36: =F36/E36*100 -> 52.207143 | J36: =G36/E36*100 -> 85.714286 | K36: =H36/G36*100 -> 100
A37: 20.2 | B37: 5311 | C37: Трошкови услуга превоза | D37: 22634.98 | E37: 30000 | F37: 17655.61 | G37: 20000 | H37: 30000 | I37: =F37/E37*100 -> 58.852033 | J37: =G37/E37*100 -> 66.666667 | K37: =H37/G37*100 -> 150
A38: 20.3 | B38: 5396 | C38: Трошкови телефонских услуга | D38: 335729.5 | E38: 350000 | F38: 222538.2 | G38: 350000 | H38: 492000 | I38: =F38/E38*100 -> 63.582343 | J38: =G38/E38*100 -> 100 | K38: =H38/G38*100 -> 140.57143
A39: 21 | B39: 5320 | C39: Трошкови произв усл.и услуга одржавања | D39: 6171376.8 | E39: 6120000 | F39: 2626706.6 | G39: 3600000 | H39: 5978000 | I39: =F39/E39*100 -> 42.920043 | J39: =G39/E39*100 -> 58.823529 | K39: =H39/G39*100 -> 166.05556
A40: 22 | B40: 533 | C40: Трошкови закупнина
A41: 22.1 | B41: 5330 | C41: бунара | D41: 49476.51 | E41: 80000 | F41: 77524.15 | G41: 100000 | H41: 110000 | I41: =F41/E41*100 -> 96.905187 | J41: =G41/E41*100 -> 125 | K41: =H41/G41*100 -> 110
A42: 22.2 | B42: 5333 | C42: постројења и опреме | D42: 133209.62
A43: 22.3 | B43: 5339 | C43: осталих средстава(сервера) | D43: 120000 | E43: 250000 | F43: 123238.61 | G43: 180000 | H43: 180000 | I43: =F43/E43*100 -> 49.295444 | J43: =G43/E43*100 -> 72 | K43: =H43/G43*100 -> 100
A44: 23 | C44: Трошкови рекламе и пропаганде
A45: 23.1 | B45: 5354 | C45: Трошкови рекламног материјала | D45: 92901 | E45: 100000 | G45: 100000 | H45: 100000 | I45: =F45/E45*100 -> 0 | J45: =G45/E45*100 -> 100 | K45: =H45/G45*100 -> 100
B46: 5351 | C46: Трошкови огласа | D46: 13162.5 | E46: 20000 | F46: 14535 | G46: 20000 | H46: 20000 | I46: =F46/E46*100 -> 72.675 | J46: =G46/E46*100 -> 100 | K46: =H46/G46*100 -> 100
A47: 23.2 | B47: 5359 | C47: Остали трошкови рекламе и пропаганде (спонз. и остало)
A48: 24 | B48: 5390 | C48: Трошкови техничких прегледа и регис. | D48: 86414.67 | E48: 200000 | F48: 96936 | G48: 120000 | H48: 200000 | I48: =F48/E48*100 -> 48.468 | J48: =G48/E48*100 -> 60 | K48: =H48/G48*100 -> 166.66667
A49: 25 | B49: 5391 | C49: Трошкови услуга заштите на раду | D49: 162999.99 | E49: 200000 | F49: 156000 | G49: 200000 | H49: 210000 | I49: =F49/E49*100 -> 78 | J49: =G49/E49*100 -> 100 | K49: =H49/G49*100 -> 105
B50: 5392 | C50: Трошкови комуналних услуга | D50: 100050.38
A51: 26 | B51: 5394 | C51: Тр.накнада за коришћ.аутопута | D51: 3490 | E51: 10000 | F51: 4600 | G51: 5000 | H51: 10000 | I51: =F51/E51*100 -> 46 | J51: =G51/E51*100 -> 50 | K51: =H51/G51*100 -> 200
A52: 27 | B52: 5397 | C52: Трошкови анализе воде | D52: 1872305 | E52: 2570000 | F52: 1747286 | G52: 2570000 | H52: 2500000 | I52: =F52/E52*100 -> 67.987782 | J52: =G52/E52*100 -> 100 | K52: =H52/G52*100 -> 97.276265
A53: 28 | B53: 5399 | C53: Трошкови осталих производних услуга | D53: 179600 | E53: 80000 | F53: 137280 | G53: 140000 | H53: 140000 | I53: =F53/E53*100 -> 171.6 | J53: =G53/E53*100 -> 175 | K53: =H53/G53*100 -> 100
A54: 29 | B54: 5400 | C54: Трошкови амортизације | D54: 6401950.5 | E54: 6800000 | F54: 4603162.6 | G54: 6126000 | H54: 6000000 | I54: =F54/E54*100 -> 67.693568 | J54: =G54/E54*100 -> 90.088235 | K54: =H54/G54*100 -> 97.943193
A55: 30 | B55: 5450 | C55: Трошкови резервисања за отпремнине | D55: 1499629.2 | E55: 1000000 | G55: 1000000 | I55: =F55/E55*100 -> 0 | J55: =G55/E55*100 -> 100 | K55: =H55/G55*100 -> 0
A56: 31 | B56: 5500 | C56: Трошкови ревизије финансиј.извештаја | D56: 120000 | E56: 120000 | F56: 120000 | G56: 120000 | H56: 190000 | I56: =F56/E56*100 -> 100 | J56: =G56/E56*100 -> 100 | K56: =H56/G56*100 -> 158.33333
A57: 32 | B57: 5501 | C57: Трошкови адвокатских услуга | F57: 30000 | G57: 210000 | H57: 720000 | K57: =H57/G57*100 -> 342.85714
A58: 33 | B58: 5502 | C58: Трошкови услуга пружања правне помоћи | D58: 60000 | E58: 60000 | F58: 45000 | G58: 60000 | H58: 60000 | I58: =F58/E58*100 -> 75 | J58: =G58/E58*100 -> 100 | K58: =H58/G58*100 -> 100
A59: 34 | B59: 5503 | C59: Трошкови здравствених услуга | D59: 42323.33 | E59: 100000 | F59: 19373.33 | G59: 100000 | H59: 100000 | I59: =F59/E59*100 -> 19.37333 | J59: =G59/E59*100 -> 100 | K59: =H59/G59*100 -> 100
A60: 35 | B60: 5504 | C60: Трошкови стручног образовања запослених | D60: 132550 | E60: 60000 | F60: 76000 | G60: 76000 | H60: 80000 | I60: =F60/E60*100 -> 126.66667 | J60: =G60/E60*100 -> 126.66667 | K60: =H60/G60*100 -> 105.26316
A61: 36 | B61: 5505 | C61: Трошкови услуга у вези стр.усав.семинари | D61: 12833.33 | E61: 15000 | G61: 15000 | H61: 15000 | I61: =F61/E61*100 -> 0 | J61: =G61/E61*100 -> 100 | K61: =H61/G61*100 -> 100
A62: 37 | B62: 5506 | C62: Трошкови одржавања софтвера | D62: 367542.1 | E62: 470000 | F62: 338739.2 | G62: 460000 | H62: 460000 | I62: =F62/E62*100 -> 72.07217 | J62: =G62/E62*100 -> 97.87234 | K62: =H62/G62*100 -> 100
A63: 38 | B63: 5509 | C63: Трошкови осталих непроизв.услуга | D63: 1735094 | E63: 2835000 | F63: 993863.18 | G63: 1700000 | H63: 1313080 | I63: =F63/E63*100 -> 35.056902 | J63: =G63/E63*100 -> 59.964727 | K63: =H63/G63*100 -> 77.24
A64: 39 | B64: 5510 | C64: Трошкови репрезентације | D64: 246247.47 | E64: 300000 | F64: 223819.4 | G64: 300000 | H64: 300000 | I64: =F64/E64*100 -> 74.606467 | J64: =G64/E64*100 -> 100 | K64: =H64/G64*100 -> 100
B65: 5511 | C65: Трошкови репрезентације-поклони
A66: 40 | C66: Трошкови премија осигурања
A67: 40.1 | B67: 5520 | C67: Тр.премија осигур.некретнина и опреме | D67: 557493.8 | E67: 600000 | F67: 341370.78 | G67: 392000 | H67: 400000 | I67: =F67/E67*100 -> 56.89513 | J67: =G67/E67*100 -> 65.333333 | K67: =H67/G67*100 -> 102.04082
A68: 40.2 | B68: 5523 | C68: Тр.прем.осигурања обртних средства | D68: 2533.68 | E68: 30500 | F68: 7925.4 | G68: 8000 | H68: 20000 | I68: =F68/E68*100 -> 25.984918 | J68: =G68/E68*100 -> 26.229508 | K68: =H68/G68*100 -> 250
A69: 40.3 | B69: 5524 | C69: Тр.премије исигурања одговорности | D69: 56644.33 | E69: 58000 | F69: 53908.85 | G69: 53910 | H69: 60000 | I69: =F69/E69*100 -> 92.946293 | J69: =G69/E69*100 -> 92.948276 | K69: =H69/G69*100 -> 111.29661
A70: 40.4 | B70: 5525 | C70: Тр.премија осигурања запослених | D70: 105461.64 | E70: 110000 | F70: 122275.72 | G70: 133000 | H70: 140000 | I70: =F70/E70*100 -> 111.15975 | J70: =G70/E70*100 -> 120.90909 | K70: =H70/G70*100 -> 105.26316
A71: 41 | B71: 5531 | C71: Трошкови платног промета | D71: 486545.38 | E71: 550000 | F71: 426898.96 | G71: 550000 | H71: 550000 | I71: =F71/E71*100 -> 77.617993 | J71: =G71/E71*100 -> 100 | K71: =H71/G71*100 -> 100
A72: 42 | C72: Трошкови чланарина
A73: 42.2 | B73: 5541 | C73: Тр.доприноса коморама | D73: 48456 | E73: 60000 | F73: 37224 | G73: 49640 | H73: 60000 | I73: =F73/E73*100 -> 62.04 | J73: =G73/E73*100 -> 82.733333 | K73: =H73/G73*100 -> 120.87027
A74: 42.2 | B74: 5549 | C74: Тр.осталих чланарина | D74: 69400 | E74: 75000 | F74: 49500 | G74: 75000 | H74: 65000 | I74: =F74/E74*100 -> 66 | J74: =G74/E74*100 -> 100 | K74: =H74/G74*100 -> 86.666667
A75: 43 | C75: Трошкови пореза
A76: 43.1 | B76: 5550 | C76: Тр.пореза на имовину | D76: 93448.07 | E76: 100000 | F76: 109458.74 | G76: 109458.74 | H76: 110000 | I76: =F76/E76*100 -> 109.45874 | J76: =G76/E76*100 -> 109.45874 | K76: =H76/G76*100 -> 100.49449
A77: 43.2 | B77: 5556 | C77: Тр.пореза на употр.држање и ношење добара
A78: 44 | B78: 5552 | C78: Трошкови накнада за коришћење вода | D78: 1632757.2 | E78: 2800000 | F78: 1784239.1 | G78: 2282000 | H78: 1500000 | I78: =F78/E78*100 -> 63.722826 | J78: =G78/E78*100 -> 81.5 | K78: =H78/G78*100 -> 65.731814
A79: 45 | B79: 5555 | C79: Остале посебне накнаде | D79: 155614.92 | E79: 300000 | F79: 276405.67 | G79: 300000 | H79: 150000 | I79: =F79/E79*100 -> 92.135223 | J79: =G79/E79*100 -> 100 | K79: =H79/G79*100 -> 50
B80: 5559 | C80: Други трошкови пореза
A81: 46 | B81: 5590 | C81: Судске,администр.и реп.таксе | D81: 170231 | E81: 150000 | F81: 128857.48 | G81: 150000 | H81: 150000 | I81: =F81/E81*100 -> 85.904987 | J81: =G81/E81*100 -> 100 | K81: =H81/G81*100 -> 100
A82: 47 | B82: 5591 | C82: Трошкови оглашавања радио,новине
A83: 48 | B83: 5599 | C83: Остали нематер.трошкови | D83: 213718.16 | E83: 488000 | F83: 175990.91 | G83: 222000 | H83: 240000 | I83: =F83/E83*100 -> 36.063711 | J83: =G83/E83*100 -> 45.491803 | K83: =H83/G83*100 -> 108.10811
A84: 49 | B84: 5626 | C84: Расходи затезних камата | E84: 100000 | I84: =F84/E84*100 -> 0 | J84: =G84/E84*100 -> 0
B85: 5627 | C85: Расходи камата за неблаговр.плаћ.јавне приходе | D85: 1965.83 | F85: 115.03 | G85: 115.03 | K85: =H85/G85*100 -> 0
A86: 50 | B86: 5620 | C86: Расходи камата по финан.кредитима
A87: 51 | B87: 5703 | C87: Губици по основу расхода опреме | D87: 6976
A88: 52 | B88: 5790 | C88: Расходи по основу спорова | F88: 108648.15 | G88: 108648.15
A89: 53 | B89: 5760 | C89: Расходи по основу директног отписа потр. | D89: 212269.11 | E89: 300000 | F89: 151649.93 | G89: 300000 | H89: 150000 | I89: =F89/E89*100 -> 50.549977 | J89: =G89/E89*100 -> 100 | K89: =H89/G89*100 -> 50
A90: 54 | B90: 5792 | C90: Казне за привредне прест.и прекршаје
A91: 55 | B91: 5794 | C91: Расходи накнаде штете др.лицима
A92: 56 | B92: 5799 | C92: Остали непоменути расходи | D92: 10522.61 | E92: 100000 | F92: 4788 | G92: 5000 | H92: 100000 | I92: =F92/E92*100 -> 4.788 | J92: =G92/E92*100 -> 5 | K92: =H92/G92*100 -> 2000
A93: 57 | B93: 5796 | C93: Расходи за хуманитар.здравств.намене
A94: 58 | B94: 5850 | C94: Обезвређење потраживања-индиректан отпис | D94: 1346049.7 | E94: 300000 | G94: 300000 | H94: 300000 | I94: =F94/E94*100 -> 0 | J94: =G94/E94*100 -> 100 | K94: =H94/G94*100 -> 100
A95: 59 | B95: 5920 | C95: Расходи по основу испр.грешке из раниј.год.
C96: УКУПНО | D96: =SUM(D5:D95) -> 1.7172759e+08 | E96: =SUM(E5:E94) -> 182603863 | F96: =SUM(F5:F95) -> 1.2629511e+08 | G96: =SUM(G5:G95) -> 1.8163476e+08 | H96: =SUM(H5:H95) -> 2.1510804e+08 | I96: =F96/E96*100 -> 69.163438 | J96: =G96/E96*100 -> 99.469286 | K96: =H96/G96*100 -> 118.4289

Sheet Sheet3
F1: Прилог 1
B2: БИЛАНС СТАЊА на дан 31.12.2023. године
F3: у 000 динара
B4: Група рачуна, рачун | C4: П О З И Ц И Ј А | D4: АОП | E4: План на дан 31.12.2023. | F4: Реализација (процена) на дан 31.12.2023.
B5: 1 | C5: 2 | D5: 3 | E5: 4 | F5: 5
C6: АКТИВА
B7: 00 | C7: A. УПИСАНИ А НЕУПЛАЋЕНИ КАПИТАЛ | D7: 0001
C8: Б. СТАЛНА ИМОВИНА | D8: 0002 | E8: 49906 | F8: 51265
C9: (0003 + 0009 + 0017 + 0018 + 0028)
B10: 01 | C10: I. НЕМАТЕРИЈАЛНА ИМОВИНА | D10: 0003 | E10: 16 | F10: 16
C11: (0004 + 0005 + 0006 + 0007 + 0008)
B12: 010 | C12: 1. Улагања у развој | D12: 0004
B13: 011, 012 и 014 | C13: 2. Концесије, патенти, лиценце, робне и услужне марке, софтвер и остала нематеријална имовина | D13: 0005 | E13: 16 | F13: 16
B14: 013 | C14: 3. Гудвил | D14: 0006
B15: 015 и 016 | C15: 4. Нематеријална имовина узета у лизинг и нематеријална имовина у припреми | D15: 0007
B16: 017 | C16: 5. Аванси за нематеријалну имовину | D16: 0008
B17: 02 | C17: II. НЕКРЕТНИНЕ, ПОСТРОЈЕЊА И ОПРЕМА | D17: 0009 | E17: =E19+E20 -> 49890 | F17: 51249
C18: (0010 + 0011 + 0012 + 0013 + 0014 + 0015 + 0016)
B19: 020, 021 и 022 | C19: 1. Земљиште и грађевински објекти | D19: 0010 | E19: 25440 | F19: 25444
B20: 023 | C20: 2. Постројења и опрема | D20: 0011 | E20: 24450 | F20: 25805
B21: 024 | C21: 3. Инвестиционе некретнине | D21: 0012
B22: 025 и 027 | C22: 4. Некретнине, постројења и опрема узети у лизинг и некретнине, постројења и опрема у припреми | D22: 0013
B23: 026 и 028 | C23: 5. Остале некретнине, постројења и опрема и улагања на туђим некретнинама, постројењима и опреми | D23: 0014
B24: 029 (део) | C24: 6. Аванси за некретнине, постројења и опрему у земљи | D24: 0015
B25: 029 (део) | C25: 7. Аванси за некретнине, постројења и опрему у иностранству | D25: 0016
B26: 03 | C26: III. БИОЛОШКА СРЕДСТВА | D26: 0017
B27: 04 и 05 | C27: IV. ДУГОРОЧНИ ФИНАНСИЈСКИ ПЛАСМАНИ И ДУГОРОЧНА ПОТРАЖИВАЊА | D27: 0018
C28: (0019 + 0020 + 0021 + 0022 + 0023 + 0024 + 0025 + 0026 + 0027)
B29: 040 (део), 041 (део) и 042 (део) | C29: 1. Учешћа у капиталу правних лица (осим учешћа у капиталу која се вреднују методом учешћа) | D29: 0019
B30: 040 (део), 041 (део), 042 (део) | C30: 2. Учешћа у капиталу која се вреднују методом учешћа | D30: 0020
B31: 043, 050 (део) и 051 (део) | C31: 3. Дугорочни пласмани матичном, зависним и осталим повезаним лицима и дугорочна потраживања од тих лица у земљи | D31: 0021
B32: 044, 050 (део), 051 (део) | C32: 4. Дугорочни пласмани матичном, зависним и осталим повезаним лицима и дугорочна потраживања од тих лица у иностранству | D32: 0022
B33: 045 (део) и 053 (део) | C33: 5. Дугорочни пласмани (дати кредити и зајмови) у земљи | D33: 0023
B34: 045 (део) и 053 (део) | C34: 6. Дугорочни пласмани (дати кредити и зајмови) у иностранству | D34: 0024
B35: 046 | C35: 7. Дугорочна финансијска улагања (хартије од вредности које се вреднују по амортизованој вредности) | D35: 0025
B36: 047 | C36: 8. Откупљене сопствене акције и откупљени сопствени удели | D36: 0026
B37: 048, 052, 054, 055 и 056 | C37: 9. Остали дугорочни финансијски пласмани и остала дугорочна потраживања | D37: 0027
B38: 28 (део) осим 288 | C38: V. ДУГОРОЧНА АКТИВНА ВРЕМЕНСКА РАЗГРАНИЧЕЊА | D38: 0028
B39: 288 | C39: В. ОДЛОЖЕНА ПОРЕСКА СРЕДСТВА | D39: 0029 | E39: 300
C40: Г. ОБРТНА ИМОВИНА | D40: 0030 | E40: 53200 | F40: 52547
C41: (0031 + 0037 + 0038 + 0044 + 0048 + 0057+ 0058)
B42: Класа 1, осим групе рачуна 14 | C42: I. ЗАЛИХЕ (0032 + 0033 + 0034 + 0035 + 0036) | D42: 0031 | E42: 2200 | F42: 1475
B43: 10 | C43: 1. Материјал, резервни делови, алат и ситан инвентар | D43: 0032 | E43: 2200 | F43: 1300
B44: 11 и 12 | C44: 2. Недовршена производња и готови производи | D44: 0033
B45: 13 | C45: 3. Роба | D45: 0034
B46: 150, 152 и 154 | C46: 4. Плаћени аванси за залихе и услуге у земљи | D46: 0035 | E46: 200 | F46: 175
B47: 151, 153 и 155 | C47: 5. Плаћени аванси за залихе и услуге у иностранству | D47: 0036
B48: 14 | C48: II. СТАЛНА ИМОВИНА КОЈА СЕ ДРЖИ ЗА ПРОДАЈУ И ПРЕСТАНАК ПОСЛОВАЊА | D48: 0037
B49: 20 | C49: III. ПОТРАЖИВАЊА ПО ОСНОВУ ПРОДАЈЕ | D49: 0038 | E49: 36000 | F49: 16000
C50: (0039 + 0040 + 0041 + 0042 + 0043)
B51: 204 | C51: 1. Потраживања од купаца у земљи | D51: 0039 | E51: 36000 | F51: 16000
B52: 205 | C52: 2. Потраживања од купаца у иностранству | D52: 0040
B53: 200 и 202 | C53: 3. Потраживања од матичног, зависних и осталих повезаних лица у земљи | D53: 0041
B54: 201 и 203 | C54: 4. Потраживања од матичног, зависних и осталих повезаних лица у иностранству | D54: 0042
B55: 206 | C55: 5. Остала потраживања по основу продаје | D55: 0043
B56: 21, 22 и 27 | C56: IV. ОСТАЛА КРАТКОРОЧНА ПОТРАЖИВАЊА | D56: 0044 | E56: 600
C57: (0045 + 0046 + 0047)
B58: 21, 22 осим 223 и 224, и 27 | C58: 1. Остала потраживања | D58: 0045 | E58: 600
B59: 223 | C59: 2. Потраживања за више плаћен порез на добитак | D59: 0046
B60: 224 | C60: 3. Потраживања по основу преплаћених осталих пореза и доприноса | D60: 0047
B61: 23 | C61: V. КРАТКОРОЧНИ ФИНАНСИЈСКИ ПЛАСМАНИ | D61: 0048 | F61: 336
C62: (0049 + 0050 + 0051 + 0052 + 0053 + 0054 + 0055 + 0056)
B63: 230 | C63: 1. Краткорочни кредити и пласмани - матично и зависна правна лица | D63: 0049
B64: 231 | C64: 2. Краткорочни кредити и пласмани - остала повезана правна лица | D64: 0050
B65: 232, 234 (део) | C65: 3. Краткорочни кредити, зајмови и пласмани у земљи | D65: 0051 | F65: 336
B66: 233, 234 (део) | C66: 4. Kраткорочни кредити, зајмови и пласмани у иностранству | D66: 0052
B67: 235 | C67: 5. Хартије од вредности које се вреднују по амортизованој вредности | D67: 0053
B68: 236 (део) | C68: 6. Финансијска средства која се вреднују по фер вредности кроз Биланс успеха | D68: 0054
B69: 237 | C69: 7. Откупљене сопствене акције и откупљени сопствени удели | D69: 0055
B70: 236 (део), 238 и 239 | C70: 8. Остали краткорочни финансијски пласмани | D70: 0056
B71: 24 | C71: VI. ГОТОВИНА И ГОТОВИНСКИ ЕКВИВАЛЕНТИ | D71: 0057 | E71: 14000 | F71: 15736
B72: 28 (део), осим 288 | C72: VII. КРАТКОРОЧНА АКТИВНА ВРЕМЕНСКА РАЗГРАНИЧЕЊА | D72: 0058 | E72: 400 | F72: 19000
C73: Д. УКУПНА АКТИВА = ПОСЛОВНА ИМОВИНА (0001 + 0002 + 0029 + 0030) | D73: 0059 | E73: 103406 | F73: 103812
B74: 88 | C74: Ђ. ВАНБИЛАНСНА АКТИВА | D74: 0060 | E74: 274 | F74: 274
C75: ПАСИВА
C76: A. КАПИТАЛ | D76: 0401 | E76: 69586 | F76: 59511
C77: (0402 + 0403 + 0404 + 0405 + 0406 - 0407 + 0408 + 0411 - 0412) ≥ 0
B78: 30, осим 306 | C78: I. ОСНОВНИ КАПИТАЛ | D78: 0402 | E78: 17263 | F78: 17263
B79: 31 | C79: II. УПИСАНИ А НЕУПЛАЋЕНИ КАПИТАЛ | D79: 0403
B80: 306 | C80: III. ЕМИСИОНА ПРЕМИЈА | D80: 0404
B81: 32 | C81: IV. РЕЗЕРВЕ | D81: 0405 | E81: 12102 | F81: 12102
B82: 330 и потражни салдо рачуна 331,332, 333, 334, 335, 336 и 337 | C82: V. ПОЗИТИВНЕ РЕВАЛОРИЗАЦИОНЕ РЕЗЕРВЕ И НЕРЕАЛИЗОВАНИ ДОБИЦИ ПО ОСНОВУ ФИНАНСИЈСКИХ СРЕДСТАВА И ДРУГИХ КОМПОНЕНТИ ОСТАЛОГ СВЕОБУХВАТНОГ РЕЗУЛТАТА | D82: 0406
B83: дуговни салдо рачуна 331, 332, 333, 334, 335, 336 и 337 | C83: VI. НЕРЕАЛИЗОВАНИ ГУБИЦИ ПО ОСНОВУ ФИНАНСИЈСКИХ СРЕДСТАВА И ДРУГИХ КОМПОНЕНТИ ОСТАЛОГ СВЕОБУХВАТНОГ РЕЗУЛТАТА | D83: 0407
B84: 34 | C84: VII. НЕРАСПОРЕЂЕНИ ДОБИТАК (0409 + 0410) | D84: 0408 | E84: 41580 | F84: 41106
B85: 340 | C85: 1. Нераспоређени добитак ранијих година | D85: 0409 | E85: 41324 | F85: 41106
B86: 341 | C86: 2. Нераспоређени добитак текуће године | D86: 0410 | E86: 256
C87: VIII. УЧЕШЋА БЕЗ ПРАВА КОНТРОЛЕ | D87: 0411
B88: 35 | C88: IX. ГУБИТАК (0413 + 0414) | D88: 0412 | E88: 1359 | F88: 10960
B89: 350 | C89: 1. Губитак ранијих година | D89: 0413 | E89: 1359 | F89: 6116
B90: 351 | C90: 2. Губитак текуће године | D90: 0414 | F90: 4844
C91: Б. ДУГОРОЧНА РЕЗЕРВИСАЊА И ДУГОРОЧНЕ ОБАВЕЗЕ | D91: 0415 | E91: 8000 | F91: 8900
C92: (0416 + 0420 + 0428)
B93: 40 | C93: I. ДУГОРОЧНА РЕЗЕРВИСАЊА | D93: 0416 | E93: 8000 | F93: 8900
C94: (0417+0418+0419)
B95: 404 | C95: 1. Резервисања за накнаде и друге бенефиције запослених | D95: 0417 | E95: 8000 | F95: 8900
B96: 400 | C96: 2. Резервисања за трошкове у гарантном року | D96: 0418
B97: 40, осим 400 и 404 | C97: 3. Остала дугорочна резервисања | D97: 0419
B98: 41 | C98: II. ДУГОРОЧНЕ ОБАВЕЗЕ | D98: 0420
C99: (0421 + 0422 + 0423 + 0424 + 0425 + 0426 + 0427)
B100: 410 | C100: 1. Обавезе које се могу конвертовати у капитал | D100: 0421
...

Sheet Sheet4
E1: Прилог 1а
A2: БИЛАНС УСПЕХА
A3: за период од 01.01.2023. до 31.12.2023. године
E4: у 000 динара
A5: Група рачуна, рачун | B5: П О З И Ц И Ј А | C5: АОП | D5: План 01.01-31.12.2023. | E5: Реализација (процена) 01.01-31.12.2023.
A6: 1 | B6: 2 | C6: 3 | D6: 4 | E6: 5
B7: A. ПОСЛОВНИ ПРИХОДИ | C7: 1001 | E7: 174031
B8: (1002 + 1005 + 1008 + 1009 - 1010 + 1011 + 1012) | D8: 181080
A9: 60 | B9: I. ПРИХОДИ ОД ПРОДАЈЕ РОБЕ (1003 + 1004) | C9: 1002 | D9: 66145 | E9: 68911
A10: 600, 602 и 604 | B10: 1. Приходи од продаје робе на домаћем тржишту | C10: 1003 | D10: 66145 | E10: 68911
A11: 601, 603 и 605 | B11: 2. Приходи од продаје роба на иностраном тржишту | C11: 1004
A12: 61 | B12: II. ПРИХОДИ ОД ПРОДАЈЕ ПРОИЗВОДА И УСЛУГА (1006 + 1007) | C12: 1005 | D12: 112946 | E12: 101174
A13: 610, 612 и 614 | B13: 1. Приходи од продаје производа и услуга на домаћем тржишту | C13: 1006 | D13: 112946 | E13: 101174
A14: 611, 613 и 615 | B14: 2. Приходи од продаје производа и услуга на иностраном тржишту | C14: 1007
A15: 62 | B15: III. ПРИХОДИ ОД АКТИВИРАЊА УЧИНАКА И РОБЕ | C15: 1008 | D15: 837 | E15: 1100
A16: 630 | B16: IV. ПОВЕЋАЊЕ ВРЕДНОСТИ ЗАЛИХА НЕДОВРШЕНИХ И ГОТОВИХ ПРОИЗВОДА | C16: 1009
A17: 631 | B17: V. СМАЊЕЊЕ ВРЕДНОСТИ ЗАЛИХА НЕДОВРШЕНИХ И ГОТОВИХ ПРОИЗВОДА | C17: 1010
A18: 64 и 65 | B18: VI. ОСТАЛИ ПОСЛОВНИ ПРИХОДИ | C18: 1011 | D18: 1152 | E18: 2846
A19: 68, осим 683, 685 и 686 | B19: VII. ПРИХОДИ ОД УСКЛАЂИВАЊА ВРЕДНОСТИ ИМОВИНЕ (ОСИМ ФИНАНСИЈСКЕ) | C19: 1012
B20: Б. ПОСЛОВНИ РАСХОДИ (1014 + 1015 + 1016 + 1020 + 1021 + 1022 + 1023 + 1024) | C20: 1013 | D20: 181804 | E20: 180921
A21: 50 | B21: I. НАБАВНА ВРЕДНОСТ ПРОДАТЕ РОБЕ | C21: 1014 | D21: 54036 | E21: 62747
A22: 51 | B22: II. ТРОШКОВИ МАТЕРИЈАЛА, ГОРИВА И ЕНЕРГИЈЕ | C22: 1015 | D22: 28420 | E22: 26212
A23: 52 | B23: III. ТРОШКОВИ ЗАРАДА, НАКНАДА ЗАРАДА И ОСТАЛИ ЛИЧНИ РАСХОДИ (1017 + 1018 + 1019) | C23: 1016 | D23: 71517 | E23: =E24+E25+E26 -> 69845
A24: 520 | B24: 1. Трошкови зарада и накнада зарада | C24: 1017 | D24: 56259 | E24: 54061
A25: 521 | B25: 2. Трошкови пореза и доприноса на зараде и накнаде зарада | C25: 1018 | D25: 8523 | E25: 8190
A26: 52 осим 520 и 521 | B26: 3. Остали лични расходи и накнаде | C26: 1019 | D26: 6735 | E26: 7594
A27: 540 | B27: IV. ТРОШКОВИ АМОРТИЗАЦИЈЕ | C27: 1020 | D27: 6800 | E27: 6126
A28: 58, осим 583, 585 и 586 | B28: V. РАСХОДИ ОД УСКЛАЂИВАЊА ВРЕДНОСТИ ИМОВИНЕ (ОСИМ ФИНАНСИЈСКЕ) | C28: 1021
A29: 53 | B29: VI. ТРОШКОВИ ПРОИЗВОДНИХ УСЛУГА | C29: 1022 | D29: 10750 | E29: 7625
A30: 54, осим 540 | B30: VII. ТРОШКОВИ РЕЗЕРВИСАЊА | C30: 1023 | D30: 1000 | E30: 1000
A31: 55 | B31: VIII. НЕМАТЕРИЈАЛНИ ТРОШКОВИ | C31: 1024 | D31: 9281 | E31: 7366
B32: В. ПОСЛОВНИ ДОБИТАК (1001 - 1013) ≥ 0 | C32: 1025
B33: Г. ПОСЛОВНИ ГУБИТАК (1013 - 1001) ≥ 0 | C33: 1026 | D33: 724 | E33: =E20-E7 -> 6890
B34: Д. ФИНАНСИЈСКИ ПРИХОДИ | C34: 1027 | D34: 1047 | E34: 1000
B35: (1028 + 1029 + 1030 + 1031)
A36: 660 и 661 | B36: I. ФИНАНСИЈСКИ ПРИХОДИ ИЗ ОДНОСА СА МАТИЧНИМ, ЗАВИСНИМ И ОСТАЛИМ ПОВЕЗАНИМ ЛИЦИМА | C36: 1028
A37: 662 | B37: II. ПРИХОДИ ОД КАМАТА | C37: 1029 | D37: 1047 | E37: 1000
A38: 663 и 664 | B38: III. ПОЗИТИВНЕ КРУСНЕ РАЗЛИКЕ И ПОЗИТИВНИ ЕФЕКТИ ВАЛУТНЕ КЛАУЗУЛЕ | C38: 1030
A39: 665 и 669 | B39: IV. ОСТАЛИ ФИНАНСИЈСКИ ПРИХОДИ | C39: 1031
B40: Ђ. ФИНАНСИЈСКИ РАСХОДИ | C40: 1032 | D40: 100
B41: (1033 + 1034 + 1035 + 1036)
A42: 560 и 561 | B42: I. ФИНАНСИЈСКИ РАСХОДИ ИЗ ОДНОСА СА МАТИЧНИМ, ЗАВИСНИМ И ОСТАЛИМ ПОВЕЗАНИМ ЛИЦИМА | C42: 1033
A43: 562 | B43: II. РАСХОДИ КАМАТА | C43: 1034 | D43: 100
A44: 563 и 564 | B44: III. НЕГАТИВНЕ КУРСНЕ РАЗЛИКЕ И НЕГАТИВНИ ЕФЕКТИ ВАЛУТНЕ КЛАУЗУЛЕ | C44: 1035
A45: 565 и 569 | B45: IV. ОСТАЛИ ФИНАНСИЈСКИ РАСХОДИ | C45: 1036
B46: E. ДОБИТАК ИЗ ФИНАНСИРАЊА (1027 - 1032) ≥ 0 | C46: 1037 | D46: 947 | E46: 1000
B47: Ж. ГУБИТАК ИЗ ФИНАНСИРАЊА (1032 - 1027) ≥ 0 | C47: 1038
A48: 683, 685 и 686 | B48: З. ПРИХОДИ ОД УСКЛАЂИВАЊА ВРЕДНОСТИ ФИНАНСИЈСКЕ ИМОВИНЕ КОЈА СЕ ИСКАЗУЈЕ ПО ФЕР ВРЕДНОСТИ КРОЗ БИЛАНС УСПЕХА | C48: 1039 | D48: 209 | E48: 1200
A49: 583, 585 и 586 | B49: И. РАСХОДИ ОД УСКЛАЂИВАЊА ВРЕДНОСТИ ФИНАНСИЈСКЕ ИМОВИНЕ КОЈА СЕ ИСКАЗУЈЕ ПО ФЕР ВРЕДНОСТИ КРОЗ БИЛАНС УСПЕХА | C49: 1040 | D49: 300 | E49: 300
A50: 67 | B50: J. ОСТАЛИ ПРИХОДИ | C50: 1041 | D50: 524 | E50: 560
A51: 57 | B51: K. ОСТАЛИ РАСХОДИ | C51: 1042 | D51: 400 | E51: 414
B52: Л. УКУПНИ ПРИХОДИ | C52: 1043 | D52: 182860 | E52: 176791
B53: (1001 + 1027 + 1039 + 1041)
B54: Љ. УКУПНИ РАСХОДИ | C54: 1044 | D54: 182604 | E54: 181635
B55: (1013 + 1032 + 1040 + 1042)
B56: M. ДОБИТАК ИЗ РЕДОВНОГ ПОСЛОВАЊА ПРЕ ОПОРЕЗИВАЊА (1043 - 1044) ≥ 0 | C56: 1045 | D56: 256
B57: Н. ГУБИТАК ИЗ РЕДОВНОГ ПОСЛОВАЊА ПРЕ ОПОРЕЗИВАЊА (1044 - 1043) ≥ 0 | C57: 1046 | E57: 4844
A58: 69-59 | B58: Њ. ПОЗИТИВАН НЕТО ЕФЕКАТ НА РЕЗУЛТАТ ПО ОСНОВУ ДОБИТКА ПОСЛОВАЊА КОЈЕ СЕ ОБУСТАВЉА, ПРОМЕНА РАЧУНОВОДСТВЕНИХ ПОЛИТИКА И ИСПРАВКИ ГРЕШАКА ИЗ РАНИЈИХ ПЕРИОДА | C58: 1047
A59: 59- 69 | B59: O. НЕГАТИВАН НЕТО ЕФЕКАТ НА РЕЗУЛТАТ ПО ОСНОВУ ГУБИТКА ПОСЛОВАЊА КОЈЕ СЕ ОБУСТАВЉА, ПРОМЕНА РАЧУНОВОДСТВЕНИХ ПОЛИТИКА И ИСПРАВКИ ГРЕШАКА ИЗ РАНИЈИХ ПЕРИОДА | C59: 1048
B60: П. ДОБИТАК ПРЕ ОПОРЕЗИВАЊА | C60: 1049
B61: (1045 - 1046 + 1047 - 1048) ≥ 0
B62: Р. ГУБИТАК ПРЕ ОПОРЕЗИВАЊА | C62: 1050
B63: (1046 - 1045 + 1048 - 1047) ≥ 0
B64: С. ПОРЕЗ НА ДОБИТАК
A65: 721 | B65: I. ПОРЕСКИ РАСХОД ПЕРИОДА | C65: 1051
A66: 722 дуг. салдо | B66: II. ОДЛОЖЕНИ ПОРЕСКИХ РАСХОДИ ПЕРИОДА | C66: 1052
A67: 722 пот. салдо | B67: III. ОДЛОЖЕНИ ПОРЕСКИ ПРИХОДИ ПЕРИОДА | C67: 1053
A68: 723 | B68: T. ИСПЛАЋЕНА ЛИЧНА ПРИМАЊА ПОСЛОДАВЦА | C68: 1054
B69: Ћ. НЕТО ДОБИТАК | C69: 1055 | D69: 256
B70: (1049 - 1050 -1051 - 1052 + 1053 - 1054) ≥ 0
B71: У. НЕТО ГУБИТАК | C71: 1056 | E71: 4844
B72: (1050 - 1049 + 1051 + 1052 - 1053 + 1054) ≥ 0
B73: I. НЕТО ДОБИТАК КОЈИ ПРИПАДА УЧЕШЋИМА БЕЗ ПРАВА КОНТРОЛЕ | C73: 1057
B74: II. НЕТО ДОБИТАК КОЈИ ПРИПАДА МАТИЧНОМ ПРАВНОМ ЛИЦУ | C74: 1058
B75: III. НЕТО ГУБИТАК КОЈИ ПРИПАДА УЧЕШЋИМА БЕЗ ПРАВА КОНТРОЛЕ | C75: 1059
B76: IV. НЕТО ГУБИТАК КОЈИ ПРИПАДА МАТИЧНОМ ПРАВНОМ ЛИЦУ | C76: 1060
B77: V. ЗАРАДА ПО АКЦИЈИ
B78: 1. Основна зарада по акцији | C78: 1061
B79: 2. Умањена (разводњена) зарада по акцији | C79: 1062

Sheet Sheet5
D1: Прилог 1б
A2: ИЗВЕШТАЈ О ТОКОВИМА ГОТОВИНЕ
A3: у периоду од 01.01. до 31.12.2023. године
D4: у 000 динара
A5: П О З И Ц И Ј А | B5: АОП | C5: План 01.01-31.12.2023. | D5: Реализација (процена) 01.01-31.12.2023.
A6: 1 | B6: 2 | C6: 3 | D6: 4
A7: A. ТОКОВИ ГОТОВИНЕ ИЗ ПОСЛОВНИХ АКТИВНОСТИ
A8: I. Приливи готовине из пословних активности (1 до 4) | B8: 3001 | C8: 193600 | D8: 194731
A9: 1. Продаја и примљени аванси у земљи | B9: 3002 | C9: 189000 | D9: 190000
A10: 2. Продаја и примљени аванси у иностранству | B10: 3003
A11: 3. Примљене камате из пословних активности | B11: 3004 | C11: 600 | D11: 100
A12: 4. Oстали приливи из редовног пословања | B12: 3005 | C12: 4000 | D12: 4631
A13: II. Одливи готовине из пословних активности (1 до 8) | B13: 3006 | C13: 193600 | D13: 196284
A14: 1. Исплате добављачима и дати аванси у земљи | B14: 3007 | C14: 111900 | D14: 112000
A15: 2. Исплате добављачима и дати аванси у иностранству | B15: 3008
A16: 3. Зараде, накнаде зарада и остали лични расходи | B16: 3009 | C16: 68000 | D16: 68225
A17: 4. Плаћене камате у земљи | B17: 3010
A18: 5. Плаћене камате у иностранству | B18: 3011
A19: 6. Порез на добитак | B19: 3012 | C19: 700 | D19: 612
A20: 7. Одливи по основу осталих јавних прихода | B20: 3013 | C20: 13000 | D20: 14210
A21: 8. Остали одливи из пословних активности | B21: 3014 | D21: 1237
A22: III. Нето прилив готовине из пословних активности (I - II) | B22: 3015
A23: IV. Нето одлив готовине из пословних активности (II - I) | B23: 3016 | D23: 1553
A24: Б. ТОКОВИ ГОТОВИНЕ ИЗ АКТИВНОСТИ ИНВЕСТИРАЊА
A25: I. Приливи готовине из активности инвестирања (1 до 5) | B25: 3017
A26: 1. Продаја акција и удела | B26: 3018
A27: 2. Продаја нематеријалне имовине, некретнина, постројења, опреме и биолошких средстава | B27: 3019
A28: 3. Остали финансијски пласмани | B28: 3020
A29: 4. Примљене камате из активности инвестирања | B29: 3021
A30: 5. Примљене дивиденде | B30: 3022
A31: II. Одливи готовине из активности инвестирања (1 до 3) | B31: 3023
A32: 1. Куповина акција и удела | B32: 3024
A33: 2. Куповина нематеријалне имовине, некретнина, постројења, опреме и биолошких средстава | B33: 3025
A34: 3. Остали финансијски пласмани | B34: 3026
A35: III. Нето прилив готовине из активности инвестирања (I - II) | B35: 3027
A36: IV. Нето одлив готовине из активности инвестирања (II - I) | B36: 3028
A37: В. ТОКОВИ ГОТОВИНЕ ИЗ АКТИВНОСТИ ФИНАНСИРАЊА
A38: I. Приливи готовине из активности финансирања (1 до 7) | B38: 3029
A39: 1. Увећање основног капитала | B39: 3030
A40: 2. Дугорочни кредити у земљи | B40: 3031
A41: 3. Дугорочни кредити у иностранству | B41: 3032
A42: 4. Краткорочни кредити у земљи | B42: 3033
A43: 5. Краткорочни кредити у иностранству | B43: 3034
A44: 6. Остале дугорочне обавезе | B44: 3035
A45: 7. Остале краткорочне обавезе | B45: 3036
A46: II. Одливи готовине из активности финансирања (1 до 8) | B46: 3037
A47: 1. Откуп сопствених акција и удела | B47: 3038
A48: 2. Дугорочни кредити у земљи | B48: 3039
A49: 3. Дугорочни кредити у иностранству | B49: 3040
... A56: IV. Нето одлив готовине из активности финансирања (II - I) | B56: 3047
A57: Г. СВЕГА ПРИЛИВ ГОТОВИНЕ (3001 + 3017 + 3029) | B57: 3048 | C57: 193600 | D57: 194731
A58: Д. СВЕГА ОДЛИВ ГОТОВИНЕ (3006 + 3023 + 3037) | B58: 3049 | C58: 193600 | D58: 196284
A59: Ђ. НЕТО ПРИЛИВ ГОТОВИНЕ (3048 - 3049) ≥ 0 | B59: 3050
A60: E. НЕТО ОДЛИВ ГОТОВИНЕ (3049 - 3048) ≥ 0 | B60: 3051 | D60: 1553
A61: Ж. ГОТОВИНА НА ПОЧЕТКУ ОБРАЧУНСКОГ ПЕРИОДА | B61: 3052 | C61: 14000 | D61: 17289
A62: З. ПОЗИТИВНЕ КУРСНЕ РАЗЛИКЕ ПО ОСНОВУ ПРЕРАЧУНА ГОТОВИНЕ | B62: 3053
A63: И. НЕГАТИВНЕ КУРСНЕ РАЗЛИКЕ ПО ОСНОВУ ПРЕРАЧУНА ГОТОВИНЕ | B63: 3054
A64: J. ГОТОВИНА НА КРАЈУ ОБРАЧУНСКОГ ПЕРИОДА | B64: 3055 | C64: 14000 | D64: 15736
A65: (3050 - 3051 + 3052 + 3053 - 3054)

Sheet Sheet6
I1: Прилог 2
A3: Циљеви јавног предузећа са кључним индикаторима остварења циљева
A5: Циљ | B5: Индикатор | C5: Базна година | D5: Вредност индикатора | H5: Извор провере | I5: Активност за достизање циља
D6: Базна година | E6: 2024. година | F6: 2025. година | G6: 2026. година
A7: замена водомера са даљинским очитавањем | B7: број водомера | C7: 2023 | D7: 7 | E7: 40 | F7: 40 | G7: 40 | H7: Сектор водовода и канализације | I7: набавка водомера и адаптера, повећање ефикасности очитавања
A8: замена водомера -сервис | B8: број водомера | C8: 2023 | D8: 231 | E8: 250 | F8: 300 | G8: 300 | H8: Сектор водовода и канализације | I8: баждарење водомера
A9: повећање потрошње гаса | B9: број нових прикључака | C9: 2023 | D9: 18 | E9: 15 | F9: 15 | G9: 15 | H9: Сектор за дистрибуцију гаса | I9: одобравање повољнијих услова плаћања
A10: Смањење губтака на дистибутивном систему | B10: Број замењених гасомера | C10: 2023 | D10: 46 | E10: 110 | F10: 120 | G10: 120 | H10: Сектор за дистрибуцију гаса | I10: набавка нових и замена старих гасомера
A11: Смањење губтака на дистибутивном систему | B11: Број замењених гасомера | C11: 2023 | D11: 130 | E11: 320 | F11: 320 | G11: 320 | H11: Сектор за дистрибуцију гаса | I11: баждарење и замена старих гасомера

Sheet Sheet7
J1: Прилог 3
A2: 1 | B2: Ниска вероватноћа | C2: 1 | D2: Низак утицај
A3: 2 | B3: Умерена вероватноћа | C3: 2 | D3: Умерен утицај
A4: 3 | B4: Висока вероватноћа | C4: 3 | D4: Висок утицај
B5: Пословни ризици и план управљања ризицима
B7: Ризик | C7: Вероватноћа ризика (1) | E7: Утицај ризика (2) | G7: Укупно (3) | I7: Процењен финансијски ефекат у случају настанка ризика (у 000 дин) | J7: Планиране активности у случају појаве ризика
C8: Избор | D8: Вероватноћа | E8: Избор | F8: Утицај | G8: 3=1*2 | H8: Ефекат ризика
B9: Застарелост потраживања од купаца | C9: 3 | D9: Висока вероватноћа | E9: 3 | F9: Висок утицај | G9: 9 | H9: Критичан ризик | I9: Умањење укупног прихода више од 20% | J9: Слање опомена, утуживање потраживања.репрограми потраживања
B10: Прецизно утврђивање процене вредности јабвне набваке | C10: 3 | D10: Висока вероватноћа | E10: 3 | F10: Висок утицај | G10: 9 | H10: Критичан ризик | I10: Умањење укупног прихода више од 10% | J10: Контрола израде техничке документације,прецизније утврђивање цена по основу детаљне анализе и истраживања тржишта
B30: НАПОМЕНА:
B31: Колона "Вероватноћа ризика" се попуњава по следећој шеми избором из падајућег менија:
B32: Број 1 - Ниска вероватноћа
B33: Број 2 - Умерена вероватноћа
B34: Број 3 - Висока вероватноћа
B36: Колона "Утицај ризика" се попуњава по следећој шеми избором из падајућег менија:
B37: Број 1 - Низак утицај
B38: Број 2 - Умерен утицај
B39: Број 3 - Висок утицај
B41: Колона "Укупно" се попуњава аутоматски

Sheet Sheet8
E1: Прилог 4
A3: Приказ планираних и реализованих индикатора пословања
F5: у 000 динара
C6: 2021. година | D6: 2022. година | E6: 2023. година | F6: 2024. година
A7: Укупни капитал | B7: План | C7: 64822 | D7: 67605 | E7: 69586 | F7: 59631
B8: Реализација | C8: 69329 | D8: 64355 | E8: 59511 | F8: -
B9: % одступања реализације од плана | C9: =IFERROR(C8/C7-1,0) -> 0.069528864 | D9: =IFERROR(D8/D7-1,0) -> -0.048073367 | E9: =IFERROR(E8/E7-1,0) -> -0.14478487 | F9: -
A10: % одступања реализације у односу на реализацију претходне године | C10: - | D10: =IFERROR(D8/C8-1,0) -> -0.071744869 | E10: =IFERROR(E8/D8-1,0) -> -0.075269987 | F10: =IFERROR(F7/E8-1,0) -> 0.0020164339
A11: Укупна имовина | B11: План | C11: 99972 | D11: 114329 | E11: 103400 | F11: 103468
B12: Реализација | C12: 107511 | D12: 104305 | E12: 103812 | F12: -
B13: % одступања реализације од плана | C13: =IFERROR(C12/C11-1,0) -> 0.075411115 | D13: =IFERROR(D12/D11-1,0) -> -0.087676792 | E13: =IFERROR(E12/E11-1,0) -> 0.0039845261 | F13: -
A14: % одступања реализације у односу на реализацију претходне године | C14: - | D14: =IFERROR(D12/C12-1,0) -> -0.029820204 | E14: =IFERROR(E12/D12-1,0) -> -0.0047265232 | F14: =IFERROR(F11/E12-1,0) -> -0.0033136824
A15: Пословни приходи | B15: План | C15: 151374 | D15: 168790 | E15: 181080 | F15: 211953
B16: Реализација | C16: 160679 | D16: 164015 | E16: 174031 | F16: -
B17: % одступања реализације од плана | C17: =IFERROR(C16/C15-1,0) -> 0.061470266 | D17: =IFERROR(D16/D15-1,0) -> -0.028289591 | E17: =IFERROR(E16/E15-1,0) -> -0.038927546 | F17: -
A18: % одступања реализације у односу на реализацију претходне године | C18: - | D18: =IFERROR(D16/C16-1,0) -> 0.020761892 | E18: =IFERROR(E16/D16-1,0) -> 0.061067585 | F18: =IFERROR(F15/E16-1,0) -> 0.21790371
A19: Пословни расходи | B19: План | C19: 151353 | D19: 168784 | E19: 181804 | F19: 214558
B20: Реализација | C20: 154079 | D20: 170150 | E20: 180921 | F20: -
B21: % одступања реализације од плана | C21: =IFERROR(C20/C19-1,0) -> 0.018010875 | D21: =IFERROR(D20/D19-1,0) -> 0.0080931842 | E21: =IFERROR(E20/E19-1,0) -> -0.0048568788 | F21: -
A22: % одступања реализације у односу на реализацију претходне године | C22: - | D22: =IFERROR(D20/C20-1,0) -> 0.10430364 | E22: =IFERROR(E20/D20-1,0) -> 0.063302968 | F22: =IFERROR(F19/E20-1,0) -> 0.18592093
A23: Пословни резултат | B23: План | C23: =C15-C19 -> 21 | D23: =D15-D19 -> 6 | E23: =E15-E19 -> -724 | F23: =F15-F19 -> -2605
B24: Реализација | C24: =C16-C20 -> 6600 | D24: =D16-D20 -> -6135 | E24: =E16-E20 -> -6890 | F24: -
B25: % одступања реализације од плана | C25: =IFERROR(C24/C23-1,0) -> 313.28571 | D25: =IFERROR(D24/D23-1,0) -> -1023.5 | E25: =IFERROR(E24/E23-1,0) -> 8.5165746 | F25: -
A26: % одступања реализације у односу на реализацију претходне године | C26: - | D26: =IFERROR(D24/C24-1,0) -> -1.9295455 | E26: =IFERROR(E24/D24-1,0) -> 0.12306438 | F26: =IFERROR(F23/E24-1,0) -> -0.62191582
A27: Нето резултат | B27: План | C27: 331 | D27: 266 | E27: 256 | F27: 120
B28: Реализација | C28: 4349 | D28: -4757 | E28: -4844 | F28: -
B29: % одступања реализације од плана | C29: =IFERROR(C28/C27-1,0) -> 12.138973 | D29: =IFERROR(D28/D27-1,0) -> -18.883459 | E29: =IFERROR(E28/E27-1,0) -> -19.921875 | F29: -
A30: % одступања реализације у односу на реализацију претходне године | C30: - | D30: =IFERROR(D28/C28-1,0) -> -2.0938147 | E30: =IFERROR(E28/D28-1,0) -> 0.018288838 | F30: =IFERROR(F27/E28-1,0) -> -1.0247729
A32: Број запослених на дан 31.12. | B32: План | C32: 52 | D32: 51 | E32: 50 | F32: 49
B33: Реализација | C33: 50 | D33: 49 | E33: 49 | F33: -
B34: % одступања реализације од плана | C34: =IFERROR(C33/C32-1,0) -> -0.038461538 | D34: =IFERROR(D33/D32-1,0) -> -0.039215686 | E34: =IFERROR(E33/E32-1,0) -> -0.02 | F34: -
A35: % одступања реализације у односу на реализацију претходне године | C35: - | D35: =IFERROR(D33/C33-1,0) -> -0.02 | E35: =IFERROR(E33/D33-1,0) -> 0 | F35: =IFERROR(F32/E33-1,0) -> 0
A36: Просечна нето зарада | B36: План | C36: 57268 | D36: 63004 | E36: 67868 | F36: 76283
B37: Реализација | C37: 57145 | D37: 61833 | E37: 67511 | F37: -
B38: % одступања реализације од плана | C38: =IFERROR(C37/C36-1,0) -> -0.0021477963 | D38: =IFERROR(D37/D36-1,0) -> -0.018586122 | E38: =IFERROR(E37/E36-1,0) -> -0.005260211 | F38: -
A39: % одступања реализације у односу на реализацију претходне године | C39: - | D39: =IFERROR(D37/C37-1,0) -> 0.082036924 | E39: =IFERROR(E37/D37-1,0) -> 0.091827988 | F39: =IFERROR(F36/E37-1,0) -> 0.12993438
A41: Инвестиције | B41: План
B42: Реализација | F42: -
B43: % одступања реализације од плана | C43: =IFERROR(C42/C41-1,0) -> 0 | D43: =IFERROR(D42/D41-1,0) -> 0 | E43: =IFERROR(E42/E41-1,0) -> 0 | F43: -
A44: % одступања реализације у односу на реализацију претходне године | C44: - | D44: =IFERROR(D42/C42-1,0) -> 0 | E44: =IFERROR(E42/D42-1,0) -> 0 | F44: =IFERROR(F41/E42-1,0) -> 0
A46: Напомена: У последњој колони код % одступања реализације у односу на реализацију претходне године, пореде се план за 2024. годину и реализација из 2023. године.
A50: Просечна нето зарада = збир свих исплаћених нето зарада у години / 12 / број запослених

Sheet Sheet9
C3: 2021. година реализација | D3: 2022. година реализација | E3: 2023. година реализација (процена) | F3: План 2024. година
A4: EBITDA | C4: 6078 | D4: 1645 | E4: 1282 | F4: 6120
A5: ROA | C5: 4
A6: ROE | C6: 6
A7: Оперативни новчани ток
A8: Дуг / капитал | C8: 55 | D8: 62 | E8: 74 | F8: 74
A9: Ликвидност | C9: 156 | D9: 156 | E9: 149 | F9: 164
A10: % зарада у пословним приходима | C10: 39 | D10: 40 | E10: 40 | F10: 37
F12: у 000 динара
C13: Стање на дан 31.12.2021. | D13: Стање на дан 31.12.2022. | E13: Стање на дан 31.12.2023. | F13: План на дан 31.12.2024.
A14: Кредитно задужење без гаранције државе
A15: Кредитно задужење са гаранцијом државе
A16: Укупно кредитно задужење | C16: =SUM(C14:C15) -> 0 | D16: =SUM(D14:D15) -> 0 | E16: =SUM(E14:E15) -> 0 | F16: =SUM(F14:F15) -> 0
F18: у 000 динара
C19: 2021. година | D19: 2022. година | E19: 2023. година | F19: План 2024. година
A20: Субвенције | B20: План
B21: Пренето | C21: 47 | F21: -
B22: Реализовано | C22: 47 | F22: -
A23: Остали приходи из буџета | B23: План
B24: Пренето | D24: 1836 | E24: 1956 | F24: -
B25: Реализовано | D25: 1836 | E25: 1956 | F25: -
A26: Укупно приходи из буџета | B26: План
B27: Пренето | C27: 47 | D27: 1836 | E27: 1956 | F27: -
B28: Реализовано | C28: 47 | D28: 1836 | E28: 1956 | F28: -
A34: НАПОМЕНА:
A35: EBITDA (Earnings before Interest, Taxes, Depreciation and Amortization) представља добитак предузећа пре опорезивања који се добија када се одузму само оперативни трошкови, а без искључивања трошкова камате и амортизације. Рачуна се тако што се добитак/губитак пре опорезивања коригује за расходе камата и амортизацију.
A39: ROA (Return on Assets) - Стопа приноса средстава рачуна се: (нето добит / укупна средства ) *100
A40: ROE (Return on Еquity) - Стопа приноса капитала рачуна се: (нето добит / капитал)*100
A41: Оперативни новчани ток - новчани ток из пословних активности
A42: Дуг / капитал представља однос укупног дуга (дугорочна резервисања и обавезе, одложене пореске обавезе и краткорочна резервисања и краткорочне обавезе) и капитала (укупна ставка из пасиве биланса стања) *100.
A44: Ликвидност представља однос (обртна средства / краткорочне обавезе)*100.
A45: % зарада у пословним приходима - (Трошкови зарада, накнада зарада и остали лични расходи / пословни приходи)*100

Sheet Sheet10
G1: Прилог 5.
A2: БИЛАНС СТАЊА на дан 31.12.2024. године
G3: у 000 динара
A4: Група рачуна, рачун | B4: П О З И Ц И Ј А | C4: АОП | D4: Износ
D5: План 31.03.2024. | E5: План 30.06.2024. | F5: План 30.09.2024. | G5: План 31.12.2024.
A6: 1 | B6: 2 | C6: 3 | D6: 4 | E6: 5 | F6: 6 | G6: 7
B7: АКТИВА
A8: 00 | B8: A. УПИСАНИ А НЕУПЛАЋЕНИ КАПИТАЛ | C8: 0001
B9: Б. СТАЛНА ИМОВИНА | C9: 0002 | D9: =D11+D18 -> 49828 | E9: =E11+E18 -> 49754 | F9: =F11+F18 -> 48747 | G9: =G11+G18 -> 46664
B10: (0003 + 0009 + 0017 + 0018 + 0028)
A11: 01 | B11: I. НЕМАТЕРИЈАЛНА ИМОВИНА | C11: 0003 | D11: 12 | E11: 10 | F11: 7 | G11: 4
B12: (0004 + 0005 + 0006 + 0007 + 0008)
A13: 010 | B13: 1. Улагања у развој | C13: 0004
A14: 011, 012 и 014 | B14: 2. Концесије, патенти, лиценце, робне и услужне марке, софтвер и остала нематеријална имовина | C14: 0005 | D14: 12 | E14: 10 | F14: 7 | G14: 4
A15: 013 | B15: 3. Гудвил | C15: 0006
A16: 015 и 016 | B16: 4. Нематеријална имовина узета у лизинг и нематеријална имовина у припреми | C16: 0007
A17: 017 | B17: 5. Аванси за нематеријалну имовину | C17: 0008
A18: 02 | B18: II. НЕКРЕТНИНЕ, ПОСТРОЈЕЊА И ОПРЕМА | C18: 0009 | D18: =D20+D21 -> 49816 | E18: =E20+E21 -> 49744 | F18: =F20+F21 -> 48740 | G18: =G20+G21 -> 46660
B19: (0010 + 0011 + 0012 + 0013 + 0014 + 0015 + 0016)
A20: 020, 021 и 022 | B20: 1. Земљиште и грађевински објекти | C20: 0010 | D20: 25011 | E20: 24568 | F20: 24135 | G20: 23260
A21: 023 | B21: 2. Постројења и опрема | C21: 0011 | D21: 24805 | E21: 25176 | F21: 24605 | G21: 23400
A22: 024 | B22: 3. Инвестиционе некретнине | C22: 0012
A23: 025 и 027 | B23: 4. Некретнине, постројења и опрема узети у лизинг и некретнине, постројења и опрема у припреми | C23: 0013
A24: 026 и 028 | B24: 5. Остале некретнине, постројења и опрема и улагања на туђим некретнинама, постројењима и опреми | C24: 0014
A25: 029 (део) | B25: 6. Аванси за некретнине, постројења и опрему у земљи | C25: 0015
A26: 029 (део) | B26: 7. Аванси за некретнине, постројења и опрему у иностранству | C26: 0016
A27: 03 | B27: III. БИОЛОШКА СРЕДСТВА | C27: 0017
A28: 04 и 05 | B28: IV. ДУГОРОЧНИ ФИНАНСИЈСКИ ПЛАСМАНИ И ДУГОРОЧНА ПОТРАЖИВАЊА | C28: 0018
B29: (0019 + 0020 + 0021 + 0022 + 0023 + 0024 + 0025 + 0026 + 0027)
A30: 040 (део), 041 (део) и 042 (део) | B30: 1. Учешћа у капиталу правних лица (осим учешћа у капиталу која се вреднују методом учешћа) | C30: 0019
A31: 040 (део), 041 (део), 042 (део) | B31: 2. Учешћа у капиталу која се вреднују методом учешћа | C31: 0020
A32: 043, 050 (део) и 051 (део) | B32: 3. Дугорочни пласмани матичном, зависним и осталим повезаним лицима и дугорочна потраживања од тих лица у земљи | C32: 0021
A33: 044, 050 (део), 051 (део) | B33: 4. Дугорочни пласмани матичном, зависним и осталим повезаним лицима и дугорочна потраживања од тих лица у иностранству | C33: 0022
A34: 045 (део) и 053 (део) | B34: 5. Дугорочни пласмани (дати кредити и зајмови) у земљи | C34: 0023
A35: 045 (део) и 053 (део) | B35: 6. Дугорочни пласмани (дати кредити и зајмови) у иностранству | C35: 0024
A36: 046 | B36: 7. Дугорочна финансијска улагања (хартије од вредности које се вреднују по амортизованој вредности) | C36: 0025
A37: 047 | B37: 8. Откупљене сопствене акције и откупљени сопствени удели | C37: 0026
A38: 048, 052, 054, 055 и 056 | B38: 9. Остали дугорочни финансијски пласмани и остала дугорочна потраживања | C38: 0027
A39: 28 (део) осим 288 | B39: V. ДУГОРОЧНА АКТИВНА ВРЕМЕНСКА РАЗГРАНИЧЕЊА | C39: 0028
A40: 288 | B40: В. ОДЛОЖЕНА ПОРЕСКА СРЕДСТВА | C40: 0029
B41: Г. ОБРТНА ИМОВИНА | C41: 0030 | D41: =D43+D50+D57+D62+D72 -> 51775 | E41: =E43+E50+E57+E72 -> 50616 | F41: =F43+F50+F57+F72 -> 52097 | G41: =G43+G50+G57+G62+G72+G73 -> 56804
B42: (0031 + 0037 + 0038 + 0044 + 0048 + 0057+ 0058)
A43: Класа 1, осим групе рачуна 14 | B43: I. ЗАЛИХЕ (0032 + 0033 + 0034 + 0035 + 0036) | C43: 0031 | D43: =D44+D47 -> 2000 | E43: =E44+E47 -> 2180 | F43: =F44+F47 -> 2300 | G43: =G44+G47 -> 2200
A44: 10 | B44: 1. Материјал, резервни делови, алат и ситан инвентар | C44: 0032 | D44: 1800 | E44: 2000 | F44: 2100 | G44: 2000
A45: 11 и 12 | B45: 2. Недовршена производња и готови производи | C45: 0033
A46: 13 | B46: 3. Роба | C46: 0034
A47: 150, 152 и 154 | B47: 4. Плаћени аванси за залихе и услуге у земљи | C47: 0035 | D47: 200 | E47: 180 | F47: 200 | G47: 200
A48: 151, 153 и 155 | B48: 5. Плаћени аванси за залихе и услуге у иностранству | C48: 0036
A49: 14 | B49: II. СТАЛНА ИМОВИНА КОЈА СЕ ДРЖИ ЗА ПРОДАЈУ И ПРЕСТАНАК ПОСЛОВАЊА | C49: 0037
A50: 20 | B50: III. ПОТРАЖИВАЊА ПО ОСНОВУ ПРОДАЈЕ | C50: 0038 | D50: =D52 -> 36000 | E50: =E52 -> 35000 | F50: =F52 -> 30000 | G50: =G52 -> 20000
B51: (0039 + 0040 + 0041 + 0042 + 0043)
A52: 204 | B52: 1. Потраживања од купаца у земљи | C52: 0039 | D52: 36000 | E52: 35000 | F52: 30000 | G52: 20000
A53: 205 | B53: 2. Потраживања од купаца у иностранству | C53: 0040
A54: 200 и 202 | B54: 3. Потраживања од матичног, зависних и осталих повезаних лица у земљи | C54: 0041
A55: 201 и 203 | B55: 4. Потраживања од матичног, зависних и осталих повезаних лица у иностранству | C55: 0042
A56: 206 | B56: 5. Остала потраживања по основу продаје | C56: 0043
A57: 21, 22 и 27 | B57: IV. ОСТАЛА КРАТКОРОЧНА ПОТРАЖИВАЊА | C57: 0044 | D57: =D59 -> 820 | E57: =E59 -> 800 | F57: =F59 -> 400 | G57: =G59 -> 600
B58: (0045 + 0046 + 0047)
A59: 21, 22 осим 223 и 224, и 27 | B59: 1. Остала потраживања | C59: 0045 | D59: 820 | E59: 800 | F59: 400 | G59: 600
A60: 223 | B60: 2. Потраживања за више плаћен порез на добитак | C60: 0046
A61: 224 | B61: 3. Потраживања по основу преплаћених осталих пореза и доприноса | C61: 0047
A62: 23 | B62: V. КРАТКОРОЧНИ ФИНАНСИЈСКИ ПЛАСМАНИ | C62: 0048 | D62: =D66 -> 260 | G62: =G66 -> 350
B63: (0049 + 0050 + 0051 + 0052 + 0053 + 0054 + 0055 + 0056)
A64: 230 | B64: 1. Краткорочни кредити и пласмани - матично и зависна правна лица | C64: 0049
A65: 231 | B65: 2. Краткорочни кредити и пласмани - остала повезана правна лица | C65: 0050
A66: 232, 234 (део) | B66: 3. Краткорочни кредити, зајмови и пласмани у земљи | C66: 0051 | D66: 260 | G66: 350
A67: 233, 234 (део) | B67: 4. Kраткорочни кредити, зајмови и пласмани у иностранству | C67: 0052
A68: 235 | B68: 5. Хартије од вредности које се вреднују по амортизованој вредности | C68: 0053
A69: 236 (део) | B69: 6. Финансијска средства која се вреднују по фер вредности кроз Биланс успеха | C69: 0054
A70: 237 | B70: 7. Откупљене сопствене акције и откупљени сопствени удели | C70: 0055
A71: 236 (део), 238 и 239 | B71: 8. Остали краткорочни финансијски пласмани | C71: 0056
A72: 24 | B72: VI. ГОТОВИНА И ГОТОВИНСКИ ЕКВИВАЛЕНТИ | C72: 0057 | D72: 12695 | E72: 12636 | F72: 19397 | G72: 14654
A73: 28 (део), осим 288 | B73: VII. КРАТКОРОЧНА АКТИВНА ВРЕМЕНСКА РАЗГРАНИЧЕЊА | C73: 0058 | G73: 19000
B74: Д. УКУПНА АКТИВА = ПОСЛОВНА ИМОВИНА (0001 + 0002 + 0029 + 0030) | C74: 0059 | D74: =D9+D41 -> 101603 | E74: =E9+E41 -> 100370 | F74: =F9+F41 -> 100844 | G74: =G9+G41 -> 103468
A75: 88 | B75: Ђ. ВАНБИЛАНСНА АКТИВА | C75: 0060 | D75: 274 | E75: 274 | F75: 274 | G75: 274
B76: ПАСИВА
B77: A. КАПИТАЛ | C77: 0401 | D77: 57025 | E77: 59745 | F77: 59152 | G77: 59631
B78: (0402 + 0403 + 0404 + 0405 + 0406 - 0407 + 0408 + 0411 - 0412) ≥ 0
A79: 30, осим 306 | B79: I. ОСНОВНИ КАПИТАЛ | C79: 0402 | D79: 17263 | E79: 17263 | F79: 17263 | G79: 17263
A80: 31 | B80: II. УПИСАНИ А НЕУПЛАЋЕНИ КАПИТАЛ | C80: 0403
A81: 306 | B81: III. ЕМИСИОНА ПРЕМИЈА | C81: 0404
A82: 32 | B82: IV. РЕЗЕРВЕ | C82: 0405
A83: 330 и потражни салдо рачуна 331,332, 333, 334, 335, 336 и 337 | B83: V. ПОЗИТИВНЕ РЕВАЛОРИЗАЦИОНЕ РЕЗЕРВЕ И НЕРЕАЛИЗОВАНИ ДОБИЦИ ПО ОСНОВУ ФИНАНСИЈСКИХ СРЕДСТАВА И ДРУГИХ КОМПОНЕНТИ ОСТАЛОГ СВЕОБУХВАТНОГ РЕЗУЛТАТА | C83: 0406 | D83: 12102 | E83: 12102 | F83: 12102 | G83: 12102
A84: дуговни салдо рачуна 331, 332, 333, 334, 335, 336 и 337 | B84: VI. НЕРЕАЛИЗОВАНИ ГУБИЦИ ПО ОСНОВУ ФИНАНСИЈСКИХ СРЕДСТАВА И ДРГУГИХ КОМПОНЕНТИ ОСТАЛОГ СВЕОБУХВАТНОГ РЕЗУЛТАТА | C84: 0407
A85: 34 | B85: VII. НЕРАСПОРЕЂЕНИ ДОБИТАК (0409 + 0410) | C85: 0408 | D85: 41106 | E85: 41340 | F85: 41106 | G85: 41106
A86: 340 | B86: 1. Нераспоређени добитак ранијих година | C86: 0409 | D86: 41106 | E86: 41106 | F86: 41106 | G86: 41106
A87: 341 | B87: 2. Нераспоређени добитак текуће године | C87: 0410 | E87: 234 | G87: 120
B88: VIII. УЧЕШЋА БЕЗ ПРАВА КОНТРОЛЕ | C88: 0411
A89: 35 | B89: IX. ГУБИТАК (0413 + 0414) | C89: 0412 | D89: 13446 | E89: 10960 | F89: 11319 | G89: 10960
A90: 350 | B90: 1. Губитак ранијих година | C90: 0413 | D90: 10960 | E90: 10960 | F90: 10960 | G90: 10960
A91: 351 | B91: 2. Губитак текуће године | C91: 0414 | D91: 2486 | F91: 359
B92: Б. ДУГОРОЧНА РЕЗЕРВИСАЊА И ДУГОРОЧНЕ ОБАВЕЗЕ | C92: 0415 | D92: 8900 | E92: 8500 | F92: 8900 | G92: 9100
B93: (0416 + 0420 + 0428)
A94: 40 | B94: I. ДУГОРОЧНА РЕЗЕРВИСАЊА | C94: 0416 | D94: 8900 | E94: 8500 | F94: 8900 | G94: 9100
B95: (0417+0418+0419)
A96: 404 | B96: 1. Резервисања за накнаде и друге бенефиције запослених | C96: 0417 | D96: 8900 | E96: 8500 | F96: 8900 | G96: 9100
A97: 400 | B97: 2. Резервисања за трошкове у гарантном року | C97: 0418
A98: 40, осим 400 и 404 | B98: 3. Остала дугорочна резервисања | C98: 0419
A99: 41 | B99: II. ДУГОРОЧНЕ ОБАВЕЗЕ | C99: 0420
B100: (0421 + 0422 + 0423 + 0424 + 0425 + 0426 + 0427)
...

Sheet Sheet11
H1: Прилог 5а
B2: БИЛАНС УСПЕХА
B3: за период од 01.01.2024. до 31.12.2024. године
H4: у 000 динара
B6: Група рачуна, рачун | C6: П О З И Ц И Ј А | D6: АОП | E6: Износ
E7: План 01.01-31.03.2024. | F7: План 01.01-30.06.2024. | G7: План 01.01-30.09.2024. | H7: План 01.01-31.12.2024.
B8: 1 | C8: 2 | D8: 3 | E8: 4 | F8: 5 | G8: 6 | H8: 7
C9: A. ПОСЛОВНИ ПРИХОДИ | D9: 1001 | E9: =E11+E14+E20 -> 70074 | F9: =F11+F14+F20 -> 115739 | G9: =G11+G14+G20 -> 146316 | H9: =H11+H14+H17+H20 -> 211953
C10: (1002 + 1005 + 1008 + 1009 - 1010 + 1011 + 1012)
B11: 60 | C11: I. ПРИХОДИ ОД ПРОДАЈЕ РОБЕ (1003 + 1004) | D11: 1002 | E11: =E12 -> 41774 | F11: =F12 -> 54189 | G11: =G12 -> 57116 | H11: =H12 -> 89505
B12: 600, 602 и 604 | C12: 1. Приходи од продаје робе на домаћем тржишту | D12: 1003 | E12: 41774 | F12: 54189 | G12: 57116 | H12: 89505
B13: 601, 603 и 605 | C13: 2. Приходи од продаје роба на иностраном тржишту | D13: 1004
B14: 61 | C14: II. ПРИХОДИ ОД ПРОДАЈЕ ПРОИЗВОДА И УСЛУГА (1006 + 1007) | D14: 1005 | E14: =E15 -> 28000 | F14: =F15 -> 61000 | G14: =G15 -> 88400 | H14: =H15 -> 120248
B15: 610, 612 и 614 | C15: 1. Приходи од продаје производа и услуга на домаћем тржишту | D15: 1006 | E15: 28000 | F15: 61000 | G15: 88400 | H15: 120248
B16: 611, 613 и 615 | C16: 2. Приходи од продаје производа и услуга на иностраном тржишту | D16: 1007
B17: 62 | C17: III. ПРИХОДИ ОД АКТИВИРАЊА УЧИНАКА И РОБЕ | D17: 1008 | H17: 1100
B18: 630 | C18: IV. ПОВЕЋАЊЕ ВРЕДНОСТИ ЗАЛИХА НЕДОВРШЕНИХ И ГОТОВИХ ПРОИЗВОДА | D18: 1009
B19: 631 | C19: V. СМАЊЕЊЕ ВРЕДНОСТИ ЗАЛИХА НЕДОВРШЕНИХ И ГОТОВИХ ПРОИЗВОДА | D19: 1010
B20: 64 и 65 | C20: VI. ОСТАЛИ ПОСЛОВНИ ПРИХОДИ | D20: 1011 | E20: 300 | F20: 550 | G20: 800 | H20: 1100
B21: 68, осим 683, 685 и 686 | C21: VII. ПРИХОДИ ОД УСКЛАЂИВАЊА ВРЕДНОСТИ ИМОВИНЕ (ОСИМ ФИНАНСИЈСКЕ) | D21: 1012
C22: Б. ПОСЛОВНИ РАСХОДИ (1014 + 1015 + 1016 + 1020 + 1021 + 1022 + 1023 + 1024) | D22: 1013 | E22: =E23+E24+E25+E29+E31+E33 -> 73059.829 | F22: =F23+F24+F25+F29+F31+F33 -> 116305 | G22: =G23+G24+G25+G29+G31+G33 -> 148025 | H22: =H23+H24+H25+H29+H31+H33 -> 214558
B23: 50 | C23: I. НАБАВНА ВРЕДНОСТ ПРОДАТЕ РОБЕ | D23: 1014 | E23: 39452 | F23: 50733 | G23: 52919 | H23: 83359
B24: 51 | C24: II. ТРОШКОВИ МАТЕРИЈАЛА, ГОРИВА И ЕНЕРГИЈЕ | D24: 1015 | E24: 8000 | F24: 14400 | G24: 19600 | H24: 28990
B25: 52 | C25: III. ТРОШКОВИ ЗАРАДА, НАКНАДА ЗАРАДА И ОСТАЛИ ЛИЧНИ РАСХОДИ (1017 + 1018 + 1019) | D25: 1016 | E25: =E26+E27+E28 -> 19507.828 | F25: =F26+F27+F28 -> 39472 | G25: =G26+G27+G28 -> 59206 | H25: =H26+H27+H28 -> 78936
B26: 520 | C26: 1. Трошкови зарада и накнада зарада | D26: 1017 | E26: 15319 | F26: 30696 | G26: 46281 | H26: 61896
B27: 521 | C27: 2. Трошкови пореза и доприноса на зараде и накнаде зарада | D27: 1018 | E27: =E26*15.15/100 -> 2320.8285 | F27: 4650 | G27: 7012 | H27: 9377
B28: 52, осим 520 и 521 | C28: 3. Остали лични расходи и накнаде | D28: 1019 | E28: 1868 | F28: 4126 | G28: 5913 | H28: 7663
B29: 540 | C29: IV. ТРОШКОВИ АМОРТИЗАЦИЈЕ | D29: 1020 | E29: 1500 | F29: 3000 | G29: 4500 | H29: 6000
B30: 58, осим 583, 585 и 586 | C30: V. РАСХОДИ ОД УСКЛАЂИВАЊА ВРЕДНОСТИ ИМОВИНЕ (ОСИМ ФИНАНСИЈСКЕ) | D30: 1021
B31: 53 | C31: VI. ТРОШКОВИ ПРОИЗВОДНИХ УСЛУГА | D31: 1022 | E31: 2800 | F31: 5300 | G31: 7200 | H31: 10590
B32: 54, осим 540 | C32: VII. ТРОШКОВИ РЕЗЕРВИСАЊА | D32: 1023
B33: 55 | C33: VIII. НЕМАТЕРИЈАЛНИ ТРОШКОВИ | D33: 1024 | E33: 1800 | F33: 3400 | G33: 4600 | H33: 6683
C34: В. ПОСЛОВНИ ДОБИТАК (1001 - 1013) ≥ 0 | D34: 1025
C35: Г. ПОСЛОВНИ ГУБИТАК (1013 - 1001) ≥ 0 | D35: 1026 | E35: =E22-E9 -> 2985.8285 | F35: =F22-F9 -> 566 | G35: =G22-G9 -> 1709 | H35: =H22-H9 -> 2605
C36: Д. ФИНАНСИЈСКИ ПРИХОДИ | D36: 1027 | E36: =E39 -> 400 | F36: =F39 -> 600 | G36: =G39 -> 1100 | H36: =H39 -> 1420
C37: (1028 + 1029 + 1030 + 1031)
B38: 660 и 661 | C38: I. ФИНАНСИЈСКИ ПРИХОДИ ИЗ ОДНОСА СА МАТИЧНИМ, ЗАВИСНИМ И ОСТАЛИМ ПОВЕЗАНИМ ЛИЦИМА | D38: 1028
B39: 662 | C39: II. ПРИХОДИ ОД КАМАТА | D39: 1029 | E39: 400 | F39: 600 | G39: 1100 | H39: 1420
B40: 663 и 664 | C40: III. ПОЗИТИВНЕ КРУСНЕ РАЗЛИКЕ И ПОЗИТИВНИ ЕФЕКТИ ВАЛУТНЕ КЛАУЗУЛЕ | D40: 1030
B41: 665 и 669 | C41: IV. ОСТАЛИ ФИНАНСИЈСКИ ПРИХОДИ | D41: 1031
C42: Ђ. ФИНАНСИЈСКИ РАСХОДИ | D42: 1032
C43: (1033 + 1034 + 1035 + 1036)
B44: 560 и 561 | C44: I. ФИНАНСИЈСКИ РАСХОДИ ИЗ ОДНОСА СА МАТИЧНИМ, ЗАВИСНИМ И ОСТАЛИМ ПОВЕЗАНИМ ЛИЦИМА | D44: 1033
B45: 562 | C45: II. РАСХОДИ КАМАТА | D45: 1034
B46: 563 и 564 | C46: III. НЕГАТИВНЕ КУРСНЕ РАЗЛИКЕ И НЕГАТИВНИ ЕФЕКТИ ВАЛУТНЕ КЛАУЗУЛЕ | D46: 1035
B47: 565 и 569 | C47: IV. ОСТАЛИ ФИНАНСИЈСКИ РАСХОДИ | D47: 1036
C48: E. ДОБИТАК ИЗ ФИНАНСИРАЊА (1027 - 1032) ≥ 0 | D48: 1037 | E48: =E36-E42 -> 400 | F48: 600 | G48: =G36-G42 -> 1100 | H48: =H39 -> 1420
C49: Ж. ГУБИТАК ИЗ ФИНАНСИРАЊА (1032 - 1027) ≥ 0 | D49: 1038
B50: 683, 685 и 686 | C50: З. ПРИХОДИ ОД УСКЛАЂИВАЊА ВРЕДНОСТИ ФИНАНСИЈСКЕ ИМОВИНЕ КОЈА СЕ ИСКАЗУЈЕ ПО ФЕР ВРЕДНОСТИ КРОЗ БИЛАНС УСПЕХА | D50: 1039 | H50: 1400
B51: 583, 585 и 586 | C51: И. РАСХОДИ ОД УСКЛАЂИВАЊА ВРЕДНОСТИ ФИНАНСИЈСКЕ ИМОВИНЕ КОЈА СЕ ИСКАЗУЈЕ ПО ФЕР ВРЕДНОСТИ КРОЗ БИЛАНС УСПЕХА | D51: 1040 | H51: 300
B52: 67 | C52: J. ОСТАЛИ ПРИХОДИ | D52: 1041 | E52: 150 | F52: 300 | G52: 400 | H52: 455
B53: 57 | C53: K. ОСТАЛИ РАСХОДИ | D53: 1042 | E53: 50 | F53: 100 | G53: 150 | H53: 250
C54: Л. УКУПНИ ПРИХОДИ | D54: 1043 | E54: =E9+E36+E52 -> 70624 | F54: =F9+F36+F52 -> 116639 | G54: =G9+G36+G52 -> 147816 | H54: =H9+H36+H50+H52 -> 215228
C55: (1001 + 1027 + 1039 + 1041)
C56: Љ. УКУПНИ РАСХОДИ | D56: 1044 | E56: =E22+E53 -> 73109.829 | F56: =F22+F53 -> 116405 | G56: =G22+G53 -> 148175 | H56: =H22+H51+H53 -> 215108
C57: (1013 + 1032 + 1040 + 1042)
C58: M. ДОБИТАК ИЗ РЕДОВНОГ ПОСЛОВАЊА ПРЕ ОПОРЕЗИВАЊА (1043 - 1044) ≥ 0 | D58: 1045 | F58: =F54-F56 -> 234 | H58: =H54-H56 -> 120
C59: Н. ГУБИТАК ИЗ РЕДОВНОГ ПОСЛОВАЊА ПРЕ ОПОРЕЗИВАЊА (1044 - 1043) ≥ 0 | D59: 1046 | E59: =E56-E54 -> 2485.8285 | G59: =G56-G54 -> 359
B60: 69-59 | C60: Њ. ПОЗИТИВАН НЕТО ЕФЕКАТ НА РЕЗУЛТАТ ПО ОСНОВУ ДОБИТКА ПОСЛОВАЊА КОЈЕ СЕ ОБУСТАВЉА, ПРОМЕНА РАЧУНОВОДСТВЕНИХ ПОЛИТИКА И ИСПРАВКИ ГРЕШАКА ИЗ РАНИЈИХ ПЕРИОДА | D60: 1047
B61: 59- 69 | C61: O. НЕГАТИВАН НЕТО ЕФЕКАТ НА РЕЗУЛТАТ ПО ОСНОВУ ГУБИТКА ПОСЛОВАЊА КОЈЕ СЕ ОБУСТАВЉА, ПРОМЕНА РАЧУНОВОДСТВЕНИХ ПОЛИТИКА И ИСПРАВКИ ГРЕШАКА ИЗ РАНИЈИХ ПЕРИОДА | D61: 1048
C62: П. ДОБИТАК ПРЕ ОПОРЕЗИВАЊА | D62: 1049 | F62: =F58 -> 234 | H62: =H58 -> 120
C63: (1045 - 1046 + 1047 - 1048) ≥ 0
C64: Р. ГУБИТАК ПРЕ ОПОРЕЗИВАЊА | D64: 1050 | E64: =E59 -> 2485.8285 | G64: 359
C65: (1046 - 1045 + 1048 - 1047) ≥ 0
C66: С. ПОРЕЗ НА ДОБИТАК
B67: 721 | C67: I. ПОРЕСКИ РАСХОД ПЕРИОДА | D67: 1051
B68: 722 дуг. салдо | C68: II. ОДЛОЖЕНИ ПОРЕСКИХ РАСХОДИ ПЕРИОДА | D68: 1052
B69: 722 пот. салдо | C69: III. ОДЛОЖЕНИ ПОРЕСКИ ПРИХОДИ ПЕРИОДА | D69: 1053
B70: 723 | C70: T. ИСПЛАЋЕНА ЛИЧНА ПРИМАЊА ПОСЛОДАВЦА | D70: 1054
C71: Ћ. НЕТО ДОБИТАК | D71: 1055 | F71: =F62 -> 234 | H71: =H62 -> 120
C72: (1049 - 1050 -1051 - 1052 + 1053 - 1054) ≥ 0
C73: У. НЕТО ГУБИТАК | D73: 1056 | E73: =E64 -> 2485.8285 | G73: 359
C74: (1050 - 1049 + 1051 + 1052 - 1053 + 1054) ≥ 0
C75: I. НЕТО ДОБИТАК КОЈИ ПРИПАДА УЧЕШЋИМА БЕЗ ПРАВА КОНТРОЛЕ | D75: 1057
C76: II. НЕТО ДОБИТАК КОЈИ ПРИПАДА МАТИЧНОМ ПРАВНОМ ЛИЦУ | D76: 1058
C77: III. НЕТО ГУБИТАК КОЈИ ПРИПАДА УЧЕШЋИМА БЕЗ ПРАВА КОНТРОЛЕ | D77: 1059
C78: IV. НЕТО ГУБИТАК КОЈИ ПРИПАДА МАТИЧНОМ ПРАВНОМ ЛИЦУ | D78: 1060
C79: V. ЗАРАДА ПО АКЦИЈИ
C80: 1. Основна зарада по акцији | D80: 1061
C81: 2. Умањена (разводњена) зарада по акцији | D81: 1062

Sheet Sheet12
F1: Прилог 5б
A2: ИЗВЕШТАЈ О ТОКОВИМА ГОТОВИНЕ
A3: у периоду од 01.01. до 31.12.2024. године
F4: у 000 динара
A5: П О З И Ц И Ј А | B5: АОП | C5: Износ
C6: План 01.01-31.03.2024. | D6: План 01.01-30.06.2024. | E6: План 01.01-30.09.2024. | F6: План 01.01-31.12.2024.
A7: 1 | B7: 2 | C7: 3 | D7: 4 | E7: 5 | F7: 6
A8: A. ТОКОВИ ГОТОВИНЕ ИЗ ПОСЛОВНИХ АКТИВНОСТИ
A9: I. Приливи готовине из пословних активности (1 до 4) | B9: 3001 | C9: =C10+C12+C13 -> 70352 | D9: =D10+D12+D13 -> 125800 | E9: =E10+E12+E13 -> 168201 | F9: 223941
A10: 1. Продаја и примљени аванси у земљи | B10: 3002 | C10: 70000 | D10: 125080 | E10: 163661 | F10: 218500
A11: 2. Продаја и примљени аванси у иностранству | B11: 3003
A12: 3. Примљене камате из пословних активности | B12: 3004 | C12: 40 | D12: 90 | E12: 100 | F12: 115
A13: 4. Oстали приливи из редовног пословања | B13: 3005 | C13: 312 | D13: 630 | E13: 4440 | F13: 5326
A14: II. Одливи готовине из пословних активности (1 до 8) | B14: 3006 | C14: =C15+C17+C21 -> 73393 | D14: =D15+D17+D21 -> 128900 | E14: =E15+E17+E21 -> 164540 | F14: 225023
A15: 1. Исплате добављачима и дати аванси у земљи | B15: 3007 | C15: 49780 | D15: 80200 | E15: 91660 | F15: 128800
A16: 2. Исплате добављачима и дати аванси у иностранству | B16: 3008
A17: 3. Зараде, накнаде зарада и остали лични расходи | B17: 3009 | C17: 18443 | D17: 38000 | E17: 60000 | F17: 78459
A18: 4. Плаћене камате у земљи | B18: 3010
A19: 5. Плаћене камате у иностранству | B19: 3011
A20: 6. Порез на добитак | B20: 3012
A21: 7. Одливи по основу осталих јавних прихода | B21: 3013 | C21: 5170 | D21: 10700 | E21: 12880 | F21: 16342
A22: 8. Остали одливи из пословних активности | B22: 3014 | F22: 1423
A23: III. Нето прилив готовине из пословних активности (I - II) | B23: 3015 | E23: =E9-E14 -> 3661
A24: IV. Нето одлив готовине из пословних активности (II - I) | B24: 3016 | C24: =C14-C9 -> 3041 | D24: =D14-D9 -> 3100 | F24: 1082
A25: Б. ТОКОВИ ГОТОВИНИЕ ИЗ АКТИВНОСТИ ИНВЕСТИРАЊА
A26: I. Приливи готовине из активности инвестирања (1 до 5) | B26: 3017
A27: 1. Продаја акција и удела | B27: 3018
A28: 2. Продаја нематеријалне имовине, некретнина, постројења, опреме и биолошких средстава | B28: 3019
A29: 3. Остали финансијски пласмани | B29: 3020
A30: 4. Примљене камате из активности инвестирања | B30: 3021
A31: 5. Примљене дивиденде | B31: 3022
A32: II. Одливи готовине из активности инвестирања (1 до 3) | B32: 3023
A33: 1. Куповина акција и удела | B33: 3024
A34: 2. Куповина нематеријалне имовине, некретнина, постројења, опреме и биолошких средстава | B34: 3025
A35: 3. Остали финансијски пласмани | B35: 3026
A36: III. Нето прилив готовине из активности инвестирања (I - II) | B36: 3027
A37: IV. Нето одлив готовине из активности инвестирања (II - I) | B37: 3028
A38: В. ТОКОВИ ГОТОВИНЕ ИЗ АКТИВНОСТИ ФИНАНСИРАЊА
A39: I. Приливи готовине из активности финансирања (1 до 7) | B39: 3029
A40: 1. Увећање основног капитала | B40: 3030
A41: 2. Дугорочни кредити у земљи | B41: 3031
A42: 3. Дугорочни кредити у иностранству | B42: 3032
A43: 4. Краткорочни кредити у земљи | B43: 3033
A44: 5. Краткорочни кредити у иностранству | B44: 3034
A45: 6. Остале дугорочне обавезе | B45: 3035
A46: 7. Остале краткорочне обавезе | B46: 3036
A47: II. Одливи готовине из активности финансирања (1 до 8) | B47: 3037
A48: 1. Откуп сопствених акција и удела | B48: 3038
A49: 2. Дугорочни кредити у земљи | B49: 3039
A50: 3. Дугорочни кредити у иностранству | B50: 3040
... A57: IV. Нето одлив готовине из активности финансирања (II - I) | B57: 3047
A58: Г. СВЕГА ПРИЛИВ ГОТОВИНЕ (3001 + 3017 + 3029) | B58: 3048 | C58: =C9 -> 70352 | D58: =D9 -> 125800 | E58: =E9 -> 168201 | F58: 223941
A59: Д. СВЕГА ОДЛИВ ГОТОВИНЕ (3006 + 3023 + 3037) | B59: 3049 | C59: =C14 -> 73393 | D59: =D14 -> 128900 | E59: =E14 -> 164540 | F59: 225023
A60: Ђ. НЕТО ПРИЛИВ ГОТОВИНЕ (3048 - 3049) ≥ 0 | B60: 3050 | E60: =E58-E59 -> 3661
A61: E. НЕТО ОДЛИВ ГОТОВИНЕ (3049 - 3048) ≥ 0 | B61: 3051 | C61: =C59-C58 -> 3041 | D61: =D59-D58 -> 3100 | F61: 1082
A62: Ж. ГОТОВИНА НА ПОЧЕТКУ ОБРАЧУНСКОГ ПЕРИОДА | B62: 3052 | C62: 15736 | D62: 15736 | E62: 15736 | F62: 15736
A63: З. ПОЗИТИВНЕ КУРСНЕ РАЗЛИКЕ ПО ОСНОВУ ПРЕРАЧУНА ГОТОВИНЕ | B63: 3053
A64: И. НЕГАТИВНЕ КУРСНЕ РАЗЛИКЕ ПО ОСНОВУ ПРЕРАЧУНА ГОТОВИНЕ | B64: 3054
A65: J. ГОТОВИНА НА КРАЈУ ОБРАЧУНСКОГ ПЕРИОДА | B65: 3055 | C65: =C62-C61 -> 12695 | D65: =D62-D61 -> 12636 | E65: =E60+E62 -> 19397 | F65: 14654
A66: (3050 - 3051 + 3052 + 3053 - 3054)

Sheet Sheet13
G1: Прилог 6.
B5: СУБВЕНЦИЈЕ И ОСТАЛИ ПРИХОДИ ИЗ БУЏЕТА
G7: у динарима
B8: 01.01-31.12.2023. године
B10: Приход | C10: Планирано | D10: Пренето из буџета | E10: Реализовано (процена) | F10: Неутрошено | G10: Износ неутрошених средстава из ранијих година (у односу на претходну)
C11: 1 | D11: 2 | E11: 3 | F11: 4 (2-3) | G11: 5
B12: Субвенције
B13: Остали приходи из буџета* | D13: 1956369.8 | E13: 1956369.8
B14: УКУПНО | D14: =D13 -> 1956369.8 | E14: =E13 -> 1956369.8
F15: у динарима
B16: План за период 01.01-31.12.2024. године
C17: 01.01. до 31.03. | D17: 01.01. до 30.06. | E17: 01.01. до 30.09. | F17: 01.01. до 31.12.
B18: Субвенције
B19: Остали приходи из буџета*
B20: УКУПНО
B22: * Под осталим приходима из буџета сматрају се сви приходи који нису субвенције (нпр. додела средстава из буџета по јавном позиву, конкурсу и сл.).

Sheet Sheet14
H1: Прилог 7.
A3: ТРОШКОВИ ЗАПОСЛЕНИХ
H4: у динарима
A5: Р.бр. | B5: Трошкови запослених | C5: План 01.01-31.12.2023. | D5: Реализација (процена) 01.01-31.12.2023. | E5: План 01.01-31.03.2024. | F5: План 01.01-30.06.2024. | G5: План 01.01-30.09.2024. | H5: План 01.01-31.12.2024.
A7: 1. | B7: Маса НЕТО зарада (зарада по одбитку припадајућих пореза и доприноса на терет запосленог) | C7: 40720824 | D7: 39148402 | E7: 11101161 | F7: 22247548 | G7: 33540396 | H7: 44854274
A8: 2. | B8: Маса БРУТО 1 зарада (зарада са припадајућим порезом и доприносима на терет запосленог) | C8: 56259123 | D8: 54061235 | E8: 15319060 | F8: 30695503 | G8: 46280879 | H8: 61896254
A9: 3. | B9: Маса БРУТО 2 зарада (зарада са припадајућим порезом и доприносима на терет послодавца) | C9: 64782380 | D9: 62251512 | E9: 17639898 | F9: 35345872 | G9: 53292432 | H9: 71273536
A10: 4. | B10: Број запослених по кадровској евиденцији - УКУПНО* | C10: 50 | D10: 48 | E10: 49 | F10: 49 | G10: 49 | H10: 49
A11: 4.1. | B11: - на неодређено време | C11: 43 | D11: 42 | E11: 43 | F11: 43 | G11: 43 | H11: 43
A12: 4.2. | B12: - на одређено време | C12: 7 | D12: 6 | E12: 6 | F12: 6 | G12: 6 | H12: 6
A13: 5 | B13: Накнаде по уговору о делу
A14: 6 | B14: Број прималаца накнаде по уговору о делу*
A15: 7 | B15: Накнаде по ауторским уговорима
A16: 8 | B16: Број прималаца накнаде по ауторским уговорима*
A17: 9 | B17: Накнаде по уговору о привременим и повременим пословима | C17: 3484676 | D17: 2430000 | E17: 700000 | F17: 1400000 | G17: 2100000 | H17: 2781922
A18: 10 | B18: Број прималаца накнаде по уговору о привременим и повременим пословима* | C18: 4 | D18: 7 | E18: 4 | F18: 4 | G18: 4 | H18: 4
A19: 11 | B19: Накнаде физичким лицима по основу осталих уговора | D19: 1956369.8
A20: 12 | B20: Број прималаца накнаде по основу осталих уговора* | D20: 10
A21: 13 | B21: Накнаде члановима скупштине
A22: 14 | B22: Број чланова скупштине*
A23: 15 | B23: Накнаде члановима надзорног одбора | C23: 224840 | D23: 168210 | E23: 61320 | F23: 122640 | G23: 143080 | H23: 240741
A24: 16 | B24: Број чланова надзорног одбора* | C24: 3 | D24: 3 | E24: 3 | F24: 3 | G24: 3 | H24: 3
A25: 17 | B25: Накнаде члановима Комисије за ревизију
A26: 18 | B26: Број чланова Комисије за ревизију*
A27: 19 | B27: Превоз запослених на посао и са посла | C27: 1884840 | D27: 2440000 | E27: 1066500 | F27: 2133000 | G27: 3200000 | H27: 4060000
A28: 20 | B28: Дневнице на службеном путу | C28: 40000 | D28: 30000 | E28: 40000 | F28: 40000 | G28: 40000 | H28: 40000
A29: 21 | B29: Накнаде трошкова на службеном путу
A30: 22 | B30: Отпремнина за одлазак у пензију | C30: 400000 | D30: 110000 | F30: 150000 | G30: 150000 | H30: 200000
A31: 23 | B31: Број прималаца отпремнине | C31: 2 | D31: 2 | F31: 1 | G31: 1
A32: 24 | B32: Јубиларне награде | C32: 140000 | D32: 126638.88
A33: 25 | B33: Број прималаца јубиларних награда | C33: 2 | D33: 2
A34: 26 | B34: Смештај и исхрана на терену
A35: 27 | B35: Помоћ радницима и породици радника | C35: 500000 | D35: 272244 | F35: 280000 | G35: 280000 | H35: 280000
A36: 28 | B36: Стипендије
A37: 29 | B37: Остале накнаде трошкова запосленима и осталим физичким лицима | C37: 60000 | D37: 60000 | H37: 60000
A38: 30 | B38: Трошкови стручног усавршавања запослених
B40: * број запослених/прималаца/чланова последњег дана извештајног периода
B41: ** позиције од 5 до 31 које се исказују у новчаним јединицама приказати у бруто износу

Sheet Sheet15
G1: Прилог 8.
A3: Број запослених по секторима / организационим јединицама на дан 31.12.2023. године
A6: Редни број | B6: Сектор / Организациона јединица | C6: Број систематизованих радних места | D6: Број извршилаца | E6: Број запослених по кадровској евиденцији | F6: Број запослених на неодређено време | G6: Број запослених на одређено време
E7: Број запослених по кадровској евиденцији | F7: Број запослених на неодређено време | G7: Број запослених на одређено време
A8: 1 | B8: Сектор за опште и правне послове | C8: 5 | D8: 5 | E8: 4 | F8: 3 | G8: 1
A9: 2 | B9: Сектор за финансијско-књиговодствене послове | C9: 7 | D9: 7 | E9: 6 | F9: 6 | G9: 0
A10: 3 | B10: Сектор за водовод и канализацију | C10: 9 | D10: 15 | E10: 15 | F10: 12 | G10: 3
A11: 4 | B11: Сектор за одржавање зеленила и чистоће, рекреационих и др јавних површина, пијаце и гробаља | C11: 9 | D11: 19 | E11: 18 | F11: 16 | G11: 2
A12: 5 | B12: Сектор за транспорт и дистрибуцију гаса-сервис за одржавање возила | C12: 4 | D12: 7 | E12: 5 | F12: 5 | G12: 0
A13: 6
A14: 7
A15: 8
A16: 9
A17: 10
A18: 11
A19: 12
A20: 13
A21: 14
A22: 15
A23: 16
A24: 17
... A28: 21
A29: …
A30: УКУПНО: | C30: =SUM(C8:C29) -> 34 | D30: =SUM(D8:D29) -> 53 | E30: =SUM(E8:E29) -> 48 | F30: =SUM(F8:F29) -> 42 | G30: =SUM(G8:G29) -> 6

Sheet Sheet16
L1: Прилог 9.
B4: Квалификациона структура | I4: Старосна структура
B6: Редни број | C6: Опис | D6: Запослени | F6: Надзорни одбор /Скупштина | I6: Редни број | J6: Опис | K6: Број запослених 31.12.2023. | L6: Број запослених 31.12.2024.
D7: Број на дан 31.12.2023. | E7: Број на дан 31.12.2024. | F7: Број на дан 31.12.2023. | G7: Број на дан 31.12.2024.
B8: 1 | C8: ВСС | D8: 9 | E8: 9 | F8: 3 | G8: 3 | I8: 1 | J8: До 30 година | K8: 2 | L8: 2
B9: 2 | C9: ВС | D9: 1 | E9: 1 | F9: / | G9: / | I9: 2 | J9: 30 до 40 | K9: 7 | L9: 9
B10: 3 | C10: ВКВ | D10: / | E10: / | F10: / | G10: / | I10: 3 | J10: 40 до 50 | K10: 16 | L10: 16
B11: 4 | C11: ССС | D11: 9 | E11: 11 | F11: / | G11: / | I11: 4 | J11: 50 до 60 | K11: 20 | L11: 20
B12: 5 | C12: КВ | D12: 15 | E12: 14 | F12: / | G12: / | I12: 5 | J12: Преко 60 | K12: 3 | L12: 2
B13: 6 | C13: ПК | D13: / | E13: / | F13: / | G13: / | I13: УКУПНО | K13: =SUM(K8:K12) -> 48 | L13: =SUM(L8:L12) -> 49
B14: 7 | C14: НК | D14: 14 | E14: 14 | F14: / | G14: / | I14: Просечна старост
B15: УКУПНО | D15: =SUM(D8:D14) -> 48 | E15: =SUM(E8:E14) -> 49 | F15: =SUM(F8:F14) -> 3 | G15: =SUM(G8:G14) -> 3
B18: Структура по полу | I18: Структура по времену у радном односу
B20: Редни број | C20: Опис | D20: Запослени | F20: Надзорни одбор /Скупштина | I20: Редни број | J20: Опис | K20: Број запослених 31.12.2023. | L20: Број запослених 31.12.2024.
D21: Број на дан 31.12.2023. | E21: Број на дан 31.12.2024. | F21: Број на дан 31.12.2023. | G21: Број на дан 31.12.2024.
B22: 1 | C22: Мушки | D22: 35 | E22: 36 | F22: 1 | G22: 1 | I22: 1 | J22: До 5 година | K22: 3 | L22: 3
B23: 2 | C23: Женски | D23: 13 | E23: 13 | F23: 2 | G23: 2 | I23: 2 | J23: 5 до 10 | K23: 9 | L23: 9
B24: УКУПНО | D24: =SUM(D22:D23) -> 48 | E24: =SUM(E22:E23) -> 49 | F24: =SUM(F22:F23) -> 3 | G24: =SUM(G22:G23) -> 3 | I24: 3 | J24: 10 до 15 | K24: 8 | L24: 10
I25: 4 | J25: 15 до 20 | K25: 7 | L25: 7
I26: 5 | J26: 20 до 25 | K26: 6 | L26: 6
I27: 6 | J27: 25 до 30 | K27: 5 | L27: 5
I28: 7 | J28: 30 до 35 | K28: 5 | L28: 5
I29: 8 | J29: Преко 35 | K29: 5 | L29: 4
J30: УКУПНО | K30: =SUM(K22:K29) -> 48 | L30: =SUM(L22:L29) -> 49

Sheet Sheet17
H1: Прилог 10.
B4: ДИНАМИКА ЗАПОШЉАВАЊА
B6: Р. бр. | C6: Основ одлива/пријема кадрова | D6: Број запослених | F6: Р. бр. | G6: Основ одлива/пријема кадрова | H6: Број запослених
C8: Стање на дан 31.12.2023. године | D8: 48 | G8: Стање на дан 30.06.2024. године | H8: 49
C9: Одлив кадрова у периоду 01.01-31.03.2024. | G9: Одлив кадрова у периоду 01.07-30.09.2024.
B10: 1 | F10: 1 | G10: навести основ
B11: 2 | F11: 2
B12: 3 | F12: 3
B13: 4 | F13: 4
C14: Пријем кадрова у периоду 01.01-31.03.2024. | G14: Пријем кадрова у периоду 01.07-30.09.2024.
B15: 1 | C15: повећан обим посла (ссс) | D15: 1 | F15: 1 | G15: навести основ
B16: 2 | F16: 2
C17: Стање на дан 31.03.2024. године | D17: 49 | G17: Стање на дан 30.09.2024. године | H17: 49
B19: Р. бр. | C19: Основ одлива/пријема кадрова | D19: Број запослених | F19: Р. бр. | G19: Основ одлива/пријема кадрова | H19: Број запослених
C21: Стање на дан 31.03.2024. године | D21: 49 | G21: Стање на дан 30.09.2024. године | H21: 49
C22: Одлив кадрова у периоду 01.04-30.06.2024. | G22: Одлив кадрова у периоду 01.10-31.12.2024.
B23: 1 | C23: Одлазак у пензију (кв радник) | D23: 1 | F23: 1 | G23: навести основ
B24: 2 | F24: 2
B25: 3 | F25: 3
B26: 4 | F26: 4
C27: Пријем кадрова у периоду 01.04-30.06.2024. | G27: Пријем кадрова у периоду 01.10-31.12.2024.
B28: 1 | C28: повећан обим посла (cсс) | D28: 1 | F28: 1 | G28: навести основ
B29: 2 | F29: 2
C30: Стање на дан 30.06.2024. године | D30: 49 | G30: Стање на дан 31.12.2024. године | H30: 49

Sheet Sheet18
N2: Прилог 11.
B4: Исплаћена маса за зараде, број запослених и просечна зарада по месецима за 2023. годину*- Бруто 1
N5: у динарима
B6: Исплата по месецима 2023. | C6: УКУПНО | F6: СТАРОЗАПОСЛЕНИ** | I6: НОВОЗАПОСЛЕНИ | L6: ПОСЛОВОДСТВО
C7: Број запослених | D7: Маса зарада | E7: Просечна зарада | F7: Број запослених | G7: Маса зарада | H7: Просечна зарада | I7: Број запослених | J7: Маса зарада | K7: Просечна зарада | L7: Број запослених | M7: Маса зарада | N7: Просечна зарада
B9: I | C9: =F9+L9 -> 48 | D9: =G9+M9 -> 4412439 | E9: =D9/C9 -> 91925.812 | F9: 47 | G9: 4225668 | H9: =G9/F9 -> 89907.83 | L9: 1 | M9: 186771 | N9: =M9/L9 -> 186771
B10: II | C10: =F10+L10 -> 48 | D10: =G10+M10 -> 4105954 | E10: =D10/C10 -> 85540.708 | F10: 47 | G10: 3936451 | H10: =G10/F10 -> 83754.277 | L10: 1 | M10: 169503 | N10: =M10/L10 -> 169503
B11: III | C11: =F11+L11 -> 47 | D11: =G11+M11 -> 4551497 | E11: =D11/C11 -> 96840.362 | F11: 46 | G11: 4355266 | H11: =G11/F11 -> 94679.696 | L11: 1 | M11: 196231 | N11: =M11/L11 -> 196231
B12: IV | C12: =F12+L12 -> 47 | D12: =G12+M12 -> 4126914 | E12: =D12/C12 -> 87806.681 | F12: 46 | G12: 3955214 | H12: =G12/F12 -> 85982.913 | L12: 1 | M12: 171700 | N12: =M12/L12 -> 171700
B13: V | C13: =F13+L13+I13 -> 48 | D13: =G13+M13+J13 -> 4703183 | E13: =D13/C13 -> 97982.979 | F13: 46 | G13: 4413384 | H13: =G13/F13 -> 95943.13 | I13: 1 | J13: 93438 | K13: =J13/I13 -> 93438 | L13: 1 | M13: 196361 | N13: =M13/L13 -> 196361
B14: VI | C14: =F14+L14+I14 -> 48 | D14: =G14+M14+J14 -> 4558019 | E14: =D14/C14 -> 94958.729 | F14: 46 | G14: 4288455 | H14: =G14/F14 -> 93227.283 | I14: 1 | J14: 80704 | K14: =J14/I14 -> 80704 | L14: 1 | M14: 188860 | N14: =M14/L14 -> 188860
B15: VII | C15: =F15+L15+I15 -> 48 | D15: =G15+M15+J15 -> 4347776 | E15: =D15/C15 -> 90578.667 | F15: 46 | G15: 4082849 | H15: =G15/F15 -> 88757.587 | I15: 1 | J15: 84293 | K15: =J15/I15 -> 84293 | L15: 1 | M15: 180634 | N15: =M15/L15 -> 180634
B16: VIII | C16: =F16+L16+I16 -> 48 | D16: =G16+M16+J16 -> 4797702 | E16: =D16/C16 -> 99952.125 | F16: 46 | G16: 4471864 | H16: =G16/F16 -> 97214.435 | I16: 1 | J16: 90569 | K16: =J16/I16 -> 90569 | L16: 1 | M16: 235269 | N16: =M16/L16 -> 235269
B17: IX | C17: =F17+L17+I17 -> 48 | D17: =G17+M17+J17 -> 4190183 | E17: =D17/C17 -> 87295.479 | F17: 45 | G17: 3855873 | H17: =G17/F17 -> 85686.067 | I17: 2 | J17: 155232 | K17: =J17/I17 -> 77616 | L17: 1 | M17: 179078 | N17: =M17/L17 -> 179078
B18: X | C18: =F18+L18+I18 -> 50 | D18: =G18+M18+J18 -> 4818278 | E18: =D18/C18 -> 96365.56 | F18: 46 | G18: 4361837 | H18: =G18/F18 -> 94822.543 | I18: 3 | J18: 269778 | K18: =J18/I18 -> 89926 | L18: 1 | M18: 186663 | N18: =M18/L18 -> 186663
B19: XI | C19: =F19+L19+I19 -> 50 | D19: =G19+M19+J19 -> 4818288 | E19: =D19/C19 -> 96365.76 | F19: 46 | G19: 4361837 | H19: =G19/F19 -> 94822.543 | I19: 3 | J19: 269788 | K19: =J19/I19 -> 89929.333 | L19: 1 | M19: 186663 | N19: =M19/L19 -> 186663
B20: XII | C20: =F20+L20+I20 -> 50 | D20: =G20+M20+J20 -> 4631002 | E20: =D20/C20 -> 92620.04 | F20: 46 | G20: 4193878 | H20: =G20/F20 -> 91171.261 | I20: 3 | J20: 258573 | K20: =J20/I20 -> 86191 | L20: 1 | M20: 178551 | N20: =M20/L20 -> 178551
B21: УКУПНО | C21: =SUM(C9:C20) -> 580 | D21: =SUM(D9:D20) -> 54061235 | E21: =D21/C21 -> 93209.026 | F21: =SUM(F9:F20) -> 553 | G21: =SUM(G9:G20) -> 50502576 | H21: =G21/F21 -> 91324.731 | I21: =SUM(I13:I20) -> 15 | J21: =SUM(J13:J20) -> 1302375 | K21: =J21/I21 -> 86825 | L21: =SUM(L9:L20) -> 12 | M21: =SUM(M9:M20) -> 2256284 | N21: =M21/L21 -> 188023.67
B22: ПРОСЕК | C22: =C21/12 -> 48.333333 | D22: =D21/12 -> 4505102.9 | E22: =D22/C22 -> 93209.026 | F22: =F21/12 -> 46.083333 | G22: =G21/12 -> 4208548 | H22: =G22/F22 -> 91324.731 | I22: =I21/8 -> 1.875 | J22: =J21/8 -> 162796.88 | K22: =J22/I22 -> 86825 | L22: =L21/12 -> 1 | M22: =M21/12 -> 188023.67 | N22: =M22/L22 -> 188023.67
B23: * исплата са проценом до краја године
B24: ** старозапослени у 2023. години су они запослени који су били у радном односу у децембру 2022. године
B28: Планирана маса за зараде, број запослених и просечна зарада по месецима за 2024. годину - Бруто 1
N29: у динарима
B30: План по месецима 2024. | C30: УКУПНО | F30: СТАРОЗАПОСЛЕНИ* | I30: НОВОЗАПОСЛЕНИ | L30: ПОСЛОВОДСТВО
C31: Број запослених | D31: Маса зарада | E31: Просечна зарада | F31: Број запослених | G31: Маса зарада | H31: Просечна зарада | I31: Број запослених | J31: Маса зарада | K31: Просечна зарада | L31: Број запослених | M31: Маса зарада | N31: Просечна зарада
B33: I | C33: =F33+I33+L33 -> 48 | D33: =G33+J33+M33 -> 5371209 | E33: =D33/C33 -> 111900.19 | F33: 47 | G33: 5145861 | H33: =G33/F33 -> 109486.4 | L33: 1 | M33: 225348 | N33: =M33/L33 -> 225348
B34: II | C34: =F34+I34+L34 -> 48 | D34: =G34+J34+M34 -> 4961661 | E34: =D34/C34 -> 103367.94 | F34: 47 | G34: 4755661 | H34: =G34/F34 -> 101184.28 | L34: 1 | M34: 206000 | N34: =M34/L34 -> 206000
B35: III | C35: =F35+I35+L35 -> 49 | D35: =G35+J35+M35 -> 4986190 | E35: =D35/C35 -> 101758.98 | F35: 47 | G35: 4685661 | H35: =G35/F35 -> 99694.915 | I35: 1 | J35: 94529 | K35: =J35/I35 -> 94529 | L35: 1 | M35: 206000 | N35: =M35/L35 -> 206000
B36: IV | C36: =F36+I36+L36 -> 49 | D36: =G36+J36+M36 -> 5195124 | E36: =D36/C36 -> 106022.94 | F36: 47 | G36: 4880434 | H36: =G36/F36 -> 103839.02 | I36: 1 | J36: 98690 | K36: =J36/I36 -> 98690 | L36: 1 | M36: 216000 | N36: =M36/L36 -> 216000
B37: V | C37: =F37+I37+L37 -> 49 | D37: =G37+J37+M37 -> 5404060 | E37: =D37/C37 -> 110286.94 | F37: 47 | G37: 5075861 | H37: =G37/F37 -> 107997.04 | I37: 1 | J37: 102851 | K37: =J37/I37 -> 102851 | L37: 1 | M37: 225348 | N37: =M37/L37 -> 225348
B38: VI | C38: =F38+I38+L38 -> 49 | D38: =G38+J38+M38 -> 4777259 | E38: =D38/C38 -> 97495.082 | F38: 46 | G38: 4396265 | H38: =G38/F38 -> 95570.978 | I38: 2 | J38: 183994 | K38: =J38/I38 -> 91997 | L38: 1 | M38: 197000 | N38: =M38/L38 -> 197000
B39: VII | C39: =F39+I39+L39 -> 49 | D39: =G39+J39+M39 -> 5404061 | E39: =D39/C39 -> 110286.96 | F39: 46 | G39: 4969262 | H39: =G39/F39 -> 108027.43 | I39: 2 | J39: 209451 | K39: =J39/I39 -> 104725.5 | L39: 1 | M39: 225348 | N39: =M39/L39 -> 225348
B40: VIII | C40: =F40+I40+L40 -> 49 | D40: =G40+J40+M40 -> 5195125 | E40: =D40/C40 -> 106022.96 | F40: 46 | G40: 4778160 | H40: =G40/F40 -> 103873.04 | I40: 2 | J40: 200965 | K40: =J40/I40 -> 100482.5 | L40: 1 | M40: 216000 | N40: =M40/L40 -> 216000
B41: IX | C41: =F41+I41+L41 -> 49 | D41: =G41+J41+M41 -> 4986190 | E41: =D41/C41 -> 101758.98 | F41: 46 | G41: 4587710 | H41: =G41/F41 -> 99732.826 | I41: 2 | J41: 192480 | K41: =J41/I41 -> 96240 | L41: 1 | M41: 206000 | N41: =M41/L41 -> 206000
B42: X | C42: =F42+I42+L42 -> 49 | D42: =G42+J42+M42 -> 5404060 | E42: =D42/C42 -> 110286.94 | F42: 46 | G42: 4969262 | H42: =G42/F42 -> 108027.43 | I42: 2 | J42: 209450 | K42: =J42/I42 -> 104725 | L42: 1 | M42: 225348 | N42: =M42/L42 -> 225348
B43: XI | C43: =F43+I43+L43 -> 49 | D43: =G43+J43+M43 -> 4986190 | E43: =D43/C43 -> 101758.98 | F43: 46 | G43: 4587710 | H43: =G43/F43 -> 99732.826 | I43: 2 | J43: 192480 | K43: =J43/I43 -> 96240 | L43: 1 | M43: 206000 | N43: =M43/L43 -> 206000
B44: XII | C44: =F44+I44+L44 -> 49 | D44: =G44+J44+M44 -> 5225125 | E44: =D44/C44 -> 106635.2 | F44: 46 | G44: 4808160 | H44: =G44/F44 -> 104525.22 | I44: 2 | J44: 200965 | K44: =J44/I44 -> 100482.5 | L44: 1 | M44: 216000 | N44: =M44/L44 -> 216000
B45: УКУПНО | C45: =SUM(C33:C44) -> 586 | D45: =SUM(D33:D44) -> 61896254 | E45: =D45/C45 -> 105625.01 | F45: =SUM(F33:F44) -> 557 | G45: =SUM(G33:G44) -> 57640007 | H45: =G45/F45 -> 103482.96 | I45: =SUM(I35:I44) -> 17 | J45: =SUM(J35:J44) -> 1685855 | K45: =J45/I45 -> 99167.941 | L45: =SUM(L33:L44) -> 12 | M45: =SUM(M33:M44) -> 2570392 | N45: =M45/L45 -> 214199.33
B46: ПРОСЕК | C46: =C45/12 -> 48.833333 | D46: =D45/12 -> 5158021.2 | E46: =D46/C46 -> 105625.01 | F46: =F45/12 -> 46.416667 | G46: =G45/12 -> 4803333.9 | H46: =G46/F46 -> 103482.96 | I46: =I45/10 -> 1.7 | J46: =J45/10 -> 168585.5 | K46: =J46/I46 -> 99167.941 | L46: 1 | M46: =M45/12 -> 214199.33 | N46: =M46/L46 -> 214199.33
B47: *старозапослени у 2024. години су они запослени који су били у радном односу у предузећу у децембру 2023. године
B51: Планирана маса за зараде увећана за доприносе на зараде, број запослених и просечна зарада по месецима за 2024. годину - Бруто 2
N52: у динарима
B53: План по месецима 2024. | C53: УКУПНО | F53: СТАРОЗАПОСЛЕНИ* | I53: НОВОЗАПОСЛЕНИ | L53: ПОСЛОВОДСТВО
C54: Број запослених | D54: Маса зарада | E54: Просечна зарада | F54: Број запослених | G54: Маса зарада | H54: Просечна зарада | I54: Број запослених | J54: Маса зарада | K54: Просечна зарада | L54: Број запослених | M54: Маса зарада | N54: Просечна зарада
B56: I | C56: =F56+I56+L56 -> 48 | D56: =G56+J56+M56 -> 6184947.2 | E56: =D56/C56 -> 128853.07 | F56: 47 | G56: =G33*1.1515 -> 5925458.9 | H56: =G56/F56 -> 126073.59 | L56: 1 | M56: =M33*1.1515 -> 259488.22 | N56: =M56/L56 -> 259488.22
B57: II | C57: =F57+I57+L57 -> 48 | D57: =G57+J57+M57 -> 5713352.6 | E57: =D57/C57 -> 119028.18 | F57: 47 | G57: =G34*1.1515 -> 5476143.6 | H57: =G57/F57 -> 116513.69 | L57: 1 | M57: =M34*1.1515 -> 237209 | N57: =M57/L57 -> 237209
B58: III | C58: =F58+I58+L58 -> 49 | D58: =G58+J58+M58 -> 5741597.8 | E58: =D58/C58 -> 117175.46 | F58: 47 | G58: =G35*1.1515 -> 5395538.6 | H58: =G58/F58 -> 114798.69 | I58: 1 | J58: =J35*1.1515 -> 108850.14 | K58: =J58/I58 -> 108850.14 | L58: 1 | M58: =M35*1.1515 -> 237209 | N58: =M58/L58 -> 237209
B59: IV | C59: =F59+I59+L59 -> 49 | D59: =G59+J59+M59 -> 5982185.3 | E59: =D59/C59 -> 122085.41 | F59: 47 | G59: =G36*1.1515 -> 5619819.8 | H59: =G59/F59 -> 119570.63 | I59: 1 | J59: =J36*1.1515 -> 113641.54 | K59: =J59/I59 -> 113641.54 | L59: 1 | M59: =M36*1.1515 -> 248724 | N59: =M59/L59 -> 248724
B60: V | C60: =F60+I60+L60 -> 49 | D60: =G60+J60+M60 -> 6222775.1 | E60: =D60/C60 -> 126995.41 | F60: 47 | G60: =G37*1.1515 -> 5844853.9 | H60: =G60/F60 -> 124358.59 | I60: 1 | J60: =J37*1.1515 -> 118432.93 | K60: =J60/I60 -> 118432.93 | L60: 1 | M60: =M37*1.1515 -> 259488.22 | N60: =M60/L60 -> 259488.22
B61: VI | C61: =F61+I61+L61 -> 49 | D61: =G61+J61+M61 -> 5501013.7 | E61: =D61/C61 -> 112265.59 | F61: 46 | G61: =G38*1.1515 -> 5062299.1 | H61: =G61/F61 -> 110049.98 | I61: 2 | J61: =J38*1.1515 -> 211869.09 | K61: =J61/I61 -> 105934.55 | L61: 1 | M61: =M38*1.1515 -> 226845.5 | N61: =M61/L61 -> 226845.5
B62: VII | C62: =F62+I62+L62 -> 49 | D62: =G62+J62+M62 -> 6222776.2 | E62: =D62/C62 -> 126995.43 | F62: 46 | G62: =G39*1.1515 -> 5722105.2 | H62: =G62/F62 -> 124393.59 | I62: 2 | J62: =J39*1.1515 -> 241182.83 | K62: =J62/I62 -> 120591.41 | L62: 1 | M62: =M39*1.1515 -> 259488.22 | N62: =M62/L62 -> 259488.22
B63: VIII | C63: =F63+I63+L63 -> 49 | D63: =G63+J63+M63 -> 5982186.4 | E63: =D63/C63 -> 122085.44 | F63: 46 | G63: =G40*1.1515 -> 5502051.2 | H63: =G63/F63 -> 119609.81 | I63: 2 | J63: =J40*1.1515 -> 231411.2 | K63: =J63/I63 -> 115705.6 | L63: 1 | M63: =M40*1.1515 -> 248724 | N63: =M63/L63 -> 248724
B64: IX | C64: =F64+I64+L64 -> 49 | D64: =G64+J64+M64 -> 5741597.8 | E64: =D64/C64 -> 117175.46 | F64: 46 | G64: =G41*1.1515 -> 5282748.1 | H64: =G64/F64 -> 114842.35 | I64: 2 | J64: =J41*1.1515 -> 221640.72 | K64: =J64/I64 -> 110820.36 | L64: 1 | M64: =M41*1.1515 -> 237209 | N64: =M64/L64 -> 237209
B65: X | C65: =F65+I65+L65 -> 49 | D65: =G65+J65+M65 -> 6222775.1 | E65: =D65/C65 -> 126995.41 | F65: 46 | G65: =G42*1.1515 -> 5722105.2 | H65: =G65/F65 -> 124393.59 | I65: 2 | J65: =J42*1.1515 -> 241181.67 | K65: =J65/I65 -> 120590.84 | L65: 1 | M65: =M42*1.1515 -> 259488.22 | N65: =M65/L65 -> 259488.22
B66: XI | C66: =F66+I66+L66 -> 49 | D66: =G66+J66+M66 -> 5741597.8 | E66: =D66/C66 -> 117175.46 | F66: 46 | G66: =G43*1.1515 -> 5282748.1 | H66: =G66/F66 -> 114842.35 | I66: 2 | J66: =J43*1.1515 -> 221640.72 | K66: =J66/I66 -> 110820.36 | L66: 1 | M66: =M43*1.1515 -> 237209 | N66: =M66/L66 -> 237209
B67: XII | C67: =F67+I67+L67 -> 49 | D67: =G67+J67+M67 -> 6016731.4 | E67: =D67/C67 -> 122790.44 | F67: 46 | G67: =G44*1.1515 -> 5536596.2 | H67: =G67/F67 -> 120360.79 | I67: 2 | J67: =J44*1.1515 -> 231411.2 | K67: =J67/I67 -> 115705.6 | L67: 1 | M67: =M44*1.1515 -> 248724 | N67: =M67/L67 -> 248724
B68: УКУПНО | C68: =SUM(C56:C67) -> 586 | D68: =SUM(D56:D67) -> 71273536 | E68: =D68/C68 -> 121627.2 | F68: =SUM(F56:F67) -> 557 | G68: =SUM(G56:G67) -> 66372468 | H68: =G68/F68 -> 119160.62 | I68: =SUM(I58:I67) -> 17 | J68: =SUM(J58:J67) -> 1941262 | K68: =J68/I68 -> 114191.88 | L68: =SUM(L56:L67) -> 12 | M68: =SUM(M56:M67) -> 2959806.4 | N68: =M68/L68 -> 246650.53
B69: ПРОСЕК | C69: =C68/12 -> 48.833333 | D69: =D68/12 -> 5939461.4 | E69: =D69/C69 -> 121627.2 | F69: =F68/12 -> 46.416667 | G69: =G68/12 -> 5531039 | H69: =G69/F69 -> 119160.62 | I69: =I68/10 -> 1.7 | J69: =J68/10 -> 194126.2 | K69: =J69/I69 -> 114191.88 | L69: 1 | M69: =M68/12 -> 246650.53 | N69: =M69/L69 -> 246650.53
B70: *старозапослени у 2024. години су они запослени који су били у радном односу у предузећу у децембру 2023. године

Sheet Sheet19
F1: Прилог 11a
A3: Распон исплаћених и планираних зарада
F4: у динарима
C5: Исплаћена у 2023. години | E5: Планирана у 2024. години
C6: Бруто 1 | D6: Нето | E6: Бруто 1 | F6: Нето
A7: Запослени без пословодства | B7: Најнижа зарада | C7: 70117 | D7: 51323 | E7: 79374 | F7: 58141
B8: Највиша зарада | C8: 147671 | D8: 105688 | E8: 164081 | F8: 117521
A9: Пословодство | B9: Најнижа зарада | C9: 169503 | D9: 120993 | E9: 197000 | F9: 140597
B10: Највиша зарада | C10: 235269 | D10: 167094 | E10: 225348 | F10: 160469

Sheet Sheet20
M2: Прилог 11б
A5: Исплаћена маса за зараде, број запослених и просечна зарада по месецима од 01.01.2024. до ___________ 2024. године - Бруто 1
M7: у динарима
A8: Реализација по месецима 2024. | B8: УКУПНО | E8: СТАРОЗАПОСЛЕНИ* | H8: НОВОЗАПОСЛЕНИ | K8: ПОСЛОВОДСТВО
B9: Број запослених | C9: Маса зарада | D9: Просечна зарада | E9: Број запослених | F9: Маса зарада | G9: Просечна зарада | H9: Број запослених | I9: Маса зарада | J9: Просечна зарада | K9: Број запослених | L9: Маса зарада | M9: Просечна зарада
A11: I
A12: II
A13: III
A14: IV
A15: V
A16: VI
A17: VII
A18: VIII
A19: IX
A20: X
A21: XI
A22: XII
... A29: Исплаћена маса за зараде увећана за доприносе на зараде, број запослених и просечна зарада по месецима од 01.01.2024. до _________ 2024. године - Бруто 2
M31: у динарима
A32: Реализација по месецима 2024. | B32: УКУПНО | E32: СТАРОЗАПОСЛЕНИ* | H32: НОВОЗАПОСЛЕНИ | K32: ПОСЛОВОДСТВО
B33: Број запослених | C33: Маса зарада | D33: Просечна зарада | E33: Број запослених | F33: Маса зарада | G33: Просечна зарада | H33: Број запослених | I33: Маса зарада | J33: Просечна зарада | K33: Број запослених | L33: Маса зарада | M33: Просечна зарада
A35: I
A36: II
A37: III
A38: IV
A39: V
A40: VI
A41: VII
A42: VIII
A43: IX
A44: X
A45: XI
A46: XII
... A49: *старозапослени у 2024. години су они запослени који су били у радном односу у предузећу у децембру 2023. године

Sheet Sheet21
I1: Прилог 12.
A2: Накнаде Надзорног одбора / Скупштине у нето износу
I3: у динарима
A4: Месец | B4: Надзорни одбор / Скупштина реализација 2023. година | F4: Надзорни одбор / Скупштина план 2024. година
B5: Укупан износ | C5: Накнада председника | D5: Накнада члана | E5: Број чланова | F5: Укупан износ | G5: Накнада председника | H5: Накнада члана | I5: Број чланова
B6: 1+(2*3) | C6: 1 | D6: 2 | E6: 3 | F6: 1+(2*3) | G6: 1 | H6: 2 | I6: 3
A7: I | B7: =C7+(D7*E7) -> 9000 | C7: 5000 | D7: 4000 | E7: 1 | F7: =G7+(H7*I7) -> 13000 | G7: 5000 | H7: 4000 | I7: 2
A8: II | B8: =C8+(D8*E8) -> 0 | F8: =G8+(H8*I8) -> 13000 | G8: 5000 | H8: 4000 | I8: 2
A9: III | B9: =C9+(D9*E9) -> 13000 | C9: 5000 | D9: 4000 | E9: 2 | F9: =G9+(H9*I9) -> 13000 | G9: 5000 | H9: 4000 | I9: 2
A10: IV | B10: =C10+(D10*E10) -> 13000 | C10: 5000 | D10: 4000 | E10: 2 | F10: =G10+(H10*I10) -> 13000 | G10: 5000 | H10: 4000 | I10: 2
A11: V | B11: =C11+(D11*E11) -> 0 | F11: =G11+(H11*I11) -> 13000 | G11: 5000 | H11: 4000 | I11: 2
A12: VI | B12: =C12+(D12*E12) -> 13000 | C12: 5000 | D12: 4000 | E12: 2 | F12: =G12+(H12*I12) -> 13000 | G12: 5000 | H12: 4000 | I12: 2
A13: VII | B13: =C13+(D13*E13) -> 13000 | C13: 5000 | D13: 4000 | E13: 2 | F13: =G13+(H13*I13) -> 13000 | G13: 5000 | H13: 4000 | I13: 2
A14: VIII | B14: =C14+(D14*E14) -> 0 | F14: =G14+(H14*I14) -> 13000 | G14: 5000 | H14: 4000 | I14: 2
A15: IX | B15: =C15+(D15*E15) -> 13000 | C15: 5000 | D15: 4000 | E15: 2 | F15: =G15+(H15*I15) -> 13000 | G15: 5000 | H15: 4000 | I15: 2
A16: X | B16: =C16+(D16*E16) -> 9000 | C16: 5000 | D16: 4000 | E16: 1 | F16: =G16+(H16*I16) -> 13000 | G16: 5000 | H16: 4000 | I16: 2
A17: XI | B17: =C17+(D17*E17) -> 13000 | C17: 5000 | D17: 4000 | E17: 2 | F17: =G17+(H17*I17) -> 13000 | G17: 5000 | H17: 4000 | I17: 2
A18: XII | B18: =C18+(D18*E18) -> 13000 | C18: 5000 | D18: 4000 | E18: 2 | F18: =G18+(H18*I18) -> 13000 | G18: 5000 | H18: 4000 | I18: 2
A19: УКУПНО | B19: =SUM(B7:B18) -> 109000 | C19: =SUM(C7:C18) -> 45000 | D19: =SUM(D7:D18) -> 36000 | E19: 2 | F19: =SUM(F7:F18) -> 156000 | G19: 55000 | H19: 88000
A20: ПРОСЕК | B20: =B19/9 -> 12111.111 | C20: 5000 | D20: 4000 | F20: 13000 | G20: 5000 | H20: 4000
A24: Накнаде Надзорног одбора / Скупштине у бруто износу
I25: у динарима
A26: Месец | B26: Надзорни одбор / Скупштина реализација 2023. година | F26: Надзорни одбор / Скупштина план 2024. година
B27: Укупан износ | C27: Накнада председника | D27: Накнада члана | E27: Број чланова | F27: Укупан износ | G27: Накнада председника | H27: Накнада члана | I27: Број чланова
B28: 1+(2*3) | C28: 1 | D28: 2 | E28: 3 | F28: 1+(2*3) | G28: 1 | H28: 2 | I28: 3
A29: I | B29: =C29+(D29*E29) -> 13888.89 | C29: 7716.05 | D29: 6172.84 | E29: 1 | F29: =G29+(H29*I29) -> 20061.73 | G29: 7716.05 | H29: 6172.84 | I29: 2
A30: II | B30: =C30+(D30*E30) -> 0 | F30: =G30+(H30*I30) -> 20061.73 | G30: 7716.05 | H30: 6172.84 | I30: 2
A31: III | B31: =C31+(D31*E31) -> 20061.65 | C31: 7716.05 | D31: 6172.8 | E31: 2 | F31: =G31+(H31*I31) -> 20061.73 | G31: 7716.05 | H31: 6172.84 | I31: 2
A32: IV | B32: =C32+(D32*E32) -> 20061.65 | C32: 7716.05 | D32: 6172.8 | E32: 2 | F32: =G32+(H32*I32) -> 20061.73 | G32: 7716.05 | H32: 6172.84 | I32: 2
A33: V | B33: =C33+(D33*E33) -> 0 | F33: =G33+(H33*I33) -> 20061.73 | G33: 7716.05 | H33: 6172.84 | I33: 2
A34: VI | B34: =C34+(D34*E34) -> 20061.65 | C34: 7716.05 | D34: 6172.8 | E34: 2 | F34: =G34+(H34*I34) -> 20061.73 | G34: 7716.05 | H34: 6172.84 | I34: 2
A35: VII | B35: =C35+(D35*E35) -> 20061.65 | C35: 7716.05 | D35: 6172.8 | E35: 2 | F35: =G35+(H35*I35) -> 20061.73 | G35: 7716.05 | H35: 6172.84 | I35: 2
A36: VIII | B36: =C36+(D36*E36) -> 0 | F36: =G36+(H36*I36) -> 20061.73 | G36: 7716.05 | H36: 6172.84 | I36: 2
A37: IX | B37: =C37+(D37*E37) -> 20061.65 | C37: 7716.05 | D37: 6172.8 | E37: 2 | F37: =G37+(H37*I37) -> 20061.73 | G37: 7716.05 | H37: 6172.84 | I37: 2
A38: X | B38: =C38+(D38*E38) -> 13888.85 | C38: 7716.05 | D38: 6172.8 | E38: 1 | F38: =G38+(H38*I38) -> 20061.73 | G38: 7716.05 | H38: 6172.84 | I38: 2
A39: XI | B39: =C39+(D39*E39) -> 20061.65 | C39: 7716.05 | D39: 6172.8 | E39: 2 | F39: =G39+(H39*I39) -> 20061.73 | G39: 7716.05 | H39: 6172.84 | I39: 2
A40: XII | B40: =C40+(D40*E40) -> 20061.65 | C40: 7716.05 | D40: 6172.8 | E40: 2 | F40: =G40+(H40*I40) -> 20061.73 | G40: 7716.05 | H40: 6172.84 | I40: 2
A41: УКУПНО | B41: =SUM(B29:B40) -> 168209.29 | C41: =SUM(C29:C40) -> 69444.45 | D41: =SUM(D29:D40) -> 55555.24 | F41: =SUM(F29:F40) -> 240740.76 | G41: =SUM(G29:G40) -> 92592.6 | H41: =SUM(H29:H40) -> 74074.08
A42: ПРОСЕК | B42: =B41/9 -> 18689.921 | C42: 7813 | D42: 6172.8 | F42: 20440 | G42: 7716.05 | H42: 6172.84

Sheet Sheet22
I1: Прилог 13.
A2: Накнаде Комисије за ревизију у нето износу
I3: у динарима
A4: Месец | B4: Комисија за ревизију реализација 2023. година | F4: Комисија за ревизију план 2024. година
B5: Укупан износ | C5: Накнада председника | D5: Накнада члана | E5: Број чланова | F5: Укупан износ | G5: Накнада председника | H5: Накнада члана | I5: Број чланова
B6: 1+(2*3) | C6: 1 | D6: 2 | E6: 3 | F6: 1+(2*3) | G6: 1 | H6: 2 | I6: 3
A7: I | B7: =C7+(D7*E7) -> 0 | F7: =G7+(H7*I7) -> 0
A8: II | B8: =C8+(D8*E8) -> 0 | F8: =G8+(H8*I8) -> 0
A9: III | B9: =C9+(D9*E9) -> 0 | F9: =G9+(H9*I9) -> 0
A10: IV | B10: =C10+(D10*E10) -> 0 | F10: =G10+(H10*I10) -> 0
A11: V | B11: =C11+(D11*E11) -> 0 | F11: =G11+(H11*I11) -> 0
A12: VI | B12: =C12+(D12*E12) -> 0 | F12: =G12+(H12*I12) -> 0
A13: VII | B13: =C13+(D13*E13) -> 0 | F13: =G13+(H13*I13) -> 0
A14: VIII | B14: =C14+(D14*E14) -> 0 | F14: =G14+(H14*I14) -> 0
A15: IX | B15: =C15+(D15*E15) -> 0 | F15: =G15+(H15*I15) -> 0
A16: X | B16: =C16+(D16*E16) -> 0 | F16: =G16+(H16*I16) -> 0
A17: XI | B17: =C17+(D17*E17) -> 0 | F17: =G17+(H17*I17) -> 0
A18: XII | B18: =C18+(D18*E18) -> 0 | F18: =G18+(H18*I18) -> 0
A19: УКУПНО | B19: =SUM(B7:B18) -> 0 | F19: =SUM(F7:F18) -> 0
A20: ПРОСЕК
A24: Накнаде Комисије за ревизију у бруто износу
I25: у динарима
A26: Месец | B26: Комисија за ревизију реализација 2023. година | F26: Комисија за ревизију план 2024. година
B27: Укупан износ | C27: Накнада председника | D27: Накнада члана | E27: Број чланова | F27: Укупан износ | G27: Накнада председника | H27: Накнада члана | I27: Број чланова
B28: 1+(2*3) | C28: 1 | D28: 2 | E28: 3 | F28: 1+(2*3) | G28: 1 | H28: 2 | I28: 3
A29: I | B29: =C29+(D29*E29) -> 0 | F29: =G29+(H29*I29) -> 0
A30: II | B30: =C30+(D30*E30) -> 0 | F30: =G30+(H30*I30) -> 0
A31: III | B31: =C31+(D31*E31) -> 0 | F31: =G31+(H31*I31) -> 0
A32: IV | B32: =C32+(D32*E32) -> 0 | F32: =G32+(H32*I32) -> 0
A33: V | B33: =C33+(D33*E33) -> 0 | F33: =G33+(H33*I33) -> 0
A34: VI | B34: =C34+(D34*E34) -> 0 | F34: =G34+(H34*I34) -> 0
A35: VII | B35: =C35+(D35*E35) -> 0 | F35: =G35+(H35*I35) -> 0
A36: VIII | B36: =C36+(D36*E36) -> 0 | F36: =G36+(H36*I36) -> 0
A37: IX | B37: =C37+(D37*E37) -> 0 | F37: =G37+(H37*I37) -> 0
A38: X | B38: =C38+(D38*E38) -> 0 | F38: =G38+(H38*I38) -> 0
A39: XI | B39: =C39+(D39*E39) -> 0 | F39: =G39+(H39*I39) -> 0
A40: XII | B40: =C40+(D40*E40) -> 0 | F40: =G40+(H40*I40) -> 0
A41: УКУПНО | B41: =SUM(B29:B40) -> 0 | F41: =SUM(F29:F40) -> 0
A42: ПРОСЕК

Sheet Sheet23
P2: Прилог 14.
A5: КРЕДИТНА ЗАДУЖЕНОСТ
A7: Кредитор | B7: Назив кредита / Пројекта | C7: Оригинална валута | D7: Гаранција државе | E7: Стање кредитне задужености у оригиналној валути на дан 31.12.2023. године | F7: Стање кредитне задужености у динарима на дан 31.12.2023. године | G7: Година повлачења кредита | H7: Рок отплате без периода почека | I7: Период почека (Grace period) | J7: Датум прве отплате | K7: Каматна стопа | L7: Број отплата током једне године | M7: План плаћања по кредиту за 2024. годину у динарима | O7: Стање кредитне задужености у оригиналној валути на дан 31.12.2024. године | P7: Стање кредитне задужености у динарима на дан 31.12.2024. године
D8: Да/Не | M8: Укупно главница | N8: Укупно камата
A9: Домаћи кредитор
A10: ...................
A11: ...................
A12: ...................
A13: ...................
A14: ...................
A15: Страни кредитор
A16: ...................
A17: ...................
A18: ...................
A19: ...................
A20: ...................
... A23: од чега за капиталне пројекте

Sheet Sheet24
H1: Прилог 15.
B3: ПЛАНИРАНА ФИНАНСИЈСКА СРЕДСТВА ЗА НАБАВКУ ДОБАРА, РАДОВА И УСЛУГА
H5: у динарима
B6: Редни број | C6: ПОЗИЦИЈА | D6: Реализација (процена) у 2023. години | E6: План 01.01-31.03.2024. | F6: План 01.01-30.06.2024. | G6: План 01.01-30.09.2024. | H6: План 01.01-31.12.2024.
E7: План 01.01-31.03.2020. | F7: План 01.01-30.06.2020. | G7: План 01.01-30.09.2020. | H7: План 01.01-31.12.2020.
C8: Добра
B9: 1 | C9: Природни гас за даљу продају | D9: 62747012 | H9: 83358762
B10: =B9+1 -> 2 | C10: Водоводни и канализациони материјал | D10: 3353000 | H10: 3500000
B11: =B10+1 -> 3 | C11: Грађевински и молерско фарбарски материјал | D11: 1245000 | H11: 2200000
B12: =B11+1 -> 4 | C12: Натријум хипохлорит | D12: 550000 | H12: 800000
B13: =B12+1 -> 5 | C13: Браварски материјал | D13: 530000 | H13: 900000
B14: =B13+1 -> 6 | C14: Водомери | D14: 106090 | H14: 500000
B15: =B14+1 -> 7 | C15: Материјал за гасну инсталацију | D15: 380000 | H15: 450000
B16: =B15+1 -> 8 | C16: Материјал за зеленило | D16: 190000 | H16: 150000
B17: =B16+1 -> 9 | C17: Адаптери за водомере | D17: 157000 | H17: 650000
B18: =B17+1 -> 10 | C18: Мерно регулациони сетови за гас | D18: 986065 | H18: 2000000
B19: =B18+1 -> 11 | C19: Резервни делови за путничка и теретна возила и радне машине | D19: 1880000 | H19: 800000
B20: =B19+1 -> 12 | C20: Ситан алат и инвентар | D20: 400000 | H20: 600000
B21: =B20+1 -> 13 | C21: ХТЗ опрема | D21: 610000 | H21: 700000
... B25: =B24+1 -> 17 | C25: Мазиво | D25: 601000 | H25: 550000
B26: =B25+1 -> 18 | C26: Пумпе за канализацију | H26: 900000
B27: =B26+1 -> 19 | C27: Фреквентни регулатор за водоводну пумпу у Новом Кнежевцу | D27: 514503 | H27: 990000
B28: =B27+1 -> 20 | C28: Надзорни систем бунара у Новом Кнежевцу | D28: 797500 | H28: 1200000
B29: =B28+1 -> 21 | C29: Електрична енергија | D29: 8000000 | H29: 8200000
B30: =B29+1 -> 22 | C30: Доградња фекалног возила | H30: 5000000
B31: =B30+1 -> 23 | C31: Цвеће | D31: 67919 | H31: 200000
B32: =B31+1 -> 24 | C32: Дуваљка за лишће | H32: 50000
B33: =B32+1 -> 25 | C33: Тримери и моторне тестере | D33: 133165 | H33: 410000
B34: =B33+1 -> 26 | C34: Половни путнички комби (9 седишта) | D34: 0 | H34: 1200000
C35: Укупно добра: | D35: =SUM(D9:D34) -> 90133254 | H35: =SUM(H9:H34) -> 122098762
C36: Услуге
B37: 1 | C37: Птт услуге | D37: 120000 | H37: 120000
B38: =B37+1 -> 2 | C38: Интернет | D38: 19500 | H38: 30000
B39: =B38+1 -> 3 | C39: Заштита и безбедност на раду | D39: 209000 | H39: 210000
B40: =B39+1 -> 4 | C40: Телефонске услуге | D40: 345000 | H40: 492000
B41: =B40+1 -> 5 | C41: Чишћење објеката канализације каналџетом | D41: 655935 | H41: 900000
B42: =B41+1 -> 6 | C42: Сервисирање водомера | D42: 426010 | H42: 500000
B43: =B42+1 -> 7 | C43: Сервис пумпи за водовод и канализацију | D43: 805723.81 | H43: 1700000
B44: =B43+1 -> 8 | C44: Услуге електричара | D44: 435000 | H44: 600000
B45: =B44+1 -> 9 | C45: Поправка тримера, тестера и телескопа | D45: 30415 | H45: 350000
B46: =B45+1 -> 10 | C46: Сервисирање гасомера | D46: 290000 | H46: 500000
B47: =B46+1 -> 11 | C47: Текуће одржавање механизације и сервис водомера | D47: 700000 | H47: 600000
B48: =B47+1 -> 12 | C48: Вулканизерске услуге | D48: 90500 | H48: 100000
B49: =B48+1 -> 13 | C49: Електросервис возила | D49: 104500 | H49: 100000
... B63: =B62+1 -> 27 | C63: Одржавање софтвера | D63: 452000 | H63: 460000
B64: =B63+1 -> 28 | C64: Израда елабората о зонама санитарне заштите на извориштима воде за насељена места | H64: 200000
B65: =B64+1 -> 29 | C65: Услуге на телекомуникационом надзору и визуелизацији објеката водоснабдевања | D65: 764400 | H65: 800000
B66: =B65+1 -> 30 | C66: Одржавање система телеметрије за гасна мерила са мехом | D66: 53000 | H66: 72000
B67: =B66+1 -> 31 | C67: Одржавање домена маила | D67: 9000 | H67: 15000
B68: =B67+1 -> 32 | C68: Услуге видео надзора и праћење возила ГПРС | D68: 110880 | H68: 226080
B69: =B68+1 -> 33 | C69: Претплата на стручне часописе | D69: 198000 | H69: 240000
B70: =B69+1 -> 34 | C70: Реклама и пропаганда | D70: 95000 | H70: 100000
B71: =B70+1 -> 35 | C71: Оглашавање путем радиа, новина | D71: 14535 | H71: 20000
B72: =B71+1 -> 36 | C72: Технички преглед и регистрација возила | D72: 157000 | H72: 200000
B73: =B72+1 -> 37 | C73: Стручно образовање запослених | D73: 119000 | H73: 80000
B74: =B73+1 -> 38 | C74: Храна и пиће | D74: 300000 | H74: 300000
B75: 39 | C75: Производне услуге-ангажовање подизвођача | D75: 130000 | H75: 500000
B76: 40 | C76: Осигурање имовине лица и возила | D76: 613000 | H76: 620000
C77: Укупно услуге: | D77: =SUM(D37:D76) -> 10844120 | H77: =SUM(H37:H76) -> 14618080
C78: Радови
C80: Укупно радови: | D80: =D79 -> 0 | H80: =H79 -> 0
B81: УКУПНО = ДОБРА + УСЛУГЕ+РАДОВИ | D81: =D35+D77 -> 1.0097737e+08 | H81: =H35+H77 -> 136716842

Sheet Sheet25
O1: Прилог 16.
B3: ПЛАН ИНВЕСТИЦИЈА
O5: у 000 динара
B6: Редни број | C6: Назив инвестиције | D6: Година почетка финансирања пројекта | E6: Година завршетка финансирања пројекта | F6: Укупна вредност пројекта | G6: Реализовано закључно са 31.12.2023. године | H6: Структура финансирања | I6: Износ према извору финансирања | J6: План 2023. година | N6: План 2025. година | O6: План 2026. година
J7: План 01.01-31.03.2024. | K7: План 01.01-30.06.2024. | L7: План 01.01-30.09.2024. | M7: План 01.01-31.12.2024.
B8: 1 | H8: Сопствена средства
H9: Позајмљена средства
H10: Средства буџета (по контима)
H11: Остало
H12: Укупно:
B13: 2 | H13: Сопствена средства
H14: Позајмљена средства
H15: Средства буџета (по контима)
H16: Остало
H17: Укупно:
B18: 3 | H18: Сопствена средства
H19: Позајмљена средства
H20: Средства буџета (по контима)
H21: Остало
H22: Укупно:
B23: 4 | H23: Сопствена средства
H24: Позајмљена средства
H25: Средства буџета (по контима)
H26: Остало
H27: Укупно:
B28: 5 | H28: Сопствена средства
H29: Позајмљена средства
H30: Средства буџета (по контима)
H31: Остало
H32: Укупно:
B33: Укупно инвестиције

Sheet Sheet26
I1: Прилог 17.
B3: СРЕДСТВА ЗА ПОСЕБНЕ НАМЕНЕ
I5: у динарима
B6: Редни број | C6: Позиција | D6: План | E6: Реализација (процена) | F6: План 01.01-31.03.2024. | G6: План 01.01-30.06.2024. | H6: План 01.01-30.09.2024. | I6: План 01.01-31.12.2024.
D7: 2023. година | E7: 2023. година
B8: 1. | C8: Спонзорство
B9: 2. | C9: Донације
B10: 3. | C10: Хуманитарне активности
B11: 4. | C11: Спортске активности
B12: 5. | C12: Репрезентација | D12: 300000 | E12: 300000 | F12: 100000 | G12: 200000 | H12: 250000 | I12: 300000
B13: 6. | C13: Реклама и пропаганда | D13: 100000 | E13: 100000 | I13: 100000
B14: 7. | C14: Остало
